Workbook

Sheet Общий прайс
C1: ОБЩИЙ КАТАЛОГ ЦЕН | D1: RINOX | E1: Размер скидки | F1: 0.4 | K1: Навигация по каталогу цен
D2: Холодное литье | F2: 0.4
D3: Горячее литье | F3: 0.4
D4: Смесители и дозаторы | F4: 0.4
D5: Аксессуары | F5: 0.4 | K5: Описание | L5: Ссылки
A6: Код товара | B6: Артикул | C6: Rivelato мойки, дозаторы, аксессуары | D6: Материал | E6: РРЦ ( ₽ ) с НДС | F6: Цена закупки ₽ с НДС | H6: РРЦ ₽ с НДС по АКЦИИ до 31.10.2026 | I6: Закуп с НДС в ₽ по Акции до 31.10.2026 | L6: Гранит | M6: Нерж. Сталь
A7: Мойки RINOX нерж. Сталь | K7: Смесители | L7: Смесители
A8: 18615 | B8: 3844 UN PVD black | C8: Rivelato RINOX 3844 UN PVD black Мойка нерж.сталь подстольный монтаж 1 чаша 380*440*200 мм арт.3844 UN PVD black | D8: SUS 304 нерж. сталь | E8: 24990 | F8: =E8*(1-$F$1) -> 14994 | K8: Дозаторы | L8: Дозаторы
A9: 18614 | B9: 3844 UN | C9: Rivelato RINOX 3844 UN Мойка нерж.сталь подстольный монтаж 1 чаша 380*440*200 мм арт.3844 UN | D9: SUS 304 нерж. сталь | E9: 19990 | F9: =E9*(1-$F$1) -> 11994 | K9: Аксессуары | L9: Аксессуары
A10: 18622 | B10: 3850 PVD black | C10: Rivelato RINOX 3850 PVD black Мойка нерж.сталь 1 чаша 380*500*200 мм арт.3850 PVD black | D10: SUS 304 нерж. сталь | E10: 43280 | F10: =E10*(1-$F$1) -> 25968 | K10: База 400 mm | L10: 400 | M10: 400
A11: 18621 | B11: 3850 | C11: Rivelato RINOX 3850 Мойка нерж.сталь 1 чаша 380*500*200 мм арт.3850 | D11: SUS 304 нерж. сталь | E11: 33850 | F11: =E11*(1-$F$1) -> 20310 | K11: База 450 mm | L11: 450 | M11: 450
A12: 18618 | B12: 4444 UN PVD black | C12: Rivelato RINOX 4444 UN PVD black Мойка нерж.стал подстольный монтаж 1 чаша 440*440*200 мм арт.4444 UN PVD black | D12: SUS 304 нерж. сталь | E12: 40140 | F12: =E12*(1-$F$1) -> 24084 | K12: База 500 mm | L12: 500 | M12: 500
A13: 18617 | B13: 4444 UN | C13: Rivelato RINOX 4444 UN Мойка нерж.сталь 1 чаша 440*440*200 мм арт.4444 UN | D13: SUS 304 нерж. сталь | E13: 30700 | F13: =E13*(1-$F$1) -> 18420 | K13: База 600 mm | L13: 600 | M13: 600
A14: 18623 | B14: 4450 PVD black | C14: Rivelato RINOX 4450 PVD black Мойка нерж.сталь 1 чаша 440*500*200 мм арт.4450 PVD black | D14: SUS 304 нерж. сталь | E14: 45560 | F14: =E14*(1-$F$1) -> 27336 | K14: База 800 mm | L14: 800 | M14: 800
A15: 18634 | B15: 4450 | C15: Rivelato RINOX 4450 Мойка нерж.сталь 1 чаша 440*500*200 мм арт.4450 | D15: SUS 304 нерж. сталь | E15: 35420 | F15: =E15*(1-$F$1) -> 21252 | K15: База 900 mm | L15: 900 | M15: 900
A16: 18620 | B16: 5444 UN PVD black | C16: Rivelato RINOX 5444 UN PVD black Мойка нерж.сталь 1 чаша 540*440*200 мм арт.5444 UN PVD black | D16: SUS 304 нерж. сталь | E16: 43280 | F16: =E16*(1-$F$1) -> 25968 | K16: Общий прайс | L16: Общий прайс
A17: 18619 | B17: 5444 UN | C17: Rivelato RINOX 5444 UN Мойка нерж.сталь 1 чаша 540*440*200 мм арт.5444 UN | D17: SUS 304 нерж. сталь | E17: 33000 | F17: =E17*(1-$F$1) -> 19800 | K17: Содержание
A18: 18636 | B18: 5450 PVD black | C18: Rivelato RINOX 5450 PVD black Мойка нерж.сталь 1 чаша 540*500*200 мм арт.5450 PVD black | D18: SUS 304 нерж. сталь | E18: 50270 | F18: =E18*(1-$F$1) -> 30162
A19: 18635 | B19: 5450 | C19: Rivelato RINOX 5450 Мойка нерж.сталь 1 чаша 540*500*200 мм арт.5450 | D19: SUS 304 нерж. сталь | E19: 38560 | F19: =E19*(1-$F$1) -> 23136
A20: 18616 | B20: 7444 U2 | C20: Rivelato RINOX 7444 U2 Мойка нерж.сталь 2 чаши 740*440*200 мм арт.7444 U2 | D20: SUS 304 нерж. сталь | E20: 25990 | F20: =E20*(1-$F$1) -> 15594
A21: 18625 | B21: 7450 2В PVD black | C21: Rivelato RINOX 7450 2В PVD black Мойка нерж.сталь 2 чаши 740*500*200 мм арт.7450 2В PVD black | D21: SUS 304 нерж. сталь | E21: 71560 | F21: =E21*(1-$F$1) -> 42936
A22: 18624 | B22: 7450 2В | C22: Rivelato RINOX 7450 2В Мойка нерж.сталь 2 чаши 740*500*200 мм арт.7450 2В | D22: SUS 304 нерж. сталь | E22: 57410 | F22: =E22*(1-$F$1) -> 34446
A23: 18628 | B23: 8044 UN | C23: Rivelato RINOX 8044 UN Мойка нерж.сталь 1 чаши 800*440*200 в комплекте (доска, коландер, рол мат) арт.8044 UN | D23: SUS 304 нерж. сталь | E23: 83260 | F23: =E23*(1-$F$1) -> 49956
A24: 18627 | B24: 8050 B2 PVD black | C24: Rivelato RINOX 8050 B2 PVD black Мойка нерж.сталь 2 чаши 800*500*200 мм арт.8050 B2 PVD black | D24: SUS 304 нерж. сталь | E24: 73120 | F24: =E24*(1-$F$1) -> 43872
A25: 18626 | B25: 8050 B2 | C25: Rivelato RINOX 8050 B2 Мойка нерж.сталь 2 чаши 800*500*200 мм арт.8050 B2 | D25: SUS 304 нерж. сталь | E25: 59700 | F25: =E25*(1-$F$1) -> 35820
A26: 18629 | B26: 8050 | C26: Rivelato RINOX 8050 Мойка нерж.сталь 1 чаши 800*500*200 мм в комплекте (доска, коландер, рол мат) арт.8050 | D26: SUS 304 нерж. сталь | E26: 94250 | F26: =E26*(1-$F$1) -> 56550
A27: Мойки холодное литье
A28: 19703 | B28: SL-353 grigio metallizza | C28: RIVELATO Мойка SCALINO SL-353 1-чаш 445*400 grigio metallizzato | D28: Terigranit | E28: 11990 | F28: =E28*(1-$F$2) -> 7194
A29: 19657 | B29: SL-353 antracite | C29: RIVELATO Мойка SCALINO SL-353 1-чаш 445*400 antracite | D29: Terigranit | E29: 11990 | F29: =E29*(1-$F$2) -> 7194
A30: 19658 | B30: SL-353 beige scuro | C30: RIVELATO Мойка SCALINO SL-353 1-чаш 445*400 beige scuro | D30: Terigranit | E30: 11990 | F30: =E30*(1-$F$2) -> 7194
A31: 19659 | B31: SL-353 brina | C31: RIVELATO Мойка SCALINO SL-353 1-чаш 445*400 brina | D31: Terigranit | E31: 11990 | F31: =E31*(1-$F$2) -> 7194
D32: Terigranit | E32: 11990 | F32: =E32*(1-$F$2) -> 7194
D33: Terigranit | E33: 11990 | F33: =E33*(1-$F$2) -> 7194
A34: 19662 | B34: SL-403-L antracite | C34: RIVELATO Мойка SCALINO SL-403-L 1-чаш 445*450 antracite | D34: Terigranit | E34: 14990 | F34: =E34*(1-$F$2) -> 8994
A35: 19663 | B35: SL-403-L beige scuro | C35: RIVELATO Мойка SCALINO SL-403-L 1-чаш 445*450 beige scuro | D35: Terigranit | E35: 14990 | F35: =E35*(1-$F$2) -> 8994
A36: 19664 | B36: SL-403-L brina | C36: RIVELATO Мойка SCALINO SL-403-L 1-чаш 445*450 brina | D36: Terigranit | E36: 14990 | F36: =E36*(1-$F$2) -> 8994
A37: 19665 | B37: SL-403-L grigio metallizz | C37: RIVELATO Мойка SCALINO SL-403-L 1-чаш 445*450 grigio metallizzato | D37: Terigranit | E37: 14990 | F37: =E37*(1-$F$2) -> 8994
D38: Terigranit | E38: 14990 | F38: =E38*(1-$F$2) -> 8994
C39: 450 SCALINO SL-403-L 1-чаш 445*450 topazio | D39: Terigranit | E39: 14990 | F39: =E39*(1-$F$2) -> 8994
A40: 19668 | B40: SL-403-R antracite | C40: RIVELATO Мойка SCALINO SL-403-R 1-чаш 445*450 antracite | D40: Terigranit | E40: 14990 | F40: =E40*(1-$F$2) -> 8994
A41: 19669 | B41: SL-403-R beige scuro | C41: RIVELATO Мойка SCALINO SL-403-R 1-чаш 445*450 beige scuro | D41: Terigranit | E41: 14990 | F41: =E41*(1-$F$2) -> 8994
A42: 19670 | B42: SL-403-R brina | C42: RIVELATO Мойка SCALINO SL-403-R 1-чаш 445*450 brina | D42: Terigranit | E42: 14990 | F42: =E42*(1-$F$2) -> 8994
A43: 19671 | B43: SL-403-R grigio metallizz | C43: RIVELATO Мойка SCALINO SL-403-R 1-чаш 445*450 grigio metallizzato | D43: Terigranit | E43: 14990 | F43: =E43*(1-$F$2) -> 8994
D44: Terigranit | E44: 14990 | F44: =E44*(1-$F$2) -> 8994
D45: Terigranit | E45: 14990 | F45: =E45*(1-$F$2) -> 8994
A46: 19675 | B46: SL-453-L antracite | C46: RIVELATO Мойка SCALINO SL-453-L 1-чаш 445*500 antracite | D46: Terigranit | E46: 16990 | F46: =E46*(1-$F$2) -> 10194
A47: 19674 | B47: SL-453-L beige scuro | C47: RIVELATO Мойка SCALINO SL-453-L 1-чаш 445*500 beige scuro | D47: Terigranit | E47: 16990 | F47: =E47*(1-$F$2) -> 10194
A48: 19676 | B48: SL-453-L brina | C48: RIVELATO Мойка SCALINO SL-453-L 1-чаш 445*500 brina | D48: Terigranit | E48: 16990 | F48: =E48*(1-$F$2) -> 10194
A49: 19677 | B49: SL-453-L grigio metallizz | C49: RIVELATO Мойка SCALINO SL-453-L 1-чаш 445*500 grigio metallizzato | D49: Terigranit | E49: 16990 | F49: =E49*(1-$F$2) -> 10194
D50: Terigranit | E50: 16990 | F50: =E50*(1-$F$2) -> 10194
D51: Terigranit | E51: 16990 | F51: =E51*(1-$F$2) -> 10194
A52: 19680 | B52: SL-453-R antracite | C52: RIVELATO Мойка SCALINO SL-453-R 1-чаш 445*500 antracite | D52: Terigranit | E52: 16990 | F52: =E52*(1-$F$2) -> 10194
A53: 19681 | B53: SL-453-R beige scuro | C53: RIVELATO Мойка SCALINO SL-453-R 1-чаш 445*500 beige scuro | D53: Terigranit | E53: 16990 | F53: =E53*(1-$F$2) -> 10194
A54: 19682 | B54: SL-453-R brina | C54: RIVELATO Мойка SCALINO SL-453-R 1-чаш 445*500 brina | D54: Terigranit | E54: 16990 | F54: =E54*(1-$F$2) -> 10194
A55: 19683 | B55: SL-453-R grigio metallizz | C55: RIVELATO Мойка SCALINO SL-453-R 1-чаш 445*500 grigio metallizzato | D55: Terigranit | E55: 16990 | F55: =E55*(1-$F$2) -> 10194
D56: Terigranit | E56: 16990 | F56: =E56*(1-$F$2) -> 10194
D57: Terigranit | E57: 16990 | F57: =E57*(1-$F$2) -> 10194
A58: 19686 | B58: SL-553-L antracite | C58: RIVELATO Мойка SCALINO SL-553-L 1-чаш 445*600 antracite | D58: Terigranit | E58: 18990 | F58: =E58*(1-$F$2) -> 11394
A59: 19687 | B59: SL-553-L beige scuro | C59: RIVELATO Мойка SCALINO SL-553-L 1-чаш 445*600 beige scuro | D59: Terigranit | E59: 18990 | F59: =E59*(1-$F$2) -> 11394
A60: 19688 | B60: SL-553-L brina | C60: RIVELATO Мойка SCALINO SL-553-L 1-чаш 445*600 brina | D60: Terigranit | E60: 18990 | F60: =E60*(1-$F$2) -> 11394
A61: 19689 | B61: SL-553-L grigio metallizz | C61: RIVELATO Мойка SCALINO SL-553-L 1-чаш 445*600 grigio metallizzato | D61: Terigranit | E61: 18990 | F61: =E61*(1-$F$2) -> 11394
D62: Terigranit | E62: 18990 | F62: =E62*(1-$F$2) -> 11394
D63: Terigranit | E63: 18990 | F63: =E63*(1-$F$2) -> 11394
A64: 19692 | B64: SL-553-R antracite | C64: RIVELATO Мойка SCALINO SL-553-R 1-чаш 445*600 antracite | D64: Terigranit | E64: 18990 | F64: =E64*(1-$F$2) -> 11394
A65: 19693 | B65: SL-553-R beige scuro | C65: RIVELATO Мойка SCALINO SL-553-R 1-чаш 445*600 beige scuro | D65: Terigranit | E65: 18990 | F65: =E65*(1-$F$2) -> 11394
A66: 19694 | B66: SL-553-R brina | C66: RIVELATO Мойка SCALINO SL-553-R 1-чаш 445*600 brina | D66: Terigranit | E66: 18990 | F66: =E66*(1-$F$2) -> 11394
A67: 19695 | B67: SL-553-R grigio metallizz | C67: RIVELATO Мойка SCALINO SL-553-R 1-чаш 445*600 grigio metallizzato | D67: Terigranit | E67: 18990 | F67: =E67*(1-$F$2) -> 11394
D68: Terigranit | E68: 18990 | F68: =E68*(1-$F$2) -> 11394
D69: Terigranit | E69: 18990 | F69: =E69*(1-$F$2) -> 11394
A70: 18145 | B70: BK-25 antracite | C70: RIVELATO Мойка BERKANA 25 подст.монтаж 1-чаш 305*455 antracite арт.BK-25 antracite | D70: Terigranit | E70: 19380 | F70: =E70*(1-$F$2) -> 11628 | H70: 11628 | I70: =F70*0.6 -> 6976.8
A71: 18146 | B71: BK-25 beige scuro | C71: RIVELATO Мойка BERKANA 25 подст.монтаж 1-чаш 305*455 beige scuro арт.BK-25 beige scuro | D71: Terigranit | E71: 19380 | F71: =E71*(1-$F$2) -> 11628 | H71: 11628 | I71: =F71*0.6 -> 6976.8
A72: 18147 | B72: BK-25 brina | C72: RIVELATO Мойка BERKANA 25 подст.монтаж 1-чаш 305*455 brina арт.BK-25 brina | D72: Terigranit | E72: 19380 | F72: =E72*(1-$F$2) -> 11628 | H72: 11628 | I72: =F72*0.6 -> 6976.8
A73: 18149 | B73: BK-25 grigio metallizzato | C73: RIVELATO Мойка BERKANA 25 подст.монтаж 1-чаш 305*455 grigio metallizzato арт.BK-25 grigio metallizzato | D73: Terigranit | E73: 19380 | F73: =E73*(1-$F$2) -> 11628 | H73: 11628 | I73: =F73*0.6 -> 6976.8
A74: 18148 | B74: BK-25 nero | C74: RIVELATO Мойка BERKANA 25 подст.монтаж 1-чаш 305*455 nero арт.BK-25 nero | D74: Terigranit | E74: 19380 | F74: =E74*(1-$F$2) -> 11628 | H74: 11628 | I74: =F74*0.6 -> 6976.8
A75: 18150 | B75: BK-25 topazio | C75: RIVELATO Мойка BERKANA 25 подст.монтаж 1-чаш 305*455 topazio арт.BK-25 topazio | D75: Terigranit | E75: 19380 | F75: =E75*(1-$F$2) -> 11628 | H75: 11628 | I75: =F75*0.6 -> 6976.8
A76: 18151 | B76: BK-35 antracite | C76: RIVELATO Мойка BERKANA 35 подст.монтаж 1-чаш 415*455 antracite арт.BK-35 antracite | D76: Terigranit | E76: 20910 | F76: =E76*(1-$F$2) -> 12546 | H76: 12546 | I76: =F76*0.6 -> 7527.6
A77: 18152 | B77: BK-35 beige scuro | C77: RIVELATO Мойка BERKANA 35 подст.монтаж 1-чаш 415*455 beige scuro арт.BK-35 beige scuro | D77: Terigranit | E77: 20910 | F77: =E77*(1-$F$2) -> 12546 | H77: 12546 | I77: =F77*0.6 -> 7527.6
A78: 18153 | B78: BK-35 brina | C78: RIVELATO Мойка BERKANA 35 подст.монтаж 1-чаш 415*455 brina арт.BK-35 brina | D78: Terigranit | E78: 20910 | F78: =E78*(1-$F$2) -> 12546 | H78: 12546 | I78: =F78*0.6 -> 7527.6
A79: 18154 | B79: BK-35 grigio metallizzato | C79: RIVELATO Мойка BERKANA 35 подст.монтаж 1-чаш 415*455 grigio metallizzato арт.BK-35 grigio metallizzato | D79: Terigranit | E79: 20910 | F79: =E79*(1-$F$2) -> 12546 | H79: 12546 | I79: =F79*0.6 -> 7527.6
A80: 18155 | B80: BK-35 nero | C80: RIVELATO Мойка BERKANA 35 подст.монтаж 1-чаш 415*455 nero арт.BK-35 nero | D80: Terigranit | E80: 20910 | F80: =E80*(1-$F$2) -> 12546 | H80: 12546 | I80: =F80*0.6 -> 7527.6
A81: 18156 | B81: BK-35 topazio | C81: RIVELATO Мойка BERKANA 35 подст.монтаж 1-чаш 415*455 topazio арт.BK-35 topazio | D81: Terigranit | E81: 20910 | F81: =E81*(1-$F$2) -> 12546 | H81: 12546 | I81: =F81*0.6 -> 7527.6
... A93: 18168 | B93: BK-50 topazio | C93: RIVELATO Мойка BERKANA 50 подст.монтаж 1-чаш 560*430 topazio арт.BK-50 topazio | D93: Terigranit | E93: 25500 | F93: =E93*(1-$F$2) -> 15300 | H93: 15300 | I93: =F93*0.6 -> 9180
A94: 19205 | B94: LN-354 antracite | C94: RIVELATO Мойка LINO 354 1-чаш 350*440 antracite арт.LN-354 antracite | D94: Terigranit | E94: 14990 | F94: =E94*(1-$F$2) -> 8994
A95: 19196 | B95: LN-354 beige scuro | C95: RIVELATO Мойка LINO 354 1-чаш 350*440 beige scuro арт.LN-354 beige scuro | D95: Terigranit | E95: 14990 | F95: =E95*(1-$F$2) -> 8994
A96: 19207 | B96: LN-354 brina | C96: RIVELATO Мойка LINO 354 1-чаш 350*440 brina арт.LN-354 brina | D96: Terigranit | E96: 14990 | F96: =E96*(1-$F$2) -> 8994
A97: 19209 | B97: LN-354 grigio metallizzato | C97: RIVELATO Мойка LINO 354 1-чаш 350*440 grigio metallizzato арт.LN-354 grigio metallizzato | D97: Terigranit | E97: 14990 | F97: =E97*(1-$F$2) -> 8994
A98: 19206 | B98: LN-354 nero | C98: RIVELATO Мойка LINO 354 1-чаш 350*440 nero арт.LN-354 nero | D98: Terigranit | E98: 14990 | F98: =E98*(1-$F$2) -> 8994
A99: 19208 | B99: LN-354 topazio | C99: RIVELATO Мойка LINO 354 1-чаш 350*440 topazio арт.LN-354 topazio | D99: Terigranit | E99: 14990 | F99: =E99*(1-$F$2) -> 8994
A100: 19212 | B100: LN-454-L antracite | C100: RIVELATO Мойка LINO 454-L 1-чаш 450*440 antracite арт.LN-454-L antracite | D100: Terigranit | E100: 16990 | F100: =E100*(1-$F$2) -> 10194
A101: 19197 | B101: LN-454-L beige scuro | C101: RIVELATO Мойка LINO 454-L 1-чаш 450*440 beige scuro арт.LN-454-L beige scuro | D101: Terigranit | E101: 16990 | F101: =E101*(1-$F$2) -> 10194
A102: 19220 | B102: LN-454-L brina | C102: RIVELATO Мойка LINO 454-L 1-чаш 450*440 brina арт.LN-454-L brina | D102: Terigranit | E102: 16990 | F102: =E102*(1-$F$2) -> 10194
A103: 19210 | B103: LN-454-L grigio metallizzato | C103: RIVELATO Мойка LINO 454-L 1-чаш 450*440 grigio metallizzato арт.LN-454-L grigio metallizzato | D103: Terigranit | E103: 16990 | F103: =E103*(1-$F$2) -> 10194
A104: 19234 | B104: LN-454-L nero | C104: RIVELATO Мойка LINO 454-L 1-чаш 450*440 nero арт.LN-454-L nero | D104: Terigranit | E104: 16990 | F104: =E104*(1-$F$2) -> 10194
A105: 19242 | B105: LN-454-L topazio | C105: RIVELATO Мойка LINO 454-L 1-чаш 450*440 topazio арт.LN-454-L topazio | D105: Terigranit | E105: 16990 | F105: =E105*(1-$F$2) -> 10194
... A261: 17245 | B261: Х-90 topazio | C261: RIVELATO Мойка AXEL 90 1-чаша 870*520мм topazio арт.Х-90 topazio | D261: Terigranit | E261: 27500 | F261: =E261*(1-$F$2) -> 16500
A262: Мойки горячее литье
A263: 19145 | B263: FN-8638 Bianco latte | C263: RIVELATO Мойка FONDE 8638 1-чаш 860*510 Bianco latte арт.FN-8638 Bianco latte | D263: Granoceramic | E263: 48990 | F263: =E263*(1-$F$3) -> 29394
A264: 19333 | B264: FN-8638 Grigio puro | C264: RIVELATO Мойка FONDE 8638 1-чаш 860*510 Grigio puro арт.FN-8638 Grigio puro | D264: Granoceramic | E264: 48990 | F264: =E264*(1-$F$3) -> 29394
A265: 19334 | B265: FN-8638 Nero profondo | C265: RIVELATO Мойка FONDE 8638 1-чаш 860*510 Nero profondo арт.FN-8638 Nero profondo | D265: Granoceramic | E265: 48990 | F265: =E265*(1-$F$3) -> 29394
A266: 19149 | B266: FN-8638 Sabbia | C266: RIVELATO Мойка FONDE 8638 1-чаш 860*510 Sabbia арт.FN-8638 Sabbia | D266: Granoceramic | E266: 48990 | F266: =E266*(1-$F$3) -> 29394
...

Sheet Содержание
F2: Навигация по каталогу цен
F3: Описание | G3: Ссылки
G4: Гранит | H4: Нерж. Сталь
F5: Смесители | G5: Смесители
F6: Дозаторы | G6: Дозаторы
F7: Аксессуары | G7: Аксессуары
F8: База 400 mm | G8: 400 | H8: 400
F9: База 450 mm | G9: 450 | H9: 450
F10: База 500 mm | G10: 500 | H10: 500
F11: База 600 mm | G11: 600 | H11: 600
F12: База 800 mm | G12: 800 | H12: 800
F13: База 900 mm | G13: 900 | H13: 900
F14: Общий прайс | G14: Общий прайс
F15: Содержание

Sheet Смесители
E2: Скидка | F2: ='Общий прайс'!F4 -> 0.4
K3: Навигация по каталогу цен
A4: Изображение | B4: Модель | C4: Код товара | D4: Цвет | E4: Цена в ₽ с НДС | G4: Особенности и характеристики | K4: Описание | L4: Ссылки
E5: РРЦ | F5: Закуп | G5: Условные обозначения | I5: Общее описание характеристик | L5: Гранит | M5: Нерж. Сталь
A7: Смесители с фильтром | K7: Дозаторы | L7: Дозаторы
A8: Adria | E8: Фото в интерьере | I8: • 5 лет гарантия • Смеситель с двумя керамическими картриджами для питьевой и технической подачи воды • Фильтрованная вода подается в по выделенному каналу в индивидуальный аэратор • Гибкий излив фиксируется магнитом. Цвет излива классический черный • Рычаг технической воды имеет ограничение хода* - обеспечивает полноценное функционирование при минимальном расстоянии к стеновой панели *Данная опция только в цветах PVD black (ПВД блэк), BS нерж. Сталь брашированная (БС) • Общая высота смесителя 505 mm от нижней точки декоративной шайбы | K8: Аксессуары | L8: Аксессуары
B9: ='Общий прайс'!C342 -> Rivelato Смеситель для кухни Adria U-обр. гибкий излив с краном питьевой воды D-35мм PVD black арт.1523517 PVD black | C9: ='Общий прайс'!A342 -> 18726 | D9: PVD black | E9: ='Общий прайс'!E342 -> 28990 | F9: =E9*(1-$F$2) -> 17394 | H9: • Марка стали SUS 304 • Картридж с ограничением хода • Подключение фильтра для воды • Гибкий излив • Вращение излива на 360° | K9: База 400 mm | L9: 400 | M9: 400
B10: ='Общий прайс'!C343 -> Rivelato Смеситель для кухни Adria U-обр. гибкий излив с краном питьевой воды D-35мм antracite/cromo арт.1523517 antracite cromo | C10: ='Общий прайс'!A343 -> 18571 | D10: antracite cromo | E10: ='Общий прайс'!E343 -> 25990 | F10: =E10*(1-$F$2) -> 15594 | K10: База 450 mm | L10: 450 | M10: 450
B11: ='Общий прайс'!C344 -> Rivelato Смеситель для кухни Adria U-обр. гибкий излив с краном питьевой воды D-35мм antracite/oro арт.1523517 antracite oro | C11: ='Общий прайс'!A344 -> 17646 | D11: antracite oro | E11: ='Общий прайс'!E344 -> 25990 | F11: =E11*(1-$F$2) -> 15594 | K11: База 500 mm | L11: 500 | M11: 500
B12: ='Общий прайс'!C345 -> Rivelato Смеситель для кухни Adria U-обр. гибкий излив с краном питьевой воды D-35мм brina/cromo арт.1523517 brina cromo | C12: ='Общий прайс'!A345 -> 18572 | D12: brina cromo | E12: ='Общий прайс'!E345 -> 25990 | F12: =E12*(1-$F$2) -> 15594 | K12: База 600 mm | L12: 600 | M12: 600
B13: ='Общий прайс'!C346 -> Rivelato Смеситель для кухни Adria U-обр. гибкий излив с краном питьевой воды D-35мм brina/oro арт1523517 brina oro | C13: ='Общий прайс'!A346 -> 17647 | D13: brina oro | E13: ='Общий прайс'!E346 -> 25990 | F13: =E13*(1-$F$2) -> 15594 | K13: База 800 mm | L13: 800 | M13: 800
B14: ='Общий прайс'!C347 -> Rivelato Смеситель для кухни Adria U-обр. гибкий излив с краном питьевой воды D-35мм brushed арт.1523517 BS нерж. Сталь брашированная | C14: ='Общий прайс'!A347 -> 18727 | D14: BS нерж. Сталь брашированная | E14: ='Общий прайс'!E347 -> 27990 | F14: =E14*(1-$F$2) -> 16794 | K14: База 900 mm | L14: 900 | M14: 900
B15: ='Общий прайс'!C348 -> Rivelato Смеситель для кухни Adria U-обр. гибкий излив с краном питьевой воды D-35мм cromo арт.1523517 cromo | C15: ='Общий прайс'!A348 -> 17649 | D15: cromo | E15: ='Общий прайс'!E348 -> 25990 | F15: =E15*(1-$F$2) -> 15594 | K15: Общий прайс | L15: Общий прайс
B16: ='Общий прайс'!C349 -> Rivelato Смеситель для кухни Adria U-обр. гибкий излив с краном питьевой воды D-35мм grigio metallizzato/cromo арт.1523517 grigio cromo | C16: ='Общий прайс'!A349 -> 17648 | D16: grigio cromo | E16: ='Общий прайс'!E349 -> 25990 | F16: =E16*(1-$F$2) -> 15594 | K16: Содержание
B17: ='Общий прайс'!C350 -> Rivelato Смеситель для кухни Adria U-обр. гибкий излив с краном питьевой воды D-35мм nero/cromo арт.1523517 nero cromo | C17: ='Общий прайс'!A350 -> 18573 | D17: nero cromo | E17: ='Общий прайс'!E350 -> 25990 | F17: =E17*(1-$F$2) -> 15594
B18: ='Общий прайс'!C351 -> Rivelato Смеситель для кухни Adria U-обр. гибкий излив с краном питьевой воды D-35мм nero/oro арт.1523517 nero oro | C18: ='Общий прайс'!A351 -> 17650 | D18: nero oro | E18: ='Общий прайс'!E351 -> 25990 | F18: =E18*(1-$F$2) -> 15594
A19: Acio | E19: Фото в интерьере | I19: • 5 лет гарантия • Смеситель с одним керамическими мульти-картриджем для питьевой и технической подачи воды • Фильтрованная вода подается в по выделенному каналу путем нажатия на клавишу, расположенную противоположной стороны основного рычага • Выдвижной излив гибкий длинна 1 метр. Цвет гибкой подводки черный плетённый • Общая высота смесителя от нижней точки декоративной шайбы 464 mm
B20: ='Общий прайс'!C415 -> Rivelato Смеситель для кухни ACIO U-обр.с выдвижной лейкой и краном питьевой воды D-35мм antracite арт.1927515 antracite | C20: ='Общий прайс'!A415 -> 19183 | D20: antracite | E20: ='Общий прайс'!E415 -> 29990 | F20: =E20*(1-$F$2) -> 17994 | H20: • Марка стали SUS 304 • Картридж с ограничением хода • Подача фильтрованной воды • Выдвижная лейка • Вращение излива на 360°
B21: ='Общий прайс'!C416 -> Rivelato Смеситель для кухни ACIO U-обр.с выдвижной лейкой и краном питьевой воды D-35мм brina арт.1927515 brina | C21: ='Общий прайс'!A416 -> 19184 | D21: brina | E21: ='Общий прайс'!E416 -> 29990 | F21: =E21*(1-$F$2) -> 17994
B22: ='Общий прайс'!C417 -> Rivelato Смеситель для кухни ACIO U-обр. с выдвижной лейкой и краном питьевой воды D-35мм brushed арт.1927515 BS нерж. Сталь брашированная | C22: ='Общий прайс'!A417 -> 19185 | D22: BS нерж. Сталь брашированная | E22: ='Общий прайс'!E417 -> 31990 | F22: =E22*(1-$F$2) -> 19194
B23: ='Общий прайс'!C418 -> Rivelato Смеситель для кухни ACIO U-обр.с выдвижной лейкой и краном питьевой воды D-35мм nero арт.1927515 nero | C23: ='Общий прайс'!A418 -> 19161 | D23: nero | E23: ='Общий прайс'!E418 -> 29990 | F23: =E23*(1-$F$2) -> 17994
A24: Almara | E24: Фото в интерьере | I24: • 5 лет гарантия • Керамический мульти-картридж для подачи питьевой и технической воды (два в одном) • Отдельный аэратор для фильтрованной воды. Подается в по выделенному каналу • Гибкий излив фиксируется магнитом. Цвет гибкого излива классический черный. Кнопка для вкл. опции душ • Рычаг с огранич.хода - обеспечивает полноценную работу при минимальном сближении к стеновой панели • Общая высота смесителя 527 mm от нижней точки корпуса
B25: ='Общий прайс'!C419 -> Rivelato Смеситель для кухни ALMARA U-обр. гибкий излив с краном питьевой воды D-35мм antracite арт.1526515 antracite | C25: ='Общий прайс'!A419 -> 19167 | D25: antracite | E25: ='Общий прайс'!E419 -> 30990 | F25: =E25*(1-$F$2) -> 18594 | H25: • Марка стали SUS 304 • Картридж с ограничением хода • Подключение фильтра для воды • Гибкий излив • Включение режима душ
B26: ='Общий прайс'!C420 -> Rivelato Смеситель для кухни ALMARA U-обр. гибкий излив с краном питьевой воды D-35мм brina арт.1526515 brina | C26: ='Общий прайс'!A420 -> 19163 | D26: brina | E26: ='Общий прайс'!E420 -> 30990 | F26: =E26*(1-$F$2) -> 18594
B27: ='Общий прайс'!C421 -> Rivelato Смеситель для кухни ALMARA U-обр. гибкий излив с краном питьевой воды D-35мм brushed арт.1526515 BS нерж. Сталь брашированная | C27: ='Общий прайс'!A421 -> 19166 | D27: BS нерж. Сталь брашированная | E27: ='Общий прайс'!E421 -> 32990 | F27: =E27*(1-$F$2) -> 19794
B28: ='Общий прайс'!C422 -> Rivelato Смеситель для кухни ALMARA U-обр. гибкий излив с краном питьевой воды D-35мм nero арт.1526515 nero | C28: ='Общий прайс'!A422 -> 19165 | D28: nero | E28: ='Общий прайс'!E422 -> 30990 | F28: =E28*(1-$F$2) -> 18594
A29: Eterna | E29: Фото в интерьере | I29: • 5 лет гарантия • Керамический мульти-картридж для подачи питьевой и технической воды • Отдельный аэратор для фильтрованной воды. Подается в по выделенному каналу • Гибкий излив фиксируется магнитом. Цвет гибкого излива классический черный. • Два режима воды: Ламинарный и Душ • Рычаг с ограниченным ходом - обеспечивает полноценную работу при минимальном сближении к стеновой панели • Общая высота смесителя 535 mm от нижней точки корпуса
B30: ='Общий прайс'!C431 -> Rivelato Смеситель для кухни ETERNA U-обр. гибкий излив с краном питьевой воды D-35мм antracite арт.1524520 antracite | C30: ='Общий прайс'!A431 -> 19174 | D30: antracite | E30: ='Общий прайс'!E431 -> 30990 | F30: =E30*(1-$F$2) -> 18594 | H30: • Марка стали SUS 304 • Картридж с ограничением хода • Подключение фильтра для воды • Гибкий излив • Включение режима душ
B31: ='Общий прайс'!C432 -> Rivelato Смеситель для кухни ETERNA U-обр. гибкий излив с краном питьевой воды D-35мм brina арт.1524520 brina | C31: ='Общий прайс'!A432 -> 19164 | D31: brina | E31: ='Общий прайс'!E432 -> 30990 | F31: =E31*(1-$F$2) -> 18594
B32: ='Общий прайс'!C433 -> Rivelato Смеситель для кухни ETERNA U-обр. гибкий излив с краном питьевой воды D-35мм brushed арт.1524520 BS нерж. Сталь брашированная | C32: ='Общий прайс'!A433 -> 19175 | D32: BS нерж. Сталь брашированная | E32: ='Общий прайс'!E433 -> 32990 | F32: =E32*(1-$F$2) -> 19794
B33: ='Общий прайс'!C434 -> Rivelato Смеситель для кухни ETERNA U-обр. гибкий излив с краном питьевой воды D-35мм nero арт.1524520 nero | C33: ='Общий прайс'!A434 -> 19176 | D33: nero | E33: ='Общий прайс'!E434 -> 30990 | F33: =E33*(1-$F$2) -> 18594
A34: Livo | E34: Фото в интерьере | I34: • 5 лет гарантия • Керамический мульти-картридж для подачи питьевой и технической воды с ограничением хода, обеспечивает полноценную работу при минимальном сближении к стеновой панели • Фильтрованная вода подается в по выделенному каналу • Излив гибкий, цвет классический черный • Общая высота смесителя 452 mm от нижней точки корпуса
B35: ='Общий прайс'!C435 -> Rivelato Смеситель для кухни LIVO U-обр. гибкий излив с краном питьевой воды D-35мм antracite арт.3975280 antracite | C35: ='Общий прайс'!A435 -> 19179 | D35: antracite | E35: ='Общий прайс'!E435 -> 24990 | F35: =E35*(1-$F$2) -> 14994 | H35: • Марка стали SUS 304 • Картридж с ограничением хода • Подключение фильтра для воды • Гибкий излив
B36: ='Общий прайс'!C436 -> Rivelato Смеситель для кухни LIVO U-обр. гибкий излив с краном питьевой воды D-35мм brina арт.3975280 brina | C36: ='Общий прайс'!A436 -> 19159 | D36: brina | E36: ='Общий прайс'!E436 -> 24990 | F36: =E36*(1-$F$2) -> 14994
B37: ='Общий прайс'!C437 -> Rivelato Смеситель для кухни LIVO U-обр. гибкий излив с краном питьевой воды D-35мм brushed арт.3975280 BS нерж. Сталь брашированная | C37: ='Общий прайс'!A437 -> 19177 | D37: BS нерж. Сталь брашированная | E37: ='Общий прайс'!E437 -> 26990 | F37: =E37*(1-$F$2) -> 16194
B38: ='Общий прайс'!C438 -> Rivelato Смеситель для кухни LIVO U-обр. гибкий излив с краном питьевой воды D-35мм nero арт.3975280 nero | C38: ='Общий прайс'!A438 -> 19178 | D38: nero | E38: ='Общий прайс'!E438 -> 24990 | F38: =E38*(1-$F$2) -> 14994
A39: Porto | E39: Фото в интерьере | I39: • 5 лет гарантия • Керамический мульти-картридж для питьевой и технической подачи воды с ограничением хода, обеспечивает полноценную работу при минимальном сближении к стеновой панели • Фильтрованная вода подается в по выделенному каналу путем нажатия на кнопку, расположенной на лейке • Выдвижной излив гибкий длинна 1 метр. Цвет гибкой подводки черный плетённый • Режим душ включается клавишей на лейке • Общая высота смесителя от нижней точки декоративной шайбы 472 mm
B40: ='Общий прайс'!C439 -> Rivelato Смеситель для кухни PORTO U-обр. с выдвижной лейкой и краном питьевой воды D-35мм antracite арт.1928520 antracite | C40: ='Общий прайс'!A439 -> 19182 | D40: antracite | E40: ='Общий прайс'!E439 -> 24990 | F40: =E40*(1-$F$2) -> 14994 | H40: • Марка стали SUS 304 • Картридж с ограничением хода • Подключение фильтра для воды • Выдвижной излив • Режим включения душа
B41: ='Общий прайс'!C440 -> Rivelato Смеситель для кухни PORTO U-обр. с выдвижной лейкой и краном питьевой воды D-35мм brina арт.1928520 brina | C41: ='Общий прайс'!A440 -> 19181 | D41: brina | E41: ='Общий прайс'!E440 -> 24990 | F41: =E41*(1-$F$2) -> 14994
B42: ='Общий прайс'!C441 -> Rivelato Смеситель для кухни PORTO U-обр. с выдвижной лейкой и краном питьевой воды D-35мм brushed арт.1928520 BS нерж. Сталь брашированная | C42: ='Общий прайс'!A441 -> 19180 | D42: BS нерж. Сталь брашированная | E42: ='Общий прайс'!E441 -> 26990 | F42: =E42*(1-$F$2) -> 16194
B43: ='Общий прайс'!C442 -> Rivelato Смеситель для кухни PORTO U-обр. с выдвижной лейкой и краном питьевой воды D-35мм nero арт.1928520 nero | C43: ='Общий прайс'!A442 -> 19162 | D43: nero | E43: ='Общий прайс'!E442 -> 24990 | F43: =E43*(1-$F$2) -> 14994
A44: Trevi | E44: Фото в интерьере | I44: • 5 лет гарантия • Керамические картриджи для подачи питьевой и технической воды • Фильтрованная вода подается в по выделенному каналу • Выдвижной излив гибкий длинна 1 метр. Цвет плетённой гибкой подводки черный • Общая высота смесителя от нижней точки декоративной шайбы 448 mm
B45: ='Общий прайс'!C402 -> Rivelato Смеситель для кухни Trevi U-обр. с краном питьевой воды и выдвижной лейкой D-35мм antracite cromo арт.2433505 antracite cromo | C45: ='Общий прайс'!A402 -> 18940 | D45: antracite cromo | E45: ='Общий прайс'!E402 -> 30990 | F45: =E45*(1-$F$2) -> 18594 | H45: • Марка стали SUS 304 • Картридж с ограничением хода • Подключение фильтра для воды • Выдвижной излив • Вращение излива на 360°
B46: ='Общий прайс'!C403 -> Rivelato Смеситель для кухни Trevi U-обр. с краном питьевой воды и выдвижной лейкой D-35мм brina cromo арт.2433505 brina cromo | C46: ='Общий прайс'!A403 -> 18941 | D46: brina cromo | E46: ='Общий прайс'!E403 -> 30990 | F46: =E46*(1-$F$2) -> 18594
B47: ='Общий прайс'!C404 -> Rivelato Смеситель для кухни Trevi U-обр. с краном питьевой воды и выдвижной лейкой D-35мм brushed арт.2433505 BS нерж. Сталь брашированная | C47: ='Общий прайс'!A404 -> 18939 | D47: BS нерж. Сталь брашированная | E47: ='Общий прайс'!E404 -> 32990 | F47: =E47*(1-$F$2) -> 19794
B48: ='Общий прайс'!C405 -> Rivelato Смеситель для кухни Trevi U-обр. с краном питьевой воды и выдвижной лейкой D-35мм PVD black арт.2433505 PVD black | C48: ='Общий прайс'!A405 -> 18730 | D48: PVD black | E48: ='Общий прайс'!E405 -> 33990 | F48: =E48*(1-$F$2) -> 20394
B49: ='Общий прайс'!C406 -> Rivelato Смеситель для кухни Trevi U-обр. с краном питьевой воды и выдвижной лейкой D-35мм beige scuro cromo арт.2433505 beige scuro | C49: ='Общий прайс'!A406 -> 18942 | D49: beige scuro | E49: ='Общий прайс'!E406 -> 30990 | F49: =E49*(1-$F$2) -> 18594
B50: ='Общий прайс'!C407 -> Rivelato Смеситель для кухни Trevi U-обр. с краном питьевой воды и выдвижной лейкой D-35мм cromo арт.2433505 cromo | C50: ='Общий прайс'!A407 -> 18946 | D50: cromo | E50: ='Общий прайс'!E407 -> 30990 | F50: =E50*(1-$F$2) -> 18594
B51: ='Общий прайс'!C408 -> Rivelato Смеситель для кухни Trevi U-обр. с краном питьевой воды и выдвижной лейкой D-35мм grigio metallizzato cromo арт.2433505 grigio cromo | C51: ='Общий прайс'!A408 -> 18943 | D51: grigio cromo | E51: ='Общий прайс'!E408 -> 30990 | F51: =E51*(1-$F$2) -> 18594
B52: ='Общий прайс'!C409 -> Rivelato Смеситель для кухни Trevi U-обр. с краном питьевой воды и выдвижной лейкой D-35мм nero cromo арт.2433505 nero cromo | C52: ='Общий прайс'!A409 -> 18945 | D52: nero cromo | E52: ='Общий прайс'!E409 -> 30990 | F52: =E52*(1-$F$2) -> 18594
B53: ='Общий прайс'!C410 -> Rivelato Смеситель для кухни Trevi U-обр. с краном питьевой воды и выдвижной лейкой D-35мм topazio cromo арт.2433505 topazio crom | C53: ='Общий прайс'!A410 -> 18944 | D53: topazio crom | E53: ='Общий прайс'!E410 -> 30990 | F53: =E53*(1-$F$2) -> 18594
A54: Lugano | E54: Фото в интерьере | I54: • 5 лет гарантия • Керамические картриджи для подачи питьевой и технической воды • Фильтрованная вода подается в по выделенному каналу в отдельный аэратор • Общая высота смесителя от нижней точки декоративной шайбы 347 mm
B55: ='Общий прайс'!C384 -> Rivelato Смеситель для кухни Lugano Г-обр. с краном питьевой воды D-35мм antracite/cromo арт. 1523513 antracite cromo | C55: ='Общий прайс'!A384 -> 18583 | D55: antracite cromo | E55: ='Общий прайс'!E384 -> 20990 | F55: =E55*(1-$F$2) -> 12594 | H55: • Марка стали SUS 304 • Подключение фильтра для воды • Вращение излива на 360°
B56: ='Общий прайс'!C385 -> Rivelato Смеситель для кухни Lugano Г-обр. с краном питьевой воды D-35мм antracite/oro арт. 1523513 antracite oro | C56: ='Общий прайс'!A385 -> 17642 | D56: antracite oro | E56: ='Общий прайс'!E385 -> 20990 | F56: =E56*(1-$F$2) -> 12594
B57: ='Общий прайс'!C386 -> Rivelato Смеситель для кухни Lugano Г-обр. с краном питьевой воды D-35мм brina/cromo арт.1523513 brina cromo | C57: ='Общий прайс'!A386 -> 18584 | D57: brina cromo | E57: ='Общий прайс'!E386 -> 20990 | F57: =E57*(1-$F$2) -> 12594
B58: ='Общий прайс'!C387 -> Rivelato Смеситель для кухни Lugano Г-обр. с краном питьевой воды D-35мм brina/oro арт.1523513 brina oro | C58: ='Общий прайс'!A387 -> 17641 | D58: brina oro | E58: ='Общий прайс'!E387 -> 20990 | F58: =E58*(1-$F$2) -> 12594
B59: ='Общий прайс'!C388 -> Rivelato Смеситель для кухни Lugano Г-обр. с краном питьевой воды D-35мм brushed арт. 1523513 BS нерж. Сталь брашированная | C59: ='Общий прайс'!A388 -> 18763 | D59: BS нерж. Сталь брашированная | E59: ='Общий прайс'!E388 -> 22990 | F59: =E59*(1-$F$2) -> 13794
B60: ='Общий прайс'!C389 -> Rivelato Смеситель для кухни Lugano Г-обр. с краном питьевой воды D-35мм cromo арт.1523513 cromo | C60: ='Общий прайс'!A389 -> 17645 | D60: cromo | E60: ='Общий прайс'!E389 -> 20990 | F60: =E60*(1-$F$2) -> 12594
B61: ='Общий прайс'!C390 -> Rivelato Смеситель для кухни Lugano Г-обр. с краном питьевой воды D-35мм grigio metallizzato/cromo арт.1523513 grigio cromo | C61: ='Общий прайс'!A390 -> 17644 | D61: grigio cromo | E61: ='Общий прайс'!E390 -> 20990 | F61: =E61*(1-$F$2) -> 12594
B62: ='Общий прайс'!C391 -> Rivelato Смеситель для кухни Lugano Г-обр. с краном питьевой воды D-35мм nero/cromo арт.1523513 nero cromo | C62: ='Общий прайс'!A391 -> 18585 | D62: nero cromo | E62: ='Общий прайс'!E391 -> 20990 | F62: =E62*(1-$F$2) -> 12594
B63: ='Общий прайс'!C392 -> Rivelato Смеситель для кухни Lugano Г-обр. с краном питьевой воды D-35мм nero/oro арт.1523513 nero oro | C63: ='Общий прайс'!A392 -> 17643 | D63: nero oro | E63: ='Общий прайс'!E392 -> 20990 | F63: =E63*(1-$F$2) -> 12594
B64: ='Общий прайс'!C393 -> Rivelato Смеситель для кухни Lugano Г-обр. с краном питьевой воды D-35мм PVD black арт. 1523513 PVD black | C64: ='Общий прайс'!A393 -> 18762 | D64: PVD black | E64: ='Общий прайс'!E393 -> 23990 | F64: =E64*(1-$F$2) -> 14394
A65: Brenta | E65: Фото в интерьере | I65: • 5 лет гарантия • Керамические картриджи для подачи питьевой и технической воды с ограничением хода, обеспечивает полноценную работу при минимальном сближении к стеновой панели • Фильтрованная вода подается в по выделенному каналу • Общая высота смесителя от нижней точки декоративной шайбы 334 mm
B66: ='Общий прайс'!C427 -> Rivelato Смеситель для кухни BRENTA Г-обр. с краном питьевой воды D-35мм antracite арт.1574530 antracite | C66: ='Общий прайс'!A427 -> 19173 | D66: antracite антрацит | E66: ='Общий прайс'!E427 -> 20990 | F66: =E66*(1-$F$2) -> 12594 | H66: • Марка стали SUS 304 • Картридж с ограничением хода • Подключение фильтра для воды • Вращение излива на 360°
B67: ='Общий прайс'!C428 -> Rivelato Смеситель для кухни BRENTA Г-обр. с краном питьевой воды D-35мм brina арт.1574530 brina | C67: ='Общий прайс'!A428 -> 19172 | D67: brina иней | E67: ='Общий прайс'!E428 -> 20990 | F67: =E67*(1-$F$2) -> 12594
B68: ='Общий прайс'!C429 -> Rivelato Смеситель для кухни BRENTA Г-обр. с краном питьевой воды D-35мм brushed арт.1574530 BS нерж. Сталь брашированная | C68: ='Общий прайс'!A429 -> 19171 | D68: BS нерж. Сталь брашированная нерж. | E68: ='Общий прайс'!E429 -> 22990 | F68: =E68*(1-$F$2) -> 13794
B69: ='Общий прайс'!C430 -> Rivelato Смеситель для кухни BRENTA Г-обр. с краном питьевой воды D-35мм nero арт.1574530 nero | C69: ='Общий прайс'!A430 -> 19160 | D69: nero черный | E69: ='Общий прайс'!E430 -> 20990 | F69: =E69*(1-$F$2) -> 12594
A70: Arno | E70: Фото в интерьере | I70: • 5 лет гарантия • Керамический мульти-картридж для подачи питьевой и технической воды с ограничением хода, обеспечивает полноценную работу при минимальном сближении к стеновой панели • Фильтрованная вода подается в по выделенному каналу в • Общая высота смесителя от нижней точки декоративной шайбы 339 mm
B71: ='Общий прайс'!C423 -> Rivelato Смеситель для кухни ARNO Г-обр. с краном питьевой воды D-35мм antracite арт.9024430 antracite | C71: ='Общий прайс'!A423 -> 19168 | D71: antracite антрацит | E71: ='Общий прайс'!E423 -> 20990 | F71: =E71*(1-$F$2) -> 12594 | H71: • Марка стали SUS 304 • Картридж с ограничением хода • Подключение фильтра для воды • Вращение излива на 360°
B72: ='Общий прайс'!C424 -> Rivelato Смеситель для кухни ARNO Г-обр. с краном питьевой воды D-35мм brina арт.9024430 brina | C72: ='Общий прайс'!A424 -> 19169 | D72: brina иней | E72: ='Общий прайс'!E424 -> 20990 | F72: =E72*(1-$F$2) -> 12594
B73: ='Общий прайс'!C425 -> Rivelato Смеситель для кухни ARNO Г-обр. с краном питьевой воды D-35мм brushed арт.9024430 BS нерж. Сталь брашированная | C73: ='Общий прайс'!A425 -> 19170 | D73: BS нерж. Сталь брашированная нерж. | E73: ='Общий прайс'!E425 -> 22990 | F73: =E73*(1-$F$2) -> 13794
B74: ='Общий прайс'!C426 -> Rivelato Смеситель для кухни ARNO Г-обр. с краном питьевой воды D-35мм nero арт.9024430 nero | C74: ='Общий прайс'!A426 -> 19158 | D74: nero черный | E74: ='Общий прайс'!E426 -> 20990 | F74: =E74*(1-$F$2) -> 12594
A75: Tovel | E75: Фото в интерьере | I75: • 5 лет гарантия • Керамические картриджи для подачи питьевой и технической воды • Фильтрованная вода подается в по выделенному каналу • Общая высота смесителя от нижней точки декоративной шайбы 340,8 mm
B76: ='Общий прайс'!C398 -> Rivelato Смеситель для кухни Tovel Г-обр. с краном питьевой воды D-35мм antracite/cromo арт.9025208 antracite cromo | C76: ='Общий прайс'!A398 -> 18078 | D76: antracite cromo | E76: ='Общий прайс'!E398 -> 12500 | F76: =E76*(1-$F$2) -> 7500 | H76: • Материал латунь • Картридж с ограничением хода • Подключение фильтра для воды • Вращение излива на 360°
B77: ='Общий прайс'!C399 -> Rivelato Смеситель для кухни Tovel Г-обр. с краном питьевой воды D-35мм brina/cromo арт.9025201 brina cromo | C77: ='Общий прайс'!A399 -> 18076 | D77: brina cromo | E77: ='Общий прайс'!E399 -> 12500 | F77: =E77*(1-$F$2) -> 7500
B78: ='Общий прайс'!C400 -> Rivelato Смеситель для кухни Tovel Г-обр. с краном питьевой воды D-35мм cromo арт.9025200 cromo | C78: ='Общий прайс'!A400 -> 18075 | D78: cromo | E78: ='Общий прайс'!E400 -> 12500 | F78: =E78*(1-$F$2) -> 7500
B79: ='Общий прайс'!C401 -> Rivelato Смеситель для кухни Tovel Г-обр. с краном питьевой воды D-35мм topazio/cromo арт.9025203 topazio cromo | C79: ='Общий прайс'!A401 -> 18077 | D79: topazio cromo | E79: ='Общий прайс'!E401 -> 12500 | F79: =E79*(1-$F$2) -> 7500
A80: Смесители классические
A81: Asti | E81: Фото в интерьере | I81: • 5 лет гарантия • Керамический картридж для подачи технической подачи воды • Выдвижной излив гибкий длинна 1 метр. Цвет плетённой гибкой подводки черный • Режим душ включается кнопкой на лейке • Общая высота смесителя от нижней точки декоративной шайбы 440 mm
B82: ='Общий прайс'!C362 -> Rivelato Смеситель для кухни Asti U-обр. с выдвижной лейкой D-35мм antracite/cromo арт.3972500 antracite cromo | C82: ='Общий прайс'!A362 -> 18577 | D82: antracite cromo | E82: ='Общий прайс'!E362 -> 16990 | F82: =E82*(1-$F$2) -> 10194 | H82: • Марка стали SUS 304 • Выдвижной излив • Вращение излива на 360° • Режим включения душа
B83: ='Общий прайс'!C363 -> Rivelato Смеситель для кухни Asti U-обр. с выдвижной лейкой D-35мм antracite/oro арт.3972500 antracite oro | C83: ='Общий прайс'!A363 -> 17652 | D83: antracite oro | E83: ='Общий прайс'!E363 -> 10500 | F83: =E83*(1-$F$2) -> 6300
B84: ='Общий прайс'!C364 -> Rivelato Смеситель для кухни Asti U-обр. с выдвижной лейкой D-35мм brina/cromo арт.3972500 brina cromo | C84: ='Общий прайс'!A364 -> 18578 | D84: brina cromo | E84: ='Общий прайс'!E364 -> 16990 | F84: =E84*(1-$F$2) -> 10194
B85: ='Общий прайс'!C365 -> Rivelato Смеситель для кухни Asti U-обр. с выдвижной лейкой D-35мм brina/oro арт.3972500 brina oro | C85: ='Общий прайс'!A365 -> 17653 | D85: brina oro | E85: ='Общий прайс'!E365 -> 10500 | F85: =E85*(1-$F$2) -> 6300
B86: ='Общий прайс'!C366 -> Rivelato Смеситель для кухни Asti U-обр. с выдвижной лейкой D-35мм cromo арт.3972500 cromo | C86: ='Общий прайс'!A366 -> 17655 | D86: cromo | E86: ='Общий прайс'!E366 -> 10500 | F86: =E86*(1-$F$2) -> 6300
B87: ='Общий прайс'!C367 -> Rivelato Смеситель для кухни Asti U-обр. с выдвижной лейкой D-35мм grigio metallizzato/cromo арт.3972500 grigio cromo | C87: ='Общий прайс'!A367 -> 17654 | D87: grigio cromo | E87: ='Общий прайс'!E367 -> 10500 | F87: =E87*(1-$F$2) -> 6300
B88: ='Общий прайс'!C368 -> Rivelato Смеситель для кухни Asti U-обр. с выдвижной лейкой D-35мм nero/cromo арт.3972500 nero cromo | C88: ='Общий прайс'!A368 -> 18579 | D88: nero cromo | E88: ='Общий прайс'!E368 -> 16990 | F88: =E88*(1-$F$2) -> 10194
B89: ='Общий прайс'!C369 -> Rivelato Смеситель для кухни Asti U-обр. с выдвижной лейкой D-35мм nero/oro арт.3972500 nero oro | C89: ='Общий прайс'!A369 -> 17651 | D89: nero oro | E89: ='Общий прайс'!E369 -> 10500 | F89: =E89*(1-$F$2) -> 6300
A90: Garda | E90: Фото в интерьере | I90: • 5 лет гарантия • Керамический картридж для подачи технической подачи воды • Общая высота смесителя от нижней точки декоративной шайбы 340 mm
B91: ='Общий прайс'!C370 -> Rivelato Смеситель для кухни Garda U-обр. D-35мм antracite/cromo арт.1923502 antracite cromo | C91: ='Общий прайс'!A370 -> 18580 | D91: antracite cromo | E91: ='Общий прайс'!E370 -> 11990 | F91: =E91*(1-$F$2) -> 7194 | H91: • Марка стали SUS 304 • Вращение излива на 360°
B92: ='Общий прайс'!C371 -> Rivelato Смеситель для кухни Garda U-обр. D-35мм antracite/oro арт.1923502 antracite oro | C92: ='Общий прайс'!A371 -> 17632 | D92: antracite oro | E92: ='Общий прайс'!E371 -> 8500 | F92: =E92*(1-$F$2) -> 5100
B93: ='Общий прайс'!C372 -> Rivelato Смеситель для кухни Garda U-обр. D-35мм brina/cromo арт.1923502 brina cromo | C93: ='Общий прайс'!A372 -> 18581 | D93: brina cromo | E93: ='Общий прайс'!E372 -> 11990 | F93: =E93*(1-$F$2) -> 7194
B94: ='Общий прайс'!C373 -> Rivelato Смеситель для кухни Garda U-обр. D-35мм brina/oro арт.1923502 brina oro | C94: ='Общий прайс'!A373 -> 17633 | D94: brina oro | E94: ='Общий прайс'!E373 -> 8500 | F94: =E94*(1-$F$2) -> 5100
B95: ='Общий прайс'!C374 -> Rivelato Смеситель для кухни Garda U-обр. D-35мм brushed арт.1923502 BS нерж. Сталь брашированная | C95: ='Общий прайс'!A374 -> 18728 | D95: BS нерж. Сталь брашированная | E95: ='Общий прайс'!E374 -> 13990 | F95: =E95*(1-$F$2) -> 8394
B96: ='Общий прайс'!C375 -> Rivelato Смеситель для кухни Garda U-обр. D-35мм cromo арт.1923502 cromo | C96: ='Общий прайс'!A375 -> 17635 | D96: cromo | E96: ='Общий прайс'!E375 -> 8500 | F96: =E96*(1-$F$2) -> 5100
B97: ='Общий прайс'!C376 -> Rivelato Смеситель для кухни Garda U-обр. D-35мм grigio metallizzato/cromo арт.1923502 grigio cromo | C97: ='Общий прайс'!A376 -> 17634 | D97: grigio cromo | E97: ='Общий прайс'!E376 -> 8500 | F97: =E97*(1-$F$2) -> 5100
B98: ='Общий прайс'!C377 -> Rivelato Смеситель для кухни Garda U-обр. D-35мм nero/cromo арт.1923502 nero cromo | C98: ='Общий прайс'!A377 -> 18582 | D98: nero cromo | E98: ='Общий прайс'!E377 -> 11990 | F98: =E98*(1-$F$2) -> 7194
B99: ='Общий прайс'!C378 -> Rivelato Смеситель для кухни Garda U-обр. D-35мм nero/oro арт.1923502 nero oro | C99: ='Общий прайс'!A378 -> 17631 | D99: nero oro | E99: ='Общий прайс'!E378 -> 8500 | F99: =E99*(1-$F$2) -> 5100
B100: ='Общий прайс'!C379 -> Rivelato Смеситель для кухни Garda U-обр. D-35мм PVD black арт.1923502 PVD black | C100: ='Общий прайс'!A379 -> 18729 | D100: PVD black | E100: ='Общий прайс'!E379 -> 14990 | F100: =E100*(1-$F$2) -> 8994
A101: Orta | E101: Фото в интерьере | I101: • 5 лет гарантия • Керамический картридж для подачи технической подачи воды • Общая высота смесителя от нижней точки декоративной шайбы 350 mm
B102: ='Общий прайс'!C394 -> Rivelato Смеситель для кухни Orta U-обр. D-35мм antracite/cromo арт.9021208 antracite cromo | C102: ='Общий прайс'!A394 -> 18066 | D102: antracite cromo | E102: ='Общий прайс'!E394 -> 10500 | F102: =E102*(1-$F$2) -> 6300 | H102: • Материал латунь • Вращение излива на 360°
...

Sheet Дозаторы
E2: Скидка | F2: ='Общий прайс'!F4 -> 0.4
K3: Навигация по каталогу цен
A4: Изображение | B4: Модель | C4: Код товара | D4: Цвет | E4: Цена в ₽ с НДС | G4: Особенности и характеристики | K4: Описание | L4: Ссылки
E5: РРЦ | F5: Закуп | G5: Высота | H5: Длинна носика | I5: Общее описание характеристик | L5: Гранит | M5: Нерж. Сталь
A7: Дозаторы | K7: Смесители | L7: Смесители
A8: SALVI (САЛВИ) | E8: Схема | I8: • Окраска всех наружных деталей • Помпа из нержавеющей стали • Емкость 450 mm • Длинна носика рассчитана от центра корпуса | K8: Аксессуары | L8: Аксессуары
B9: ='Общий прайс'!C444 -> Rivelato Дозатор для жидкого мыла Salvi с колбой 500 мл anthracite арт.24008 anthracite | C9: ='Общий прайс'!A444 -> 18731 | D9: anthracite (антрацит) | E9: ='Общий прайс'!E444 -> 5100 | F9: =E9*(1-$F$2) -> 3060 | G9: 66 mm | H9: 74 mm | K9: База 400 mm | L9: 400 | M9: 400
B10: ='Общий прайс'!C445 -> Rivelato Дозатор для жидкого мыла Salvi с колбой 500 мл beige scuro арт.24008 beige scuro | C10: ='Общий прайс'!A445 -> 18733 | D10: beige scuro (беж скуро) | E10: ='Общий прайс'!E445 -> 5100 | F10: =E10*(1-$F$2) -> 3060 | K10: База 450 mm | L10: 450 | M10: 450
B11: ='Общий прайс'!C446 -> Rivelato Дозатор для жидкого мыла Salvi с колбой 500 мл brina арт.24008 brina | C11: ='Общий прайс'!A446 -> 18732 | D11: brina (брина) | E11: ='Общий прайс'!E446 -> 5100 | F11: =E11*(1-$F$2) -> 3060 | K11: База 500 mm | L11: 500 | M11: 500
B12: ='Общий прайс'!C447 -> Rivelato Дозатор для жидкого мыла Salvi с колбой 500 мл brushed арт.24008 BS нерж. Сталь брашированная | C12: ='Общий прайс'!A447 -> 18736 | D12: BS нерж. Сталь брашированная (БС) | E12: ='Общий прайс'!E447 -> 5100 | F12: =E12*(1-$F$2) -> 3060 | K12: База 600 mm | L12: 600 | M12: 600
B13: ='Общий прайс'!C448 -> Rivelato Дозатор для жидкого мыла Salvi с колбой 500 мл cromo арт.24008 cromo | C13: ='Общий прайс'!A448 -> 18737 | D13: cromo (хромо) | E13: ='Общий прайс'!E448 -> 5100 | F13: =E13*(1-$F$2) -> 3060 | K13: База 800 mm | L13: 800 | M13: 800
B14: ='Общий прайс'!C449 -> Rivelato Дозатор для жидкого мыла Salvi с колбой 500 мл PVD black арт.24008 PVD black | C14: ='Общий прайс'!A449 -> 18738 | D14: PVD black (ПВД блэк) | E14: ='Общий прайс'!E449 -> 5100 | F14: =E14*(1-$F$2) -> 3060 | K14: База 900 mm | L14: 900 | M14: 900
B15: ='Общий прайс'!C450 -> Rivelato Дозатор для жидкого мыла Salvi с колбой 500 мм grigio metallizzato арт.24008 grigio metallizzato | C15: ='Общий прайс'!A450 -> 18734 | D15: grigio metallizzato | E15: ='Общий прайс'!E450 -> 5100 | F15: =E15*(1-$F$2) -> 3060 | K15: Общий прайс | L15: Общий прайс
B16: ='Общий прайс'!C451 -> Rivelato Дозатор для жидкого мыла Salvi с колбой 500 мм nero арт.24008 nero | C16: ='Общий прайс'!A451 -> 18735 | D16: nero (неро) | E16: ='Общий прайс'!E451 -> 5100 | F16: =E16*(1-$F$2) -> 3060 | K16: Содержание
B17: ='Общий прайс'!C452 -> Rivelato Дозатор для жидкого мыла Salvi с колбой 500 мм topazio арт.24008 topazio | C17: ='Общий прайс'!A452 -> 18947 | D17: topazio (топазио) | E17: ='Общий прайс'!E452 -> 5100 | F17: =E17*(1-$F$2) -> 3060
A18: RD-1000 (РД-1000) | E18: Схема | I18: • Помпа из нержавеющей стали • Емкость колбы 1000 mm • Длинна носика рассчитана от центра корпуса
B19: ='Общий прайс'!C453 -> Rivelato Дозатор большой RD-1000 anthracite арт.RD-1000 anthracite | C19: ='Общий прайс'!A453 -> 18777 | D19: anthracite (антрацит) | E19: ='Общий прайс'!E453 -> 5990 | F19: =E19*(1-$F$2) -> 3594 | G19: 90,8 mm | H19: 140 mm
B20: ='Общий прайс'!C454 -> Rivelato Дозатор большой RD-1000 beige scuro арт.RD-1000 beige scuro | C20: ='Общий прайс'!A454 -> 18780 | D20: beige scuro (беж скуро) | E20: ='Общий прайс'!E454 -> 5990 | F20: =E20*(1-$F$2) -> 3594
B21: ='Общий прайс'!C455 -> Rivelato Дозатор большой RD-1000 brina арт.RD-1000 brina | C21: ='Общий прайс'!A455 -> 18778 | D21: brina (брина) | E21: ='Общий прайс'!E455 -> 5990 | F21: =E21*(1-$F$2) -> 3594
B22: ='Общий прайс'!C456 -> Rivelato Дозатор большой RD-1000 grigio metallizzato арт.RD-1000 grigio metallizzato | C22: ='Общий прайс'!A456 -> 18781 | D22: grigio metallizzatoat (гриджио металлизато) | E22: ='Общий прайс'!E456 -> 5990 | F22: =E22*(1-$F$2) -> 3594
B23: ='Общий прайс'!C457 -> Rivelato Дозатор большой RD-1000 nero арт.RD-1000 nero | C23: ='Общий прайс'!A457 -> 18782 | D23: nero (неро) | E23: ='Общий прайс'!E457 -> 5990 | F23: =E23*(1-$F$2) -> 3594
B24: ='Общий прайс'!C458 -> Rivelato Дозатор большой RD-1000 topazio арт.RD-1000 topazio | C24: ='Общий прайс'!A458 -> 18779 | D24: topazio (топазио) | E24: ='Общий прайс'!E458 -> 5990 | F24: =E24*(1-$F$2) -> 3594
A25: RD-500 (РД-500) | E25: Схема | I25: • Помпа из нержавеющей стали • Емкость колбы 500 mm • Длинна носика рассчитана от центра корпуса • Пьедестал брашированный (цвет)
B26: ='Общий прайс'!C459 -> Rivelato Дозатор малый RD-500 anthracite арт.RD-500 anthracite | C26: ='Общий прайс'!A459 -> 18769 | D26: anthracite (антрацит) | E26: ='Общий прайс'!E459 -> 3200 | F26: =E26*(1-$F$2) -> 1920 | G26: 66 mm | H26: 74 mm
B27: ='Общий прайс'!C460 -> Rivelato Дозатор малый RD-500 beige scuro арт.RD-500 beige scuro | C27: ='Общий прайс'!A460 -> 18771 | D27: beige scuro (беж скуро) | E27: ='Общий прайс'!E460 -> 3200 | F27: =E27*(1-$F$2) -> 1920
B28: ='Общий прайс'!C461 -> Rivelato Дозатор малый RD-500 brina арт.RD-500 brina | C28: ='Общий прайс'!A461 -> 18768 | D28: brina (брина) | E28: ='Общий прайс'!E461 -> 3200 | F28: =E28*(1-$F$2) -> 1920
B29: ='Общий прайс'!C462 -> Rivelato Дозатор малый RD-500 grigio metallizzato арт.RD-500 grigio metallizzato | C29: ='Общий прайс'!A462 -> 18772 | D29: grigio metallizzatoat (гриджио металлизато) | E29: ='Общий прайс'!E462 -> 3200 | F29: =E29*(1-$F$2) -> 1920
B30: ='Общий прайс'!C463 -> Rivelato Дозатор малый RD-500 nero арт.RD-500 nero | C30: ='Общий прайс'!A463 -> 18773 | D30: nero (неро) | E30: ='Общий прайс'!E463 -> 3200 | F30: =E30*(1-$F$2) -> 1920
B31: ='Общий прайс'!C464 -> Rivelato Дозатор малый RD-500 topazio арт.RD-500 topazio | C31: ='Общий прайс'!A464 -> 18770 | D31: topazio (топазио) | E31: ='Общий прайс'!E464 -> 3200 | F31: =E31*(1-$F$2) -> 1920

Sheet Аксессуары
E2: Скидка | F2: ='Общий прайс'!F5 -> 0.4
K3: Навигация по каталогу цен
A4: Изображение | B4: Модель | C4: Код товара | D4: Цвет | E4: Цена в ₽ с НДС | G4: Особенности и характеристики | K4: Описание | L4: Ссылки
E5: РРЦ | F5: Закуп | G5: Ширина | H5: Длинна | I5: Общее описание характеристик | L5: Гранит | M5: Нерж. Сталь
A7: Сервировочно-разделочная доска | K7: Смесители | L7: Смесители
A8: Сервировочно-разделочная для кухонной мойки LOCUS | E8: В интерьере фото | G8: Изображение схемы | I8: • Для всех моделей матриал: массив бука • Цвет природный: натуральный бук • Многофункциональный столик-доска для разделки овощей, фруктов, мяса или рыбы • Возможность использовать в качестве столика для подачи готовых блюд • Дизайн каждой доски разработан с учетом логики заложенном команд дизайнеров, создавших коллекции: - Locus (Локус) от Артемия Лебедева; - Raum (Раум) от немецкой студии; - Axel (Аксель) от Алессандро Росси итальянского дизайн ателье. ЭФФЕКТ ПАРЯЩЕЙ НАД ЧАШЕЙ МОЙКИ ДОСКИ • Не требует место для хранения так как идеально дополняют композицию кухонной сантехники | K8: Дозаторы | L8: Дозаторы
B9: ='Общий прайс'!C471 -> Rivelato Доска для мойки LS_V3 300*540*39 мм с лого бук массивLS_V3 | C9: ='Общий прайс'!A471 -> 18358 | D9: Натуральный бук | E9: ='Общий прайс'!E471 -> 4500 | F9: =E9*(1-$F$2) -> 2700 | G9: 300 mm | H9: 540 mm | K9: База 400 mm | L9: 400 | M9: 400
K10: База 450 mm | L10: 450 | M10: 450
K11: База 500 mm | L11: 500 | M11: 500
K12: База 600 mm | L12: 600 | M12: 600
K13: База 800 mm | L13: 800 | M13: 800
K14: База 900 mm | L14: 900 | M14: 900
K15: Общий прайс | L15: Общий прайс
K16: Содержание
A18: Сервировочно-разделочная для кухонной мойки RAUM | E18: В интерьере фото | G18: Изображение схемы
B19: ='Общий прайс'!C472 -> Rivelato Доска для мойки RM_V3 300*540*39 мм с лого бук массивRM_V3 | C19: ='Общий прайс'!A472 -> 18357 | D19: Натуральный бук | E19: ='Общий прайс'!E472 -> 4500 | F19: =E19*(1-$F$2) -> 2700 | G19: 300 mm | H19: 540 mm
A20: Сервировочно-разделочная для кухонной мойки AXEL | E20: В интерьере фото | G20: Изображение схемы
B21: ='Общий прайс'!C468 -> Rivelato Доска для мойки AL_V3 300*550*39 мм с лого бук массивAL_V3 | C21: ='Общий прайс'!A468 -> 18359 | D21: Натуральный бук | E21: ='Общий прайс'!E468 -> 4500 | F21: =E21*(1-$F$2) -> 2700 | G21: 300 mm | H21: 550 mm
A22: Разделочная доска для кухонных моек из HPL
A23: Разделочная доска для кухонных моек LINO и NOBILE из HPL | E23: В интерьере фото | G23: Изображение схемы | I23: • Доска разделочная из прочного современного материала HPL • Устанавливается в фальц-ступень, расположенную в чаше моек • Ускоряет процесс приготовления вкусных блюд для любимой семьи • Не требует место для хранения так как логично дополняет композицию кухонной сантехники • Обратите внимание при выборе на артикулы - доски подходят к конкретным моделям
B24: ='Общий прайс'!C469 -> RIVELATO Разделочная доска из HPL (высокопрочный ламинат) для кухонных моек LINO и NOBILE 376*210*12 mm арт.79934 GR_376 | C24: ='Общий прайс'!A469 -> 19438 | D24: Графит (темно-серый) | E24: ='Общий прайс'!E469 -> 5990 | F24: =E24*(1-$F$2) -> 3594 | G24: 376 mm | H24: 210 mm
B25: ='Общий прайс'!C470 -> RIVELATO Разделочная доска из HPL (высокопрочный ламинат) для кухонных моек LINO и NOBILE 376*210*12 mm арт.63045 CM_376 | C25: ='Общий прайс'!A470 -> 19439 | D25: Светлый | E25: ='Общий прайс'!E470 -> 5990 | F25: =E25*(1-$F$2) -> 3594 | G25: 376 mm | H25: 210 mm
A26: Разделочная доска для кухонных моек TESORO и SCALINOиз HPL | E26: В интерьере фото | G26: Изображение схемы
B27: ='Общий прайс'!C474 -> RIVELATO Разделочная доска из HPL (высокопрочный ламинат) для кухонных моек TESORO 390*210*12 mm арт.79934 GR_390 | C27: ='Общий прайс'!A474 -> 19440 | D27: Графит (темно-серый) | E27: ='Общий прайс'!E474 -> 5990 | F27: =E27*(1-$F$2) -> 3594 | G27: 390 mm | H27: 210 mm
B28: ='Общий прайс'!C473 -> RIVELATO Разделочная доска из HPL (высокопрочный ламинат) для кухонных моек TESORO 390*210*12 mm арт.63045 CM_390 | C28: ='Общий прайс'!A473 -> 19441 | D28: Светый | E28: ='Общий прайс'!E473 -> 5990 | F28: =E28*(1-$F$2) -> 3594 | G28: 390 mm | H28: 210 mm
A29: Разделочные доски из закалённого стекла для кухонных моек FONDE | E29: В интерьере фото | G29: Изображение схемы | I29: • Доска из закаленного стекла - отличное дополнение к кухонной мойке FONDE (ФОНДЕ) как к одночашевой, так и двухчашейвой. • Рекомендуется использовать 1-ну доску • Рекомендация. Для завершённости композиции используют две доски разных или одного цветов - это позволяет закрыть поверхность чаш (и). • Не требует место для хранения так как логично сочетается с комбинации с кухонной сантехникой.
B30: ='Общий прайс'!C475 -> RIVELATO Разделочные доски из закалённого стекла 405 х 430 (TAGCRLUX) K2 NeroFN-8638 K2 Nero | C30: ='Общий прайс'!A475 -> 19381 | D30: Черный | E30: ='Общий прайс'!E475 -> 12140 | F30: =E30*(1-$F$2) -> 7284 | G30: 430 mm | H30: 405 mm
B31: ='Общий прайс'!C476 -> RIVELATO Разделочные доски из закалённого стекла 405 х 430 (TAGCRLUX) К1 BiancaFN-8638 К1 Bianca | C31: ='Общий прайс'!A476 -> 19378 | D31: Белый | E31: ='Общий прайс'!E476 -> 12140 | F31: =E31*(1-$F$2) -> 7284 | G31: 430 mm | H31: 405 mm
A32: Ролл-мат
A33: Ролл-мат силиконовый | E33: В интерьере фото | G33: Изображение схемы | I33: • Универсальный ролл-мат для любой модели Rivelato и RINOX так как устанавливается на борта чаши • Термостойкий | Складывается в 4 раза • Внутри ребра жесткости • Снаружи устойчивое покрытие из силикона | софт-тач покрытие - тактильно приятно
B34: ='Общий прайс'!C477 -> Rivelato Ролл-мат силиконовый черный 500 х 288 мм, арт.SRL-425 | C34: ='Общий прайс'!A477 -> 18651 | D34: Черный | E34: ='Общий прайс'!E477 -> 6990 | F34: =E34*(1-$F$2) -> 4194 | G34: 500 mm | H34: 288 mm
B35: ='Общий прайс'!C478 -> RIVELATO Ролл-мат силиконовый черный 378 х 210 мм LINO и NOBILE арт.SRL-378 | C35: ='Общий прайс'!A478 -> 19449 | D35: Черный | E35: ='Общий прайс'!E478 -> 5990 | F35: =E35*(1-$F$2) -> 3594 | G35: 378 mm | H35: 210 mm | I35: • Универсальный ролл-мат для моделей LINO (ЛИНО) и NOBILE (НОБИЛЕ) от Rivelato (Ривелато) • Термостойкий | Складывается в 4 раза • Внутри ребра жесткости • Снаружи устойчивое покрытие из силикона | софт-тач покрытие - тактильно приятно
B36: ='Общий прайс'!C479 -> RIVELATO Ролл-мат силиконовый черный 390 х 210 мм TESORO арт.SRL-390 | C36: ='Общий прайс'!A479 -> 19450 | D36: Черный | E36: ='Общий прайс'!E479 -> 5990 | F36: =E36*(1-$F$2) -> 3594 | G36: 390 mm | H36: 210 mm | I36: • Универсальный ролл-мат для моделей TESORO (ТЕЗОРО) и SCALINO (СКАЛИНО) от Rivelato (Ривелато) • Термостойкий | Складывается в 4 раза • Внутри ребра жесткости • Снаружи устойчивое покрытие из силикона | софт-тач покрытие - тактильно приятно
A37: Коландер
A38: Коландер | E38: В интерьере фото | G38: Фото в интерьере №2 | I38: • Модель RK-1845 только для модели AXEL (АКСЕЛЬ), • Удобное устройство для: - промывка фруктов или овощей; - разморозка рыбы или мяса.
B39: ='Общий прайс'!C466 -> Rivelato Многофункциональный коландер для моек нержавейка с пластиковыми ручками RK-1845 | C39: ='Общий прайс'!A466 -> 18187 | D39: Нержавеющая сталь | E39: ='Общий прайс'!E466 -> 6990 | F39: =E39*(1-$F$2) -> 4194 | G39: 390 mm | H39: 150 mm
B40: ='Общий прайс'!C467 -> RIVELATO Коландер из нержавеющей стали (392x169)FN-8638 | C40: ='Общий прайс'!A467 -> 19380 | D40: Нержавеющая сталь | E40: ='Общий прайс'!E467 -> 10500 | F40: =E40*(1-$F$2) -> 6300 | G40: 392 mm | H40: 169 mm | I40: • Модель FN-8638 только для модели FONDE (ФОНДЕ) и TESORO (ТЕЗОРО) • Удобное устройство для: - промывка фруктов или овощей; - разморозка рыбы или мяса.
A41: Сливная арматура рекомендовано для кухонных моек RAUM и BERKANA
A42: Комплект сливной арматуры д/1 чаш. мойки | E42: В интерьере фото | G42: Изображение схемы | I42: • Аксессуар рекомендуется для коллекции моек AXEL (АКСЕЛЬ) врезной монтаж и BERKANA (БЕРКАНА) универсальный монтаж. • Вариативность. Возможность вывести проект на игре цвета - сочетание черного круглого перелива и слива с основным цветом кухонной мойки, смесителя и дозатора. Уход от типовых решений "из коробки" - хромированного комплекта сливной арматуры. • Выбор между классическим способом поднятия сливной корзины или при помощи кнопки полуавтомата. Удобно при замачивании посуды.
B43: ='Общий прайс'!C486 -> GRANFEST Сифон одинарный 3 1/2" черный с круглым переливом и отводом арт. GF-12PB2-P2A черн | C43: ='Общий прайс'!A486 -> 18424 | D43: Черный | E43: ='Общий прайс'!E486 -> 4080 | F43: =E43*(1-$F$2) -> 2448
A44: Комплект сливной арматуры д/2х чаш. мойки | E44: В интерьере фото | G44: Изображение схемы
B45: ='Общий прайс'!C484 -> GRANFEST Сифон двойной 3 1/2" черный с круглым переливом и отводом арт. GF-12G14PB4-P2A черн | C45: ='Общий прайс'!A484 -> 18423 | D45: Черный | E45: ='Общий прайс'!E484 -> 6120 | F45: =E45*(1-$F$2) -> 3672
A46: Комплект сливной арматуры д/1 чаш. мойки с полуавтоматом | E46: В интерьере фото | G46: Изображение схемы
B47: ='Общий прайс'!C487 -> GRANFESTСифон одинарный 3 1/2" черный п/авт с круглым переливом и отводом арт. GF-13PB2-P2 павт черн | C47: ='Общий прайс'!A487 -> 18425 | D47: Черный | E47: ='Общий прайс'!E487 -> 5100 | F47: =E47*(1-$F$2) -> 3060
A48: Комплект сливной арматуры д/2х чаш. мойки с полуавтоматом | E48: В интерьере фото | G48: Изображение схемы
B49: ='Общий прайс'!C485 -> GRANFEST Сифон двойной 3 1/2" черный п/авт с круглым переливом и отводом арт. GF-13G14PB4-P2A павт черн | C49: ='Общий прайс'!A485 -> 18422 | D49: Черный | E49: ='Общий прайс'!E485 -> 7140 | F49: =E49*(1-$F$2) -> 4284
A50: Сифон одинарный с прямоугольным переливом в различных цветах
A51: Сифон одинарный для мойки, с прямоугольным переливом | E51: В интерьере фото | G51: Изображение схемы
B52: ='Общий прайс'!C488 -> Rivelato Сифон одинарный для мойки, с прямоугольным переливом цвет Серый арт. | C52: 19551 | D52: Серый | E52: ='[1]Общий прайс'!E446 -> 3900 | F52: =E52*(1-$F$2) -> 2340
A53: Сифон одинарный для мойки, с прямоугольным переливом | E53: В интерьере фото | G53: Изображение схемы
B54: ='Общий прайс'!C489 -> Rivelato Сифон одинарный для мойки, с прямоугольным переливом цвет Белый арт. | C54: 19550 | D54: Белый | E54: ='[1]Общий прайс'!E447 -> 3900 | F54: =E54*(1-$F$2) -> 2340
A55: Сифон одинарный для мойки, с прямоугольным переливом | E55: В интерьере фото | G55: Изображение схемы
B56: ='Общий прайс'!C490 -> Rivelato Сифон одинарный для мойки, с прямоугольным переливом цвет Жасмин арт. | C56: 19549 | D56: Жасмин | E56: ='[1]Общий прайс'!E448 -> 3900 | F56: =E56*(1-$F$2) -> 2340
A57: Сифон одинарный для мойки, с прямоугольным переливом | E57: В интерьере фото | G57: Изображение схемы
B58: ='Общий прайс'!C491 -> Rivelato Сифон одинарный для мойки, с прямоугольным переливом цвет Черный арт. | C58: 19548 | D58: Черный | E58: ='[1]Общий прайс'!E449 -> 3900 | F58: =E58*(1-$F$2) -> 2340
A59: Сифон двойной для мойки, с прямоугольным переливом в различных цветах
A60: Сифон двойной с прямоугольным переливом Серый | E60: В интерьере фото | G60: Изображение схемы
B61: ='Общий прайс'!C492 -> Сифон двойной с прямоугольным переливом Серый | C61: 19640 | D61: Серый | E61: ='Общий прайс'!E492 -> 5900 | F61: =E61*(1-$F$2) -> 3540
A62: Сифон двойной с прямоугольным переливом Белый | E62: В интерьере фото | G62: Изображение схемы
B63: ='Общий прайс'!C493 -> Сифон двойной с прямоугольным переливом, Белый | C63: 19641 | D63: Белый | E63: ='Общий прайс'!E493 -> 5900 | F63: =E63*(1-$F$2) -> 3540
A64: Сифон двойной с прямоугольным переливом Жасмин | E64: В интерьере фото | G64: Изображение схемы
B65: ='Общий прайс'!C490 -> Rivelato Сифон одинарный для мойки, с прямоугольным переливом цвет Жасмин арт. | C65: 19642 | D65: Жасмин | E65: ='Общий прайс'!E494 -> 5900 | F65: =E65*(1-$F$2) -> 3540
A66: Сифон двойной с прямоугольным переливом Черный | E66: В интерьере фото | G66: Изображение схемы
B67: ='Общий прайс'!C491 -> Rivelato Сифон одинарный для мойки, с прямоугольным переливом цвет Черный арт. | C67: 19643 | D67: Черный | E67: ='Общий прайс'!E495 -> 5900 | F67: =E67*(1-$F$2) -> 3540
A68: Комплект фурнитуры для выпуска моек , с прямоугольным переливом в различных цветах
A69: Комплект фурнитуры для выпуска Серый | E69: В интерьере фото | G69: Изображение схемы
B70: ='Общий прайс'!C496 -> Комплект фурнитуры для выпуска моек цвет, Серый | C70: ='Общий прайс'!A496 -> 19652 | D70: Серый | E70: 1690 | F70: =E70*(1-$F$2) -> 1014
A71: Комплект фурнитуры для выпуска Белый | E71: В интерьере фото | G71: Изображение схемы
B72: ='Общий прайс'!C497 -> Комплект фурнитуры для выпуска моек цвет, Белый | C72: ='Общий прайс'!A497 -> 19653 | D72: Белый | E72: 1690 | F72: =E72*(1-$F$2) -> 1014
A73: Комплект фурнитуры для выпуска Жасмин | E73: В интерьере фото | G73: Изображение схемы
B74: ='Общий прайс'!C498 -> Комплект фурнитуры для выпуска моек цвет, Жасмин | C74: ='Общий прайс'!A498 -> 19654 | D74: Жасмин | E74: 1690 | F74: =E74*(1-$F$2) -> 1014
A75: Комплект фурнитуры для выпуска Черный | E75: В интерьере фото | G75: Изображение схемы
B76: ='Общий прайс'!C499 -> Комплект фурнитуры для выпуска моек цвет, Черный | C76: ='Общий прайс'!A499 -> 19655 | D76: Черный | E76: ='Общий прайс'!E499 -> 1690 | F76: =E76*(1-$F$2) -> 1014

Sheet Гранит 400
G2: Скидка
G3: Холодное литье | I3: ='Общий прайс'!$F$2 -> 0.4 | N3: Навигация по каталогу цен
A4: Изображение | B4: Модель | C4: Код товара | D4: Цвет | E4: Размер в mm | G4: Тип | H4: Цена в ₽ с НДС | J4: Особенности | K4: Рекомендуемые | L4: Общие характеристики | N4: Описание | O4: Ссылки
E5: Общий | F5: Чаша | G5: Монтажа | H5: РРЦ | I5: Закуп | K5: аксессуары | O5: Гранит | P5: Нерж. Сталь
A7: Материал: TERIGRANIT (технология хлодного литья) Гарантия 15 лет | N7: Смесители | O7: Смесители
A8: TESORO 405 | C8: Рендер с интерьером | E8: Схема с размерами | G8: Объём упаковки: 0,11 м³ • Вес нетто: 7,7 кг • Вес брутто: 11,9 кг | L8: • Гарантия 15 лет • Terigranit (Теригранит): В основе материала — наноструктура кристаллов натурального кварца высшей очистки, армирующее полиэфирное волокно Terital (Теритал): ✓ Сверхпрочность — ударопрочность, термостойкость от −50 °C до +280 °C, на 70% прочнее аналогов. ✓ Гигиена — антибактериальная защита в материале, не впитывает запахи и красители. ✓ Лёгкий уход — гидрофобная поверхность: вода скатывается. ✓ Тишина — максимальное шумопоглощение, без «барабанного» эффекта стали. ✓ Долговечный дизайн — цвет не выгорает. ✓ Безопасность — сертифицированное европейское сырьё, допуск к пищевым продуктам. • Комплектация: сифон с доп.выводом для ПММ, крепеж, паспорт изделия, монтажный шаблон. • Упаковка капсульного типа: целлюлозный пятислойный влагостойкий картон, ребра жесткости, мойка обернута в полиэтиленовый пакет. | N8: Дозаторы | O8: Дозаторы
B9: ='Общий прайс'!C190 -> RIVELATO Мойка TESORO 405 1-чаш 400*510 antracite арт.TR-405 antracite | C9: 19254 | D9: antracite | E9: 400*510 | F9: 350*370*190 | G9: • Врезной | H9: ='Общий прайс'!E190 -> 15990 | I9: =H9*(1-$I$3) -> 9594 | J9: • Фальц-ступень для аксессуаров доска или ролл-мат • Прямоугольный перелив • Сливное отверстие смещено к задней стенке | K9: • Разделочная доска HPL Код товара № 19440, 19441 • Ролл-мат Код товара № 19450 | N9: Аксессуары | O9: Аксессуары
B10: ='Общий прайс'!C191 -> RIVELATO Мойка TESORO 405 1-чаш 400*510 beige scuro арт.TR-405 beige scuro | C10: 19261 | D10: beige scuro | H10: ='Общий прайс'!E191 -> 15990 | I10: =H10*(1-$I$3) -> 9594 | N10: База 450 mm | O10: 450 | P10: 450
B11: ='Общий прайс'!C192 -> RIVELATO Мойка TESORO 405 1-чаш 400*510 brina арт.TR-405 brina | C11: 19272 | D11: brina | H11: ='Общий прайс'!E192 -> 15990 | I11: =H11*(1-$I$3) -> 9594 | N11: База 500 mm | O11: 500 | P11: 500
B12: ='Общий прайс'!C193 -> RIVELATO Мойка TESORO 405 1-чаш 400*510 grigio metallizzato арт.TR-405 grigio metallizzato | C12: 19284 | D12: grigio metallizzato | H12: ='Общий прайс'!E193 -> 15990 | I12: =H12*(1-$I$3) -> 9594 | N12: База 600 mm | O12: 600 | P12: 600
B13: ='Общий прайс'!C194 -> RIVELATO Мойка TESORO 405 1-чаш 400*510 nero арт.TR-405 nero | C13: 19295 | D13: nero | H13: ='Общий прайс'!E194 -> 15990 | I13: =H13*(1-$I$3) -> 9594 | N13: База 800 mm | O13: 800 | P13: 800
B14: ='Общий прайс'!C195 -> RIVELATO Мойка TESORO 405 1-чаш 400*510 topazio арт.TR-405 topazio | C14: 19307 | D14: topazio | H14: ='Общий прайс'!E195 -> 15990 | I14: =H14*(1-$I$3) -> 9594 | N14: База 900 mm | O14: 900 | P14: 900
A15: LINO 354 | C15: Рендер с интерьером | E15: Схема с размерами | G15: Объём упаковки: 0,11 м³ • Вес нетто: 6,6 кг • Вес брутто: 10,8 кг | N15: Общий прайс | O15: Общий прайс
B16: ='Общий прайс'!C94 -> RIVELATO Мойка LINO 354 1-чаш 350*440 antracite арт.LN-354 antracite | C16: 19205 | D16: antracite | E16: 350*440 | F16: 300*360*200 | G16: • Универсальный | H16: ='Общий прайс'!E94 -> 14990 | I16: =H16*(1-$I$3) -> 8994 | J16: • Монтаж универсальный • На дне направляющие воду лучи • Наличие фальц-ступени для доски или ролл-мата • Прямоугольный перелив | K16: • Разделочная доска HPL Код товара № 19438, 19439 • Ролл-мат Код товара № 19449 | N16: Содержание
B17: ='Общий прайс'!C95 -> RIVELATO Мойка LINO 354 1-чаш 350*440 beige scuro арт.LN-354 beige scuro | C17: 19196 | D17: beige scuro | H17: ='Общий прайс'!E95 -> 14990 | I17: =H17*(1-$I$3) -> 8994
B18: ='Общий прайс'!C96 -> RIVELATO Мойка LINO 354 1-чаш 350*440 brina арт.LN-354 brina | C18: 19207 | D18: brina | H18: ='Общий прайс'!E96 -> 14990 | I18: =H18*(1-$I$3) -> 8994
B19: ='Общий прайс'!C97 -> RIVELATO Мойка LINO 354 1-чаш 350*440 grigio metallizzato арт.LN-354 grigio metallizzato | C19: 19209 | D19: grigio metallizzato | H19: ='Общий прайс'!E97 -> 14990 | I19: =H19*(1-$I$3) -> 8994
B20: ='Общий прайс'!C98 -> RIVELATO Мойка LINO 354 1-чаш 350*440 nero арт.LN-354 nero | C20: 19206 | D20: nero | H20: ='Общий прайс'!E98 -> 14990 | I20: =H20*(1-$I$3) -> 8994
B21: ='Общий прайс'!C99 -> RIVELATO Мойка LINO 354 1-чаш 350*440 topazio арт.LN-354 topazio | C21: 19208 | D21: topazio | H21: ='Общий прайс'!E99 -> 14990 | I21: =H21*(1-$I$3) -> 8994
A22: BERKANA 25 | C22: Рендер с интерьером | E22: Схема с размерами | G22: Объём упаковки: 0,111 м³ • Вес нетто: 7,40 кг • Вес брутто: 12,20 кг
B23: ='Общий прайс'!C70 -> RIVELATO Мойка BERKANA 25 подст.монтаж 1-чаш 305*455 antracite арт.BK-25 antracite | C23: 18145 | D23: antracite | E23: 310*460 | F23: 250*400*190 | G23: • Универсальный | H23: ='Общий прайс'!E71 -> 19380 | I23: =H23*(1-$I$3) -> 11628 | J23: • Универсальный монтаж • Классический круглый перелив | K23: • Ролл-мат Код товара № 18651 • Черный сифон Код товара № 18425, 18424
B24: ='Общий прайс'!C71 -> RIVELATO Мойка BERKANA 25 подст.монтаж 1-чаш 305*455 beige scuro арт.BK-25 beige scuro | C24: 18146 | D24: beige scuro | H24: ='Общий прайс'!E72 -> 19380 | I24: =H24*(1-$I$3) -> 11628
B25: ='Общий прайс'!C72 -> RIVELATO Мойка BERKANA 25 подст.монтаж 1-чаш 305*455 brina арт.BK-25 brina | C25: 18147 | D25: brina | H25: ='Общий прайс'!E73 -> 19380 | I25: =H25*(1-$I$3) -> 11628
B26: ='Общий прайс'!C73 -> RIVELATO Мойка BERKANA 25 подст.монтаж 1-чаш 305*455 grigio metallizzato арт.BK-25 grigio metallizzato | C26: 18149 | D26: grigio metallizzato | H26: ='Общий прайс'!E74 -> 19380 | I26: =H26*(1-$I$3) -> 11628
B27: ='Общий прайс'!C74 -> RIVELATO Мойка BERKANA 25 подст.монтаж 1-чаш 305*455 nero арт.BK-25 nero | C27: 18148 | D27: nero | H27: ='Общий прайс'!E75 -> 19380 | I27: =H27*(1-$I$3) -> 11628
B28: ='Общий прайс'!C75 -> RIVELATO Мойка BERKANA 25 подст.монтаж 1-чаш 305*455 topazio арт.BK-25 topazio | C28: 18150 | D28: topazio | H28: ='Общий прайс'!E76 -> 20910 | I28: =H28*(1-$I$3) -> 12546

Sheet Гранит 450
G1: Скидка
G2: Холодное литье | I2: ='Общий прайс'!$F$2 -> 0.4
G3: Горячее литье | I3: ='Общий прайс'!$F$3 -> 0.4
N4: Навигация по каталогу цен
A5: Изображение | B5: Модель | C5: Код товара | D5: Цвет | E5: Размер в mm | G5: Тип | H5: Цена в ₽ с НДС | J5: Особенности | K5: Рекомендуемые | L5: Общие характеристики | N5: Описание | O5: Ссылки
E6: Общий | F6: Чаша | G6: Монтажа | H6: РРЦ | I6: Закуп | K6: аксессуары | O6: Гранит | P6: Нерж. Сталь
A8: Материал: Terigranit (технология хлодного литья) Гарантия 15 лет | N8: Смесители | O8: Смесители
A9: SCALINO 353 - НОВИНКА | C9: Рендер с интерьером | E9: Схема с размерами | G9: Объём упаковки: 0,11 м³ • Вес нетто: 7,1 кг • Вес брутто: 11,3 кг | N9: Дозаторы | O9: Дозаторы
A10: #VALUE! | B10: ='Общий прайс'!C28 -> RIVELATO Мойка SCALINO SL-353 1-чаш 445*400 grigio metallizzato | C10: ='Общий прайс'!A28 -> 19703 | D10: grigio metallizzato | E10: 400*445 | F10: 350 х 370 х 190 | G10: • Подстольный | H10: ='Общий прайс'!E28 -> 11990 | I10: =H10*(1-$I$2) -> 7194 | J10: • Фальц-ступень для аксессуаров доска или ролл-мат • Прямоугольный перелив • Крепеж в комплекте | K10: • Разделочная доска HPL • Ролл-мат | L10: • Гарантия 15 лет - Лидер по в России. • Terigranit (Теригранит): В основе материала — наноструктура кристаллов натурального кварца высшей очистки, армирующее полиэфирное волокно Terital (Теритал): ✓ Сверхпрочность — ударопрочность, термостойкость от −50 °C до +280 °C, на 70% прочнее аналогов. ✓ Гигиена — антибактериальная защита в материале, не впитывает запахи и красители. ✓ Лёгкий уход — гидрофобная поверхность: вода скатывается. ✓ Тишина — максимальное шумопоглощение, без «барабанного» эффекта стали. ✓ Долговечный дизайн — цвет не выгорает. ✓ Безопасность — сертифицированное европейское сырьё, допуск к пищевым продуктам. • Комплектация: сифон с доп.выводом для ПММ, крепеж, паспорт изделия, монтажный шаблон. • Упаковка капсульного типа: целлюлозный пятислойный влагостойкий картон, ребра жесткости, мойка обернута в полиэтиленовый пакет. | N10: Аксессуары | O10: Аксессуары
B11: ='Общий прайс'!C29 -> RIVELATO Мойка SCALINO SL-353 1-чаш 445*400 antracite | C11: ='Общий прайс'!A29 -> 19657 | D11: antracite | H11: ='Общий прайс'!E29 -> 11990 | I11: =H11*(1-$I$2) -> 7194 | N11: База 400 mm | O11: 400 | P11: 400
B12: ='Общий прайс'!C30 -> RIVELATO Мойка SCALINO SL-353 1-чаш 445*400 beige scuro | C12: ='Общий прайс'!A30 -> 19658 | D12: beige scuro | H12: ='Общий прайс'!E30 -> 11990 | I12: =H12*(1-$I$2) -> 7194 | N12: База 500 mm | O12: 500 | P12: 500
B13: ='Общий прайс'!C31 -> RIVELATO Мойка SCALINO SL-353 1-чаш 445*400 brina | C13: ='Общий прайс'!A31 -> 19659 | D13: brina | H13: ='Общий прайс'!E31 -> 11990 | I13: =H13*(1-$I$2) -> 7194 | N13: База 600 mm | O13: 600 | P13: 600
N14: База 800 mm | O14: 800 | P14: 800
N15: База 900 mm | O15: 900 | P15: 900
A16: TESORO 455-L | C16: Рендер с интерьером | E16: Схема с размерами | G16: Объём упаковки: 0,11 м³ • Вес нетто: 8,6 кг • Вес брутто: 12,8 кг | N16: Общий прайс | O16: Общий прайс
B17: ='Общий прайс'!C196 -> RIVELATO Мойка TESORO 455-L 1-чаш 450*510 antracite арт.TR-455-L antracite | C17: 19255 | D17: antracite | E17: 450*510 | F17: 440*370*200 | G17: • Врезной | H17: ='Общий прайс'!E196 -> 16990 | I17: =H17*(1-$I$2) -> 10194 | J17: • Фальц-ступень для аксессуаров доска или ролл-мат • Прямоугольный перелив • Смещенное влево сливное отверстие • Подготовка отверстий для смесителя и дозатора | K17: • Разделочная доска HPL Код товара № 19440, 19441 • Ролл-мат Код товара № 19450 | N17: Содержание
B18: ='Общий прайс'!C197 -> RIVELATO Мойка TESORO 455-L 1-чаш 450*510 beige scuro арт.TR-455-L beige scuro | C18: 19262 | D18: beige scuro | H18: ='Общий прайс'!E197 -> 16990 | I18: =H18*(1-$I$2) -> 10194
B19: ='Общий прайс'!C198 -> RIVELATO Мойка TESORO 455-L 1-чаш 450*510 brina арт.TR-455-L brina | C19: 19274 | D19: brina | H19: ='Общий прайс'!E198 -> 16990 | I19: =H19*(1-$I$2) -> 10194
B20: ='Общий прайс'!C199 -> RIVELATO Мойка TESORO 455-L 1-чаш 450*510 grigio metallizzato арт.TR-455-L grigio metallizzato | C20: 19285 | D20: grigio metallizzato | H20: ='Общий прайс'!E199 -> 16990 | I20: =H20*(1-$I$2) -> 10194
B21: ='Общий прайс'!C200 -> RIVELATO Мойка TESORO 455-L 1-чаш 450*510 nero арт.TR-455-L nero | C21: 19297 | D21: nero | H21: ='Общий прайс'!E200 -> 16990 | I21: =H21*(1-$I$2) -> 10194
B22: ='Общий прайс'!C201 -> RIVELATO Мойка TESORO 455-L 1-чаш 450*510 topazio арт.TR-455-L topazio | C22: 19308 | D22: topazio | H22: ='Общий прайс'!E201 -> 16990 | I22: =H22*(1-$I$2) -> 10194
A23: TESORO 455-R | C23: Рендер с интерьером | E23: Схема с размерами | G23: Объём упаковки: 0,11 м³ • Вес нетто: 8,6 кг • Вес брутто: 12,8 кг
B24: ='Общий прайс'!C202 -> RIVELATO Мойка TESORO 455-R 1-чаш 450*510 antracite арт.TR-455-R antracite | C24: 19256 | D24: antracite | E24: 450*510 | F24: 440*370*200 | G24: • Врезной | H24: ='Общий прайс'!E202 -> 16990 | I24: =H24*(1-$I$2) -> 10194 | J24: • Фальц-ступень для аксессуаров доска или ролл-мат • Прямоугольный перелив • Смещенное влево сливное отверстие • Подготовка отверстий для смесителя и дозатора | K24: • Разделочная доска HPL Код товара № 19440, 19441 • Ролл-мат Код товара № 19450
B25: ='Общий прайс'!C203 -> RIVELATO Мойка TESORO 455-R 1-чаш 450*510 beige scuro арт.TR-455-R beige scuro | C25: 19263 | D25: beige scuro | H25: ='Общий прайс'!E203 -> 16990 | I25: =H25*(1-$I$2) -> 10194
B26: ='Общий прайс'!C204 -> RIVELATO Мойка TESORO 455-R 1-чаш 450*510 brina арт.TR-455-R brina | C26: 19275 | D26: brina | H26: ='Общий прайс'!E204 -> 16990 | I26: =H26*(1-$I$2) -> 10194
B27: ='Общий прайс'!C205 -> RIVELATO Мойка TESORO 455-R 1-чаш 450*510 grigio metallizzato арт.TR-455-R grigio metallizzato | C27: 19286 | D27: grigio metallizzato | H27: ='Общий прайс'!E205 -> 16990 | I27: =H27*(1-$I$2) -> 10194
B28: ='Общий прайс'!C206 -> RIVELATO Мойка TESORO 455-R 1-чаш 450*510 nero арт.TR-455-R nero | C28: 19298 | D28: nero | H28: ='Общий прайс'!E206 -> 16990 | I28: =H28*(1-$I$2) -> 10194
B29: ='Общий прайс'!C207 -> RIVELATO Мойка TESORO 455-R 1-чаш 450*510 topazio арт.TR-455-R topazio | C29: 19309 | D29: topazio | H29: ='Общий прайс'!E207 -> 16990 | I29: =H29*(1-$I$2) -> 10194
A30: BERKANA 35 | C30: Рендер с интерьером | E30: Схема с размерами | G30: Объём упаковки: 0,111 м³ • Вес нетто: 10,40 кг • Вес брутто: 14,40 кг
B31: ='Общий прайс'!C76 -> RIVELATO Мойка BERKANA 35 подст.монтаж 1-чаш 415*455 antracite арт.BK-35 antracite | C31: ='Общий прайс'!A41 -> 19669 | D31: antracite | E31: 410*460 | F31: 350*400*200 | G31: • Врезной | H31: ='Общий прайс'!E76 -> 20910 | I31: =H31*(1-$I$2) -> 12546 | J31: • Универсальный монтаж • Классический круглый перелив • Рекомендуется устанавливать в паре с моделью Berkana 25 (Беркана 25) - выполняет роль доп-ой чаши | K31: • Ролл-мат Код товара № 18651 • Черный сифон Код товара № 18425, 18424
B32: ='Общий прайс'!C77 -> RIVELATO Мойка BERKANA 35 подст.монтаж 1-чаш 415*455 beige scuro арт.BK-35 beige scuro | C32: ='Общий прайс'!A42 -> 19670 | D32: beige scuro | H32: ='Общий прайс'!E77 -> 20910 | I32: =H32*(1-$I$2) -> 12546
B33: ='Общий прайс'!C78 -> RIVELATO Мойка BERKANA 35 подст.монтаж 1-чаш 415*455 brina арт.BK-35 brina | C33: ='Общий прайс'!A43 -> 19671 | D33: brina | H33: ='Общий прайс'!E78 -> 20910 | I33: =H33*(1-$I$2) -> 12546
B34: ='Общий прайс'!C79 -> RIVELATO Мойка BERKANA 35 подст.монтаж 1-чаш 415*455 grigio metallizzato арт.BK-35 grigio metallizzato | C34: 18154 | D34: grigio metallizzato | H34: ='Общий прайс'!E79 -> 20910 | I34: =H34*(1-$I$2) -> 12546
B35: ='Общий прайс'!C80 -> RIVELATO Мойка BERKANA 35 подст.монтаж 1-чаш 415*455 nero арт.BK-35 nero | C35: 18155 | D35: nero | H35: ='Общий прайс'!E80 -> 20910 | I35: =H35*(1-$I$2) -> 12546
B36: ='Общий прайс'!C81 -> RIVELATO Мойка BERKANA 35 подст.монтаж 1-чаш 415*455 topazio арт.BK-35 topazio | C36: 18156 | D36: topazio | H36: ='Общий прайс'!E81 -> 20910 | I36: =H36*(1-$I$2) -> 12546
A37: Матриал: Granoceramic (технология горячего литья)
A38: STRIA 4134 | C38: Рендер с интерьером | E38: Схема с размерами | G38: Объём упаковки: 0,11 м³ • Вес нетто: 6,15 кг • Вес брутто: 9,81 кг | L38: • Гарантия 20 лет • Granoceramic — премиум-материал с керамической душой ✓ Состав премиум-класса — кварц, смолы PMMA и керамическая глина. Твёрдость камня, глубина цвета. ✓ Технология SPR — итальянское горячее литьё. Монолитная структура без микропор, цвет по всей толщине. ✓ Антивандальность — устойчивость к царапинам, сколам и ударам тяжёлой посудой. ✓ Термостойкость — кипятком без ограничений. ✓ Гигиена 100% — нулевая пористость, антибактериальные свойства, не впитывает запахи и красители. ✓ Вечный дизайн — гладкая поверхность, насыщенный цвет не выгорает десятилетиями. • Комплектация: Сифон U-образный, паспорт изделия, крепеж, монтажный шаблон, мойка в полиэтиленовом пакете. • Упаковка: Короб из целлюлозного картона пятислойный влагостойки с ребрами жесткости внутри.
B39: ='Общий прайс'!C292 -> RIVELATO Мойка STRIA 4134 1-чаш 410*435 Bianco latte арт.SR-4134 Bianco latte | C39: 19154 | D39: Bianco latte | E39: 410*435 | F39: 340*400*210 | G39: • Подстольный | H39: ='Общий прайс'!E292 -> 34990 | I39: =H39*(1-$I$3) -> 20994 | J39: • Прямоугольный перелив • Сливное отверстие смещено к задней стенке чаши | K39: • Черный сифон Код товара № 18425, 18424
B40: ='Общий прайс'!C294 -> RIVELATO Мойка STRIA 4134 1-чаш 410*435 Grigio puro арт.SR-4134 Grigio puro | C40: 19273 | D40: Grigio puro | H40: ='Общий прайс'!E294 -> 34990 | I40: =H40*(1-$I$3) -> 20994
B41: ='Общий прайс'!C295 -> RIVELATO Мойка STRIA 4134 1-чаш 410*435 Nero profondo арт.SR-4134 Nero profondo | C41: 19337 | D41: Nero profondo | H41: ='Общий прайс'!E295 -> 34990 | I41: =H41*(1-$I$3) -> 20994
B42: ='Общий прайс'!C296 -> RIVELATO Мойка STRIA 4134 1-чаш 410*435 Sabbia арт.SR-4134 Sabbia | C42: 19296 | D42: Sabbia | H42: ='Общий прайс'!E296 -> 34990 | I42: =H42*(1-$I$3) -> 20994
A43: ZENO 4150 | C43: Рендер с интерьером | E43: Схема с размерами | G43: Объём упаковки: 0,11 м³ • Вес нетто: 6,29 кг • Вес брутто: 10,28 кг
B44: ='Общий прайс'!C321 -> RIVELATO Мойка ZENO 4150 1-чаш 410*500 Bianco latte арт.ZN-4150 Bianco latte | C44: 19140 | D44: Bianco latte | E44: 410*500 | F44: 340*395*200 | G44: • Врезной | H44: ='Общий прайс'!E321 -> 30990 | I44: =H44*(1-$I$3) -> 18594 | J44: • Прямоугольный перелив • Смещенное сливное отверстие к задней стенке | K44: • Черный сифон Код товара № 18425, 18424
B45: ='Общий прайс'!C322 -> RIVELATO Мойка ZENO 4150 1-чаш 410*500 Grigio puro арт.ZN-4150 Grigio puro | C45: 19359 | D45: Grigio puro | H45: ='Общий прайс'!E322 -> 30990 | I45: =H45*(1-$I$3) -> 18594
B46: ='Общий прайс'!C323 -> RIVELATO Мойка ZENO 4150 1-чаш 410*500 Nero profondo арт.ZN-4150 Nero profondo | C46: 19360 | D46: Nero profondo | H46: ='Общий прайс'!E323 -> 30990 | I46: =H46*(1-$I$3) -> 18594
B47: ='Общий прайс'!C324 -> RIVELATO Мойка ZENO 4150 1-чаш 410*500 Sabbia арт.ZN-4150 Sabbia | C47: 19358 | D47: Sabbia | H47: ='Общий прайс'!E324 -> 30990 | I47: =H47*(1-$I$3) -> 18594
A48: Матриал: Lumigranit (технология горячего литья)
A49: STRIA 4134 | C49: Рендер с интерьером | E49: Схема с размерами | G49: Объём упаковки: 0,11 м³ • Вес нетто: 6,15 кг • Вес брутто: 9,81 кг | L49: • Гарантия 20 лет Lumigranit — материал с металлизированным характером ✓ Уникальный эффект — глубокий металлический оттенок в структуре, играет на свету. ✓ Итальянская технология — полимеризация, монолитная структура, нулевая пористость. ✓ Гигиена и уход — «невидимый щит» от грязи и налёта, легко очищается. ✓ Надёжность — стойкость к царапинам, химии, температуре и выцветанию. ✓ Премиум-тактильность — бархатисто-гладкая поверхность, роскошный вид. ✓ Безопасность — европейское сырьё, контакт с пищевыми продуктами. • Комплектация: Сифон U-образный, паспорт изделия, крепеж, монтажный шаблон, мойка в полиэтиленовом пакете. • Упаковка: Короб из целлюлозного картона пятислойный влагостойки с ребрами жесткости внутри.
B50: ='Общий прайс'!C293 -> RIVELATO Мойка STRIA 4134 1-чаш 410*435 Calcestruzzo арт.SR-4134 Calcestruzzo | C50: 19339 | D50: Calcestruzzo | E50: 410*435 | F50: 340*400*210 | G50: • Подстольный | H50: ='Общий прайс'!E293 -> 31990 | I50: =H50*(1-$I$3) -> 19194 | J50: • Прямоугольный перелив • Сливное отверстие смещено к задней стенке | K50: • Черный сифон Код товара № 18425, 18424
B51: ='Общий прайс'!C297 -> RIVELATO Мойка STRIA 4134 1-чаш 410*435 Titanio арт.SR-4134 Titanio | C51: ='Общий прайс'!A297 -> 19338 | D51: Titanio | H51: ='Общий прайс'!E297 -> 31990 | I51: =H51*(1-$I$3) -> 19194

Sheet Гранит 500
G1: Скидка
G2: Холодное литье | I2: ='Общий прайс'!$F$2 -> 0.4
I3: ='Общий прайс'!$F$2 -> 0.4
I4: ='Общий прайс'!$F$2 -> 0.4 | N4: Навигация по каталогу цен
A5: Изображение | B5: Модель | C5: Код товара | D5: Цвет | E5: Размер в mm | G5: Тип | H5: Цена в ₽ с НДС | J5: Особенности | K5: Рекомендуемые | L5: Общие характеристики | N5: Описание | O5: Ссылки
E6: Общий | F6: Чаша | G6: Монтажа | H6: РРЦ | I6: Закуп | K6: аксессуары | O6: Гранит | P6: Нерж. Сталь
A8: Материал: TERIGRANIT (технология хлодного литья) Гарантия 15 лет | N8: Смесители | O8: Смесители
A9: SCALINO-403-L | C9: Рендер с интерьером | E9: Схема с размерами | G9: Объём упаковки: 0,11 м³ • Вес нетто: 8,0 кг • Вес брутто: 12,2 кг | L9: • Гарантия 15 лет • Terigranit (Теригранит): В основе материала — наноструктура кристаллов натурального кварца высшей очистки, армирующее полиэфирное волокно Terital (Теритал): ✓ Сверхпрочность — ударопрочность, термостойкость от −50 °C до +280 °C, на 70% прочнее аналогов. ✓ Гигиена — антибактериальная защита в материале, не впитывает запахи и красители. ✓ Лёгкий уход — гидрофобная поверхность: вода скатывается. ✓ Тишина — максимальное шумопоглощение, без «барабанного» эффекта стали. ✓ Долговечный дизайн — цвет не выгорает. ✓ Безопасность — сертифицированное европейское сырьё, допуск к пищевым продуктам. • Комплектация: сифон с доп.выводом для ПММ, крепеж, паспорт изделия, монтажный шаблон. • Упаковка капсульного типа: целлюлозный пятислойный влагостойкий картон, ребра жесткости, мойка обернута в полиэтиленовый пакет. | N9: Дозаторы | O9: Дозаторы
B10: ='Общий прайс'!C34 -> RIVELATO Мойка SCALINO SL-403-L 1-чаш 445*450 antracite | C10: ='Общий прайс'!A34 -> 19662 | D10: antracite | E10: 450*445 | F10: 400 х 370 х 200 | G10: • Подстольный монтаж | H10: ='Общий прайс'!E34 -> 14990 | I10: =H10*(1-$I$2) -> 8994 | J10: • Монтаж ПОДСТОЛЬНЫЙ • Наличие фальц-ступени для доски или ролл-мата • Прямоугольный перелив • Сливное отверстие слева • Комплектация U-образный сифон с выводом д/ПММ, комплект крепежа | K10: • Разделочная доска HPL • Ролл-мат | N10: Аксессуары | O10: Аксессуары
B11: ='Общий прайс'!C35 -> RIVELATO Мойка SCALINO SL-403-L 1-чаш 445*450 beige scuro | C11: ='Общий прайс'!A35 -> 19663 | D11: beige scuro | H11: ='Общий прайс'!E35 -> 14990 | I11: =H11*(1-$I$2) -> 8994 | N11: База 400 mm | O11: 400 | P11: 400
B12: ='Общий прайс'!C34 -> RIVELATO Мойка SCALINO SL-403-L 1-чаш 445*450 antracite | C12: ='Общий прайс'!A36 -> 19664 | D12: brina | H12: ='Общий прайс'!E36 -> 14990 | I12: =H12*(1-$I$2) -> 8994 | N12: База 450 mm | O12: 450 | P12: 450
B13: ='Общий прайс'!C36 -> RIVELATO Мойка SCALINO SL-403-L 1-чаш 445*450 brina | C13: ='Общий прайс'!A37 -> 19665 | D13: grigio metallizzato | H13: ='Общий прайс'!E37 -> 14990 | I13: =H13*(1-$I$2) -> 8994 | N13: База 600 mm | O13: 600 | P13: 600
N14: База 800 mm | O14: 800 | P14: 800
N15: База 900 mm | O15: 900 | P15: 900
A16: SCALINO-403-R | C16: Рендер с интерьером | E16: Схема с размерами | G16: Объём упаковки: 0,11 м³ • Вес нетто: 8,0 кг • Вес брутто: 12,2 кг | N16: Общий прайс | O16: Общий прайс
B17: ='Общий прайс'!C40 -> RIVELATO Мойка SCALINO SL-403-R 1-чаш 445*450 antracite | C17: ='Общий прайс'!A40 -> 19668 | D17: antracite | E17: 450*445 | F17: 400 х 370 х 200 | G17: • Универсальный | H17: ='Общий прайс'!E40 -> 14990 | I17: =H17*(1-$I$2) -> 8994 | J17: • Монтаж ПОДСТОЛЬНЫЙ • Наличие фальц-ступени для доски или ролл-мата • Прямоугольный перелив • Сливное отверстие справа • Комплектация U-образный сифон с выводом д/ПММ, комплект крепежа | K17: • Разделочная доска HPL • Ролл-мат | N17: Содержание
B18: ='Общий прайс'!C41 -> RIVELATO Мойка SCALINO SL-403-R 1-чаш 445*450 beige scuro | C18: ='Общий прайс'!A41 -> 19669 | D18: beige scuro | H18: ='Общий прайс'!E41 -> 14990 | I18: =H18*(1-$I$2) -> 8994
B19: ='Общий прайс'!C42 -> RIVELATO Мойка SCALINO SL-403-R 1-чаш 445*450 brina | C19: ='Общий прайс'!A48 -> 19676 | D19: brina | H19: ='Общий прайс'!E42 -> 14990 | I19: =H19*(1-$I$2) -> 8994
B20: ='Общий прайс'!C43 -> RIVELATO Мойка SCALINO SL-403-R 1-чаш 445*450 grigio metallizzato | C20: ='Общий прайс'!A43 -> 19671 | D20: grigio metallizzato | H20: ='Общий прайс'!E43 -> 14990 | I20: =H20*(1-$I$2) -> 8994
A23: LINO 454-L | C23: Рендер с интерьером | E23: Схема с размерами | G23: Объём упаковки: 0,11 м³ • Вес нетто: 7,9 кг • Вес брутто: 12,1 кг
B24: ='Общий прайс'!C100 -> RIVELATO Мойка LINO 454-L 1-чаш 450*440 antracite арт.LN-454-L antracite | C24: 19212 | D24: antracite | E24: 450*440 | F24: 400*360*200 | G24: • Универсальный | H24: ='Общий прайс'!E100 -> 16990 | I24: =H24*(1-$I$2) -> 10194 | J24: • Монтаж универсальный • На дне направляющие воду лучи • Наличие фальц-ступени для доски или ролл-мата • Прямоугольный перелив • Сливное отверстие справа • Комплектация U-образный сифон с выводом д/ПММ | K24: • Разделочная доска HPL Код товара № 19438, 19439 • Ролл-мат Код товара № 19449
B25: ='Общий прайс'!C101 -> RIVELATO Мойка LINO 454-L 1-чаш 450*440 beige scuro арт.LN-454-L beige scuro | C25: 19197 | D25: beige scuro | H25: ='Общий прайс'!E101 -> 16990 | I25: =H25*(1-$I$2) -> 10194
B26: ='Общий прайс'!C102 -> RIVELATO Мойка LINO 454-L 1-чаш 450*440 brina арт.LN-454-L brina | C26: 19220 | D26: brina | H26: ='Общий прайс'!E102 -> 16990 | I26: =H26*(1-$I$2) -> 10194
B27: ='Общий прайс'!C103 -> RIVELATO Мойка LINO 454-L 1-чаш 450*440 grigio metallizzato арт.LN-454-L grigio metallizzato | C27: 19210 | D27: grigio metallizzato | H27: ='Общий прайс'!E103 -> 16990 | I27: =H27*(1-$I$2) -> 10194
B28: ='Общий прайс'!C104 -> RIVELATO Мойка LINO 454-L 1-чаш 450*440 nero арт.LN-454-L nero | C28: 19234 | D28: nero | H28: ='Общий прайс'!E104 -> 16990 | I28: =H28*(1-$I$2) -> 10194
B29: ='Общий прайс'!C105 -> RIVELATO Мойка LINO 454-L 1-чаш 450*440 topazio арт.LN-454-L topazio | C29: 19242 | D29: topazio | H29: ='Общий прайс'!E105 -> 16990 | I29: =H29*(1-$I$2) -> 10194
A30: LINO 454-R | C30: Рендер с интерьером | E30: Схема с размерами | G30: Объём упаковки: 0,11 м³ • Вес нетто: 7,9 кг • Вес брутто: 12,1 кг
B31: ='Общий прайс'!C106 -> RIVELATO Мойка LINO 454-R 1-чаш 450*440 antracite арт.LN-454-R antracite | C31: 19213 | D31: antracite | E31: 450*440 | F31: 400*360*200 | G31: • Универсальный | H31: ='Общий прайс'!E106 -> 16990 | I31: =H31*(1-$I$2) -> 10194 | J31: • Монтаж универсальный • На дне направляющие воду лучи • Наличие фальц-ступени для доски или ролл-мата • Прямоугольный перелив • Сливное отверстие справа • Комплектация U-образный сифон с выводом д/ПММ | K31: • Разделочная доска HPL Код товара № 19438, 19439 • Ролл-мат Код товара № 19449
B32: ='Общий прайс'!C107 -> RIVELATO Мойка LINO 454-R 1-чаш 450*440 beige scuro арт.LN-454-R beige scuro | C32: 19198 | D32: beige scuro | H32: ='Общий прайс'!E107 -> 16990 | I32: =H32*(1-$I$2) -> 10194
B33: ='Общий прайс'!C108 -> RIVELATO Мойка LINO 454-R 1-чаш 450*440 brina арт.LN-454-R brina | C33: 19221 | D33: brina | H33: ='Общий прайс'!E108 -> 16990 | I33: =H33*(1-$I$2) -> 10194
B34: ='Общий прайс'!C109 -> RIVELATO Мойка LINO 454-R 1-чаш 450*440 grigio metallizzato арт.LN-454-R grigio metallizzato | C34: 19211 | D34: grigio metallizzato | H34: ='Общий прайс'!E109 -> 16990 | I34: =H34*(1-$I$2) -> 10194
B35: ='Общий прайс'!C110 -> RIVELATO Мойка LINO 454-R 1-чаш 450*440 nero арт.LN-454-R nero | C35: 19235 | D35: nero | H35: ='Общий прайс'!E110 -> 16990 | I35: =H35*(1-$I$2) -> 10194
B36: ='Общий прайс'!C111 -> RIVELATO Мойка LINO 454-R 1-чаш 450*440 topazio арт.LN-454-R topazio | C36: 19243 | D36: topazio | H36: ='Общий прайс'!E111 -> 16990 | I36: =H36*(1-$I$2) -> 10194
A37: TESORO 505-L | C37: Рендер с интерьером | E37: Схема с размерами | G37: Объём упаковки: 0,11 м³ • Вес нетто: 9,1 кг • Вес брутто: 13,3 кг
B38: ='Общий прайс'!C208 -> RIVELATO Мойка TESORO 505-L 1-чаш 500*510 antracite арт.TR-505-L antracite | C38: 19257 | D38: antracite | E38: 500*510 | F38: 450*370*200 | G38: • Врезной | H38: ='Общий прайс'!E208 -> 17990 | I38: =H38*(1-$I$2) -> 10794 | J38: • Фальц-ступень для аксессуаров доска или ролл-мат • Прямоугольный перелив • Смещенное влево сливное отверстие • Подготовка отверстий для смесителя и дозатора • Комплектация U-образный сифон с выводом д/ПММ | K38: • Разделочная доска HPL Код товара № 19440, 19441 • Ролл-мат Код товара № 19450
B39: ='Общий прайс'!C209 -> RIVELATO Мойка TESORO 505-L 1-чаш 500*510 beige scuro арт.TR-505-L beige scuro | C39: 19264 | D39: beige scuro | H39: ='Общий прайс'!E209 -> 17990 | I39: =H39*(1-$I$2) -> 10794
B40: ='Общий прайс'!C210 -> RIVELATO Мойка TESORO 505-L 1-чаш 500*510 brina арт.TR-505-L brina | C40: 19276 | D40: brina | H40: ='Общий прайс'!E210 -> 17990 | I40: =H40*(1-$I$2) -> 10794
B41: ='Общий прайс'!C211 -> RIVELATO Мойка TESORO 505-L 1-чаш 500*510 grigio metallizzato арт.TR-505-L grigio metallizzato | C41: 19287 | D41: grigio metallizzato | H41: ='Общий прайс'!E211 -> 17990 | I41: =H41*(1-$I$2) -> 10794
B42: ='Общий прайс'!C212 -> RIVELATO Мойка TESORO 505-L 1-чаш 500*510 nero арт.TR-505-L nero | C42: 19299 | D42: nero | H42: ='Общий прайс'!E212 -> 17990 | I42: =H42*(1-$I$2) -> 10794
B43: ='Общий прайс'!C213 -> RIVELATO Мойка TESORO 505-L 1-чаш 500*510 topazio арт.TR-505-L topazio | C43: 19310 | D43: topazio | H43: ='Общий прайс'!E213 -> 17990 | I43: =H43*(1-$I$2) -> 10794
A44: TESORO 505-R | C44: Рендер с интерьером | E44: Схема с размерами | G44: Объём упаковки: 0,11 м³ • Вес нетто: 9,1 кг • Вес брутто: 13,3 кг | L44: • Гарантия 15 лет • Terigranit (Теригранит): В основе материала — наноструктура кристаллов натурального кварца высшей очистки, армирующее полиэфирное волокно Terital (Теритал): ✓ Сверхпрочность — ударопрочность, термостойкость от −50 °C до +280 °C, на 70% прочнее аналогов. ✓ Гигиена — антибактериальная защита в материале, не впитывает запахи и красители. ✓ Лёгкий уход — гидрофобная поверхность: вода скатывается. ✓ Тишина — максимальное шумопоглощение, без «барабанного» эффекта стали. ✓ Долговечный дизайн — цвет не выгорает. ✓ Безопасность — сертифицированное европейское сырьё, допуск к пищевым продуктам. • Комплектация: сифон с доп.выводом для ПММ, крепеж, паспорт изделия, монтажный шаблон. • Упаковка капсульного типа: целлюлозный пятислойный влагостойкий картон, ребра жесткости, мойка обернута в полиэтиленовый пакет.
B45: ='Общий прайс'!C214 -> RIVELATO Мойка TESORO 505-R 1-чаш 500*510 antracite арт.TR-505-R antracite | C45: 19258 | D45: antracite | E45: 500*510 | F45: 450*370*200 | G45: • Врезной | H45: ='Общий прайс'!E214 -> 17990 | I45: =H45*(1-$I$2) -> 10794 | J45: • Фальц-ступень для аксессуаров доска или ролл-мат • Прямоугольный перелив • Смещенное в право сливное отверстие • Подготовка отверстий для смесителя и дозатора • Комплектация U-образный сифон с выводом д/ПММ | K45: • Разделочная доска HPL Код товара № 19440, 19441 • Ролл-мат Код товара № 19450
B46: ='Общий прайс'!C215 -> RIVELATO Мойка TESORO 505-R 1-чаш 500*510 beige scuro арт.TR-505-R beige scuro | C46: 19265 | D46: beige scuro | H46: ='Общий прайс'!E215 -> 17990 | I46: =H46*(1-$I$2) -> 10794
B47: ='Общий прайс'!C216 -> RIVELATO Мойка TESORO 505-R 1-чаш 500*510 brina арт.TR-505-R brina | C47: 19277 | D47: brina | H47: ='Общий прайс'!E216 -> 17990 | I47: =H47*(1-$I$2) -> 10794
B48: ='Общий прайс'!C217 -> RIVELATO Мойка TESORO 505-R 1-чаш 500*510 grigio metallizzato арт.TR-505-R grigio metallizzato | C48: 19288 | D48: grigio metallizzato | H48: ='Общий прайс'!E217 -> 17990 | I48: =H48*(1-$I$2) -> 10794
B49: ='Общий прайс'!C218 -> RIVELATO Мойка TESORO 505-R 1-чаш 500*510 nero арт.TR-505-R nero | C49: 19300 | D49: nero | H49: ='Общий прайс'!E218 -> 17990 | I49: =H49*(1-$I$2) -> 10794
B50: ='Общий прайс'!C219 -> RIVELATO Мойка TESORO 505-R 1-чаш 500*510 topazio арт.TR-505-R topazio | C50: 19311 | D50: topazio | H50: ='Общий прайс'!E219 -> 17990 | I50: =H50*(1-$I$2) -> 10794
A51: RAUM 50 | C51: Рендер с интерьером | E51: Схема с размерами | G51: Объём упаковки: 0,111 м³ • Вес нетто: 10,10 кг • Вес брутто: 15,10 кг
B52: ='Общий прайс'!C172 -> RIVELATO Мойка RAUM 50 1-чаша 500*510мм antracite арт.RM-50 antracite | C52: 18085 | D52: antracite | E52: 500*510 | F52: 440*400*200 | G52: • Врезной | H52: ='Общий прайс'!E172 -> 18990 | I52: =H52*(1-$I$2) -> 11394 | J52: • Работа немецких дизайнеров • Оригинальный L-образный запатентованный шильдик из медицинской стали • Перелив скрыт под шильдом • Сливное отверстие смещено к задней стенке чаши • Предподготовка отверстий для смесителя и других аксессуаров | K52: • Черный сифон Код товара № 18425, 18424
B53: ='Общий прайс'!C173 -> RIVELATO Мойка RAUM 50 1-чаша 500*510мм beige scuro арт.RM-50 beige scuro | C53: 18086 | D53: beige scuro | H53: ='Общий прайс'!E173 -> 18990 | I53: =H53*(1-$I$2) -> 11394
B54: ='Общий прайс'!C174 -> RIVELATO Мойка RAUM 50 1-чаша 500*510мм brina арт.RM-50 brina | C54: 18087 | D54: brina | H54: ='Общий прайс'!E174 -> 18990 | I54: =H54*(1-$I$2) -> 11394
B55: ='Общий прайс'!C175 -> RIVELATO Мойка RAUM 50 1-чаша 510*510мм grigio metallizzato арт.RM-50 grigio metallizzato | C55: 18088 | D55: grigio metallizzato | H55: ='Общий прайс'!E175 -> 18990 | I55: =H55*(1-$I$2) -> 11394
B56: ='Общий прайс'!C176 -> RIVELATO Мойка RAUM 50 1-чаша 510*510мм nero арт.RM-50 nero | C56: 18089 | D56: nero | H56: ='Общий прайс'!E176 -> 18990 | I56: =H56*(1-$I$2) -> 11394
B57: ='Общий прайс'!C177 -> RIVELATO Мойка RAUM 50 1-чаша 510*510мм topazio арт.RM-50 topazio | C57: 18090 | D57: topazio | H57: ='Общий прайс'!E177 -> 18990 | I57: =H57*(1-$I$2) -> 11394
A58: RAUM 58 | C58: Рендер с интерьером | E58: Схема с размерами | G58: Объём упаковки: 0,111 м³ • Вес нетто: 10,40 кг • Вес брутто: 16,10 кг
B59: ='Общий прайс'!C178 -> RIVELATO Мойка RAUM 58 1-чаша 580*500мм antracite арт.RM-58 antracite | C59: 18126 | D59: antracite | E59: 580*500 | F59: 340*440*200 | G59: • Врезной | H59: ='Общий прайс'!E178 -> 20990 | I59: =H59*(1-$I$2) -> 12594 | J59: • Работа немецких дизайнеров • Оригинальный L-образный запатентованный шильдик из медицинской стали • Перелив скрыт под шильдом • Сливное отверстие смещено к задней стенке чаши • Предподготовка отверстий для смесителя и других аксессуаров | K59: • Черный сифон Код товара № 18425, 18424
B60: ='Общий прайс'!C179 -> RIVELATO Мойка RAUM 58 1-чаша 580*500мм beige scuro арт.RM-58 beige scuro | C60: 18127 | D60: beige scuro | H60: ='Общий прайс'!E179 -> 20990 | I60: =H60*(1-$I$2) -> 12594
B61: ='Общий прайс'!C180 -> RIVELATO Мойка RAUM 58 1-чаша 580*500мм brina арт.RM-58 brina | C61: 18128 | D61: brina | H61: ='Общий прайс'!E180 -> 20990 | I61: =H61*(1-$I$2) -> 12594
B62: ='Общий прайс'!C181 -> RIVELATO Мойка RAUM 58 1-чаша 580*500мм grigio metallizzato арт.RM-58 grigio metallizzato | C62: 18129 | D62: grigio metallizzato | H62: ='Общий прайс'!E181 -> 20990 | I62: =H62*(1-$I$2) -> 12594
B63: ='Общий прайс'!C182 -> RIVELATO Мойка RAUM 58 1-чаша 580*500мм nero арт.RM-58 nero | C63: 18130 | D63: nero | H63: ='Общий прайс'!E182 -> 20990 | I63: =H63*(1-$I$2) -> 12594
B64: ='Общий прайс'!C183 -> RIVELATO Мойка RAUM 58 1-чаша 580*500мм topazio арт.RM-58 topazio | C64: 18131 | D64: topazio | H64: ='Общий прайс'!E183 -> 20990 | I64: =H64*(1-$I$2) -> 12594
A65: BERKANA 35 | C65: Рендер с интерьером | E65: Схема с размерами | G65: Объём упаковки: 0,111 м³ • Вес нетто: 10,40 кг • Вес брутто: 14,40 кг
B66: ='Общий прайс'!C76 -> RIVELATO Мойка BERKANA 35 подст.монтаж 1-чаш 415*455 antracite арт.BK-35 antracite | C66: ='Общий прайс'!A76 -> 18151 | D66: antracite | E66: 410*460 | F66: 350*400*200 | G66: • Универсальный | H66: ='Гранит 450'!H31 -> 20910 | I66: =H66*(1-$I$2) -> 12546 | J66: • Универсальный монтаж • Классический круглый перелив • Рекомендуется устанавливать в паре с моделью Berkana 25 (Беркана 25) - выполняет роль доп-ой чаши | K66: • Ролл-мат Код товара № 18651 • Черный сифон Код товара № 18425, 18424
B67: ='Общий прайс'!C77 -> RIVELATO Мойка BERKANA 35 подст.монтаж 1-чаш 415*455 beige scuro арт.BK-35 beige scuro | C67: ='Общий прайс'!A77 -> 18152 | D67: beige scuro | H67: ='Гранит 450'!H32 -> 20910 | I67: =H67*(1-$I$2) -> 12546
B68: ='Общий прайс'!C78 -> RIVELATO Мойка BERKANA 35 подст.монтаж 1-чаш 415*455 brina арт.BK-35 brina | C68: ='Общий прайс'!A78 -> 18153 | D68: brina | H68: ='Гранит 450'!H33 -> 20910 | I68: =H68*(1-$I$2) -> 12546
B69: ='Общий прайс'!C79 -> RIVELATO Мойка BERKANA 35 подст.монтаж 1-чаш 415*455 grigio metallizzato арт.BK-35 grigio metallizzato | C69: 18154 | D69: grigio metallizzato | H69: ='Гранит 450'!H34 -> 20910 | I69: =H69*(1-$I$2) -> 12546
B70: ='Общий прайс'!C80 -> RIVELATO Мойка BERKANA 35 подст.монтаж 1-чаш 415*455 nero арт.BK-35 nero | C70: 18155 | D70: nero | H70: ='Гранит 450'!H35 -> 20910 | I70: =H70*(1-$I$2) -> 12546
B71: ='Общий прайс'!C81 -> RIVELATO Мойка BERKANA 35 подст.монтаж 1-чаш 415*455 topazio арт.BK-35 topazio | C71: 18156 | D71: topazio | H71: ='Гранит 450'!H36 -> 20910 | I71: =H71*(1-$I$2) -> 12546
A72: BERKANA 45 | C72: Рендер с интерьером | E72: Схема с размерами | G72: Объём упаковки: 0,111 м³ • Вес нетто: 10,90 кг • Вес брутто: 14,65 кг
B73: ='Общий прайс'!C82 -> RIVELATO Мойка BERKANA 45 подст.монтаж 1-чаш 485*455 antracite арт.BK-45 antracite | C73: 18157 | D73: antracite | E73: 490*460 | F73: 430*400*200 | G73: • Врезной | H73: ='Общий прайс'!E82 -> 24480 | I73: =H73*(1-$I$2) -> 14688 | J73: • Универсальный монтаж • Классический круглый перелив • Рекомендуется устанавливать в паре с моделью Berkana 25 (Беркана 25) - выполняет роль доп-ой чаши | K73: • Ролл-мат Код товара № 18651 • Черный сифон Код товара № 18425, 18425
B74: ='Общий прайс'!C83 -> RIVELATO Мойка BERKANA 45 подст.монтаж 1-чаш 485*455 beige scuro арт.BK-45 beige scuro | C74: 18158 | D74: beige scuro | H74: ='Общий прайс'!E83 -> 24480 | I74: =H74*(1-$I$2) -> 14688
B75: ='Общий прайс'!C84 -> RIVELATO Мойка BERKANA 45 подст.монтаж 1-чаш 485*455 brina арт.BK-45 brina | C75: 18159 | D75: brina | H75: ='Общий прайс'!E84 -> 24480 | I75: =H75*(1-$I$2) -> 14688
B76: ='Общий прайс'!C85 -> RIVELATO Мойка BERKANA 45 подст.монтаж 1-чаш 485*455 grigio metallizzato арт.BK-45 grigio metallizzato | C76: 18160 | D76: grigio metallizzato | H76: ='Общий прайс'!E85 -> 24480 | I76: =H76*(1-$I$2) -> 14688
B77: ='Общий прайс'!C86 -> RIVELATO Мойка BERKANA 45 подст.монтаж 1-чаш 485*455 nero арт.BK-45 nero | C77: 18161 | D77: nero | H77: ='Общий прайс'!E86 -> 24480 | I77: =H77*(1-$I$2) -> 14688
B78: ='Общий прайс'!C87 -> RIVELATO Мойка BERKANA 45 подст.монтаж 1-чаш 485*455 topazio арт.BK-45 topazio | C78: 18162 | D78: topazio | H78: ='Общий прайс'!E87 -> 24480 | I78: =H78*(1-$I$2) -> 14688

Sheet Гранит 600
G1: Скидка
G2: Холодное литье | I2: ='Общий прайс'!$F$2 -> 0.4
G3: Горячее литье | I3: ='Общий прайс'!$F$3 -> 0.4
N5: Навигация по каталогу цен
A6: Изображение | B6: Модель | C6: Код товара | D6: Цвет | E6: Размер в mm | G6: Тип | H6: Цена в ₽ с НДС | J6: Особенности | K6: Рекомендованные | L6: Общие характеристики | N6: Описание | O6: Ссылки
E7: Общий | F7: Чаша | G7: Монтажа | H7: РРЦ | I7: Закуп | K7: аксессуары | O7: Гранит | P7: Нерж. Сталь
A9: Материал: TERIGRANIT (технология хлодного литья) Гарантия 15 лет | N9: Смесители | O9: Смесители
A10: SCALINO-453-L | C10: Рендер с интерьером | E10: Схема с размерами | G10: Объём упаковки: 0,11 м³ • Вес нетто: 8,4 кг • Вес брутто: 12,6 кг | L10: • Гарантия 15 лет • Terigranit (Теригранит): В основе материала — наноструктура кристаллов натурального кварца высшей очистки, армирующее полиэфирное волокно Terital (Теритал): ✓ Сверхпрочность — ударопрочность, термостойкость от −50 °C до +280 °C, на 70% прочнее аналогов. ✓ Гигиена — антибактериальная защита в материале, не впитывает запахи и красители. ✓ Лёгкий уход — гидрофобная поверхность: вода скатывается. ✓ Тишина — максимальное шумопоглощение, без «барабанного» эффекта стали. ✓ Долговечный дизайн — цвет не выгорает. ✓ Безопасность — сертифицированное европейское сырьё, допуск к пищевым продуктам. • Комплектация: сифон с доп.выводом для ПММ, крепеж, паспорт изделия, монтажный шаблон. • Упаковка капсульного типа: целлюлозный пятислойный влагостойкий картон, ребра жесткости. • Модели Lino (Лино), Nobile (Нобиле) и Tesoro (Тезоро) выделяются расположением сливного тверстия слева/справа - гибкий подход к проекту | N10: Дозаторы | O10: Дозаторы
B11: ='Общий прайс'!C46 -> RIVELATO Мойка SCALINO SL-453-L 1-чаш 445*500 antracite | C11: ='Общий прайс'!A46 -> 19675 | D11: antracite | E11: 500*445 | F11: 450 х 370 х 200 | G11: • Подстольный | H11: ='Общий прайс'!E46 -> 16990 | I11: =H11*(1-$I$2) -> 10194 | J11: • Монтаж ПОДСТОЛЬНЫЙ • На дне направляющие воду лучи • Наличие фальц-ступени для доски или ролл-мата • Прямоугольный перелив • Сливное отверстие слева • Комплектация U-образный сифон с выводом д/ПММ, комплект крепежа | K11: • Разделочная доска HPL • Ролл-мат | N11: Аксессуары | O11: Аксессуары
B12: ='Общий прайс'!C47 -> RIVELATO Мойка SCALINO SL-453-L 1-чаш 445*500 beige scuro | C12: ='Общий прайс'!A47 -> 19674 | D12: beige scuro | H12: ='Общий прайс'!E47 -> 16990 | I12: =H12*(1-$I$2) -> 10194 | N12: База 400 mm | O12: 400 | P12: 400
B13: ='Общий прайс'!C48 -> RIVELATO Мойка SCALINO SL-453-L 1-чаш 445*500 brina | C13: ='Общий прайс'!A48 -> 19676 | D13: brina | H13: ='Общий прайс'!E48 -> 16990 | I13: =H13*(1-$I$2) -> 10194 | N13: База 450 mm | O13: 450 | P13: 450
B14: ='Общий прайс'!C49 -> RIVELATO Мойка SCALINO SL-453-L 1-чаш 445*500 grigio metallizzato | C14: ='Общий прайс'!A49 -> 19677 | D14: grigio metallizzato | H14: ='Общий прайс'!E49 -> 16990 | I14: =H14*(1-$I$2) -> 10194 | N14: База 500 mm | O14: 500 | P14: 500
N15: База 800 mm | O15: 800 | P15: 800
N16: База 900 mm | O16: 900 | P16: 900
A17: SCALINO-453-R | C17: Рендер с интерьером | E17: Схема с размерами | G17: Объём упаковки: 0,11 м³ • Вес нетто: 8,4 кг • Вес брутто: 12,6 кг | N17: Общий прайс | O17: Общий прайс
B18: ='Общий прайс'!C52 -> RIVELATO Мойка SCALINO SL-453-R 1-чаш 445*500 antracite | C18: ='Общий прайс'!A52 -> 19680 | D18: antracite | E18: 500*445 | F18: 450 х 370 х 200 | G18: • Подстольный | H18: ='Общий прайс'!E52 -> 16990 | I18: =H18*(1-$I$2) -> 10194 | J18: • Монтаж ПОДСТОЛЬНЫЙ • На дне направляющие воду лучи • Наличие фальц-ступени для доски или ролл-мата • Прямоугольный перелив • Сливное отверстие справа • Комплектация U-образный сифон с выводом д/ПММ, комплект крепежа | K18: • Разделочная доска HPL • Ролл-мат | N18: Содержание
B19: ='Общий прайс'!C53 -> RIVELATO Мойка SCALINO SL-453-R 1-чаш 445*500 beige scuro | C19: ='Общий прайс'!A53 -> 19681 | D19: beige scuro | H19: ='Общий прайс'!E53 -> 16990 | I19: =H19*(1-$I$2) -> 10194
B20: ='Общий прайс'!C54 -> RIVELATO Мойка SCALINO SL-453-R 1-чаш 445*500 brina | C20: ='Общий прайс'!A54 -> 19682 | D20: brina | H20: ='Общий прайс'!E54 -> 16990 | I20: =H20*(1-$I$2) -> 10194
B21: ='Общий прайс'!C55 -> RIVELATO Мойка SCALINO SL-453-R 1-чаш 445*500 grigio metallizzato | C21: ='Общий прайс'!A55 -> 19683 | D21: grigio metallizzato | H21: ='Общий прайс'!E55 -> 16990 | I21: =H21*(1-$I$2) -> 10194
A24: LINO 554-L | C24: Рендер с интерьером | E24: Схема с размерами | G24: Объём упаковки: 0,11 м³ • Вес нетто: 9,4 кг • Вес брутто: 13,6 кг
B25: ='Общий прайс'!C112 -> RIVELATO Мойка LINO 554-L 1-чаш 550*440 antracite арт.LN-554-L antracite | C25: 19214 | D25: antracite | E25: 550*440 | F25: 500*360*210 | G25: • Универсальный | H25: ='Общий прайс'!E112 -> 18990 | I25: =H25*(1-$I$2) -> 11394 | J25: • На дне чаши направляющие воду лучи • Наличие фальц-ступени для доски или ролл-мата • Прямоугольный перелив • Сливное отверстие с лева • Комплектация U-образный сифон с выводом д/ПММ • Прямоугольный перелив | K25: • Разделочная доска HPL Код товара № 19438, 19439 • Ролл-мат Код товара № 19449
B26: ='Общий прайс'!C113 -> RIVELATO Мойка LINO 554-L 1-чаш 550*440 beige scuro арт.LN-554-L beige scuro | C26: 19199 | D26: beige scuro | H26: ='Общий прайс'!E113 -> 18990 | I26: =H26*(1-$I$2) -> 11394
B27: ='Общий прайс'!C114 -> RIVELATO Мойка LINO 554-L 1-чаш 550*440 brina арт.LN-554-L brina | C27: 19222 | D27: brina | H27: ='Общий прайс'!E114 -> 18990 | I27: =H27*(1-$I$2) -> 11394
B28: ='Общий прайс'!C115 -> RIVELATO Мойка LINO 554-L 1-чаш 550*440 grigio metallizzato арт.LN-554-L grigio metallizzato | C28: 19228 | D28: grigio metallizzato | H28: ='Общий прайс'!E115 -> 18990 | I28: =H28*(1-$I$2) -> 11394
B29: ='Общий прайс'!C116 -> RIVELATO Мойка LINO 554-L 1-чаш 550*440 nero арт.LN-554-L nero | C29: 19236 | D29: nero | H29: ='Общий прайс'!E116 -> 18990 | I29: =H29*(1-$I$2) -> 11394
B30: ='Общий прайс'!C117 -> RIVELATO Мойка LINO 554-L 1-чаш 550*440 topazio арт.LN-554-L topazio | C30: 19244 | D30: topazio | H30: ='Общий прайс'!E117 -> 18990 | I30: =H30*(1-$I$2) -> 11394
A31: LINO 554-R | C31: Рендер с интерьером | E31: Схема с размерами | G31: Объём упаковки: 0,11 м³ • Вес нетто: 9,4 кг • Вес брутто: 13,6 кг
B32: ='Общий прайс'!C118 -> RIVELATO Мойка LINO 554-R 1-чаш 550*440 antracite арт.LN-554-R antracite | C32: 19215 | D32: antracite | E32: 550*440 | F32: 500*360*210 | G32: • Универсальный | H32: ='Общий прайс'!E118 -> 18990 | I32: =H32*(1-$I$2) -> 11394 | J32: • На дне чаши направляющие воду лучи • Наличие фальц-ступени для доски или ролл-мата • Прямоугольный перелив • Сливное отверстие с право • Комплектация U-образный сифон с выводом д/ПММ • Прямоугольный перелив | K32: • Разделочная доска HPL Код товара № 19438, 19439 • Ролл-мат Код товара № 19449
B33: ='Общий прайс'!C119 -> RIVELATO Мойка LINO 554-R 1-чаш 550*440 beige scuro арт.LN-554-R beige scuro | C33: 19200 | D33: beige scuro | H33: ='Общий прайс'!E119 -> 18990 | I33: =H33*(1-$I$2) -> 11394
B34: ='Общий прайс'!C120 -> RIVELATO Мойка LINO 554-R 1-чаш 550*440 brina арт.LN-554-R brina | C34: 19223 | D34: brina | H34: ='Общий прайс'!E120 -> 18990 | I34: =H34*(1-$I$2) -> 11394
B35: ='Общий прайс'!C121 -> RIVELATO Мойка LINO 554-R 1-чаш 550*440 grigio metallizzato арт.LN-554-R grigio metallizzato | C35: 19229 | D35: grigio metallizzato | H35: ='Общий прайс'!E121 -> 18990 | I35: =H35*(1-$I$2) -> 11394
B36: ='Общий прайс'!C122 -> RIVELATO Мойка LINO 554-R 1-чаш 550*440 nero арт.LN-554-R nero | C36: 19237 | D36: nero | H36: ='Общий прайс'!E122 -> 18990 | I36: =H36*(1-$I$2) -> 11394
B37: ='Общий прайс'!C123 -> RIVELATO Мойка LINO 554-R 1-чаш 550*440 topazio арт.LN-554-R topazio | C37: 19245 | D37: topazio | H37: ='Общий прайс'!E123 -> 18990 | I37: =H37*(1-$I$2) -> 11394
A38: NOBILE 544-L | C38: Рендер с интерьером | E38: Схема с размерами | G38: Объём упаковки: 0,11 м³ • Вес нетто: 9,2 кг • Вес брутто: 13,4 кг
B39: ='Общий прайс'!C160 -> RIVELATO Мойка NOBILE 544-L 1-чаш 540*440 antracite арт.NB-544-L antracite | C39: 19250 | D39: antracite | E39: 540*440 | F39: 355*355*210 | G39: • Универсальный | H39: ='Общий прайс'!E160 -> 20990 | I39: =H39*(1-$I$2) -> 12594 | J39: • Многофункциональная площадка для смесителя, дозатора и кнопки измельчителя. • Фальц-ступень для доски и ролл-мата • Сливное отверстие слева • На дне чаши лучи для стока воды • Прямоугольный перелив | K39: • Разделочная доска HPL Код товара № 19438, 19439 • Ролл-мат Код товара № 19449
B40: ='Общий прайс'!C161 -> RIVELATO Мойка NOBILE 544-L 1-чаш 540*440 beige scuro арт.NB-544-L beige scuro | C40: 19266 | D40: beige scuro | H40: ='Общий прайс'!E161 -> 20990 | I40: =H40*(1-$I$2) -> 12594
B41: ='Общий прайс'!C162 -> RIVELATO Мойка NOBILE 544-L 1-чаш 540*440 brina арт.NB-544-L brina | C41: 19278 | D41: brina | H41: ='Общий прайс'!E162 -> 20990 | I41: =H41*(1-$I$2) -> 12594
B42: ='Общий прайс'!C163 -> RIVELATO Мойка NOBILE 544-L 1-чаш 540*440 grigio metallizzato арт.NB-544-L grigio metallizzato | C42: 19289 | D42: grigio metallizzato | H42: ='Общий прайс'!E163 -> 20990 | I42: =H42*(1-$I$2) -> 12594
B43: ='Общий прайс'!C164 -> RIVELATO Мойка NOBILE 544-L 1-чаш 540*440 nero арт.NB-544-L nero | C43: 19301 | D43: nero | H43: ='Общий прайс'!E164 -> 20990 | I43: =H43*(1-$I$2) -> 12594
B44: ='Общий прайс'!C165 -> RIVELATO Мойка NOBILE 544-L 1-чаш 540*440 topazio арт.NB-544-L topazio | C44: 19312 | D44: topazio | H44: ='Общий прайс'!E165 -> 20990 | I44: =H44*(1-$I$2) -> 12594
A45: NOBILE 544-R | C45: Рендер с интерьером | E45: Схема с размерами | G45: Объём упаковки: 0,11 м³ • Вес нетто: 9,2 кг • Вес брутто: 13,4 кг
B46: ='Общий прайс'!C166 -> RIVELATO Мойка NOBILE 544-R 1-чаш 540*440 antracite арт.NB-544-R antracite | C46: 19251 | D46: antracite | E46: 540*440 | F46: 355*355*210 | G46: • Универсальный | H46: ='Общий прайс'!E166 -> 20990 | I46: =H46*(1-$I$2) -> 12594 | J46: • Многофункциональная площадка для смесителя, дозатора и кнопки измельчителя. • Фальц-ступень для доски и ролл-мата • Сливное отверстие слева • На дне чаши лучи для стока воды • Прямоугольный перелив | K46: • Разделочная доска HPL Код товара № 19438, 19439 • Ролл-мат Код товара № 19449
B47: ='Общий прайс'!C167 -> RIVELATO Мойка NOBILE 544-R 1-чаш 540*440 beige scuro арт.NB-544-R beige scuro | C47: 19267 | D47: beige scuro | H47: ='Общий прайс'!E167 -> 20990 | I47: =H47*(1-$I$2) -> 12594
B48: ='Общий прайс'!C168 -> RIVELATO Мойка NOBILE 544-R 1-чаш 540*440 brina арт.NB-544-R brina | C48: 19279 | D48: brina | H48: ='Общий прайс'!E168 -> 20990 | I48: =H48*(1-$I$2) -> 12594
B49: ='Общий прайс'!C169 -> RIVELATO Мойка NOBILE 544-R 1-чаш 540*440 grigio metallizzato арт.NB-544-R grigio metallizzato | C49: 19290 | D49: grigio metallizzato | H49: ='Общий прайс'!E169 -> 20990 | I49: =H49*(1-$I$2) -> 12594
B50: ='Общий прайс'!C170 -> RIVELATO Мойка NOBILE 544-R 1-чаш 540*440 nero арт.NB-544-R nero | C50: 19302 | D50: nero | H50: ='Общий прайс'!E170 -> 20990 | I50: =H50*(1-$I$2) -> 12594
B51: ='Общий прайс'!C171 -> RIVELATO Мойка NOBILE 544-R 1-чаш 540*440 topazio арт.NB-544-R topazio | C51: 19313 | D51: topazio | H51: ='Общий прайс'!E171 -> 20990 | I51: =H51*(1-$I$2) -> 12594
A52: BERKANA 35 | C52: Рендер с интерьером | E52: Схема с размерами | G52: Объём упаковки: 0,111 м³ • Вес нетто: 10,40 кг • Вес брутто: 14,40 кг
B53: ='Общий прайс'!C76 -> RIVELATO Мойка BERKANA 35 подст.монтаж 1-чаш 415*455 antracite арт.BK-35 antracite | C53: 18151 | D53: antracite | E53: 410*460 | F53: 350*400*200 | G53: • Универсальный | H53: ='Гранит 450'!C31 -> 19669 | I53: =H53*(1-$I$2) -> 11801.4 | J53: • Универсальный монтаж • Классический круглый перелив • Сливное отверстие слева • Рекомендуется устанавливать в паре с моделью Berkana 25 (Беркана 25) - выполняет роль доп-ой чаши | K53: • Ролл-мат Код товара № 18651 • Черный сифон Код товара № 18425, 18424
B54: ='Общий прайс'!C77 -> RIVELATO Мойка BERKANA 35 подст.монтаж 1-чаш 415*455 beige scuro арт.BK-35 beige scuro | C54: 18152 | D54: beige scuro | H54: ='Гранит 450'!C32 -> 19670 | I54: =H54*(1-$I$2) -> 11802
B55: ='Общий прайс'!C78 -> RIVELATO Мойка BERKANA 35 подст.монтаж 1-чаш 415*455 brina арт.BK-35 brina | C55: 18153 | D55: brina | H55: ='Гранит 450'!C33 -> 19671 | I55: =H55*(1-$I$2) -> 11802.6
B56: ='Общий прайс'!C79 -> RIVELATO Мойка BERKANA 35 подст.монтаж 1-чаш 415*455 grigio metallizzato арт.BK-35 grigio metallizzato | C56: 18154 | D56: grigio metallizzato | H56: ='Гранит 450'!C34 -> 18154 | I56: =H56*(1-$I$2) -> 10892.4
B57: ='Общий прайс'!C80 -> RIVELATO Мойка BERKANA 35 подст.монтаж 1-чаш 415*455 nero арт.BK-35 nero | C57: 18155 | D57: nero | H57: ='Гранит 450'!C35 -> 18155 | I57: =H57*(1-$I$2) -> 10893
B58: ='Общий прайс'!C81 -> RIVELATO Мойка BERKANA 35 подст.монтаж 1-чаш 415*455 topazio арт.BK-35 topazio | C58: 18156 | D58: topazio | H58: ='Гранит 450'!C36 -> 18156 | I58: =H58*(1-$I$2) -> 10893.6
A59: BERKANA 45 | C59: Рендер с интерьером | E59: Схема с размерами | G59: Объём упаковки: 0,111 м³ • Вес нетто: 10,90 кг • Вес брутто: 14,65 кг
B60: ='Общий прайс'!C82 -> RIVELATO Мойка BERKANA 45 подст.монтаж 1-чаш 485*455 antracite арт.BK-45 antracite | C60: 18157 | D60: antracite | E60: 490*460 | F60: 430*400*200 | G60: • Универсальный | H60: ='Общий прайс'!E82 -> 24480 | I60: =H60*(1-$I$2) -> 14688 | J60: • Универсальный монтаж • Классический круглый перелив • Сливное отверстие слева • Рекомендуется устанавливать в паре с моделью Berkana 35/25 (Беркана 35/25) - выполняет роль доп-ой чаши | K60: • Ролл-мат Код товара № 18651 • Черный сифон Код товара № 18425, 18424
B61: ='Общий прайс'!C83 -> RIVELATO Мойка BERKANA 45 подст.монтаж 1-чаш 485*455 beige scuro арт.BK-45 beige scuro | C61: 18158 | D61: beige scuro | H61: ='Общий прайс'!E83 -> 24480 | I61: =H61*(1-$I$2) -> 14688
B62: ='Общий прайс'!C84 -> RIVELATO Мойка BERKANA 45 подст.монтаж 1-чаш 485*455 brina арт.BK-45 brina | C62: 18159 | D62: brina | H62: ='Общий прайс'!E84 -> 24480 | I62: =H62*(1-$I$2) -> 14688
B63: ='Общий прайс'!C85 -> RIVELATO Мойка BERKANA 45 подст.монтаж 1-чаш 485*455 grigio metallizzato арт.BK-45 grigio metallizzato | C63: 18160 | D63: grigio metallizzato | H63: ='Общий прайс'!E85 -> 24480 | I63: =H63*(1-$I$2) -> 14688
B64: ='Общий прайс'!C86 -> RIVELATO Мойка BERKANA 45 подст.монтаж 1-чаш 485*455 nero арт.BK-45 nero | C64: 18161 | D64: nero | H64: ='Общий прайс'!E86 -> 24480 | I64: =H64*(1-$I$2) -> 14688
B65: ='Общий прайс'!C87 -> RIVELATO Мойка BERKANA 45 подст.монтаж 1-чаш 485*455 topazio арт.BK-45 topazio | C65: 18162 | D65: topazio | H65: ='Общий прайс'!E87 -> 24480 | I65: =H65*(1-$I$2) -> 14688
A66: BERKANA 50 | C66: Рендер с интерьером | E66: Схема с размерами | G66: Объём упаковки: 0,111 м³ • Вес нетто: 10,40 кг • Вес брутто: 16,62 кг | L66: • Гарантия 15 лет • Terigranit (Теригранит): В основе материала — наноструктура кристаллов натурального кварца высшей очистки, армирующее полиэфирное волокно Terital (Теритал): ✓ Сверхпрочность — ударопрочность, термостойкость от −50 °C до +280 °C, на 70% прочнее аналогов. ✓ Гигиена — антибактериальная защита в материале, не впитывает запахи и красители. ✓ Лёгкий уход — гидрофобная поверхность: вода скатывается. ✓ Тишина — максимальное шумопоглощение, без «барабанного» эффекта стали. ✓ Долговечный дизайн — цвет не выгорает. ✓ Безопасность — сертифицированное европейское сырьё, допуск к пищевым продуктам. • Комплектация: сифон с доп.выводом для ПММ, крепеж, паспорт изделия, монтажный шаблон. • Упаковка капсульного типа: целлюлозный пятислойный влагостойкий картон, ребра жесткости. • Модели Lino (Лино), Nobile (Нобиле) и Tesoro (Тезоро) выделяются расположением сливного тверстия слева/справа - гибкий подход к проекту
B67: ='Общий прайс'!C88 -> RIVELATO Мойка BERKANA 50 подст.монтаж 1-чаш 560*430 antracite арт.BK-50 antracite | C67: 18163 | D67: antracite | E67: 560*430 | F67: 500*370*200 | G67: • Универсальный | H67: ='Общий прайс'!E88 -> 25500 | I67: =H67*(1-$I$2) -> 15300 | J67: • Универсальный монтаж • Классический круглый перелив • Рекомендуется устанавливать в паре с моделью Berkana 45/35/25 (Беркана 45/35/25) - выполняет роль доп-ой чаши | K67: • Ролл-мат Код товара № 18651 • Черный сифон Код товара № 18425, 18424
B68: ='Общий прайс'!C89 -> RIVELATO Мойка BERKANA 50 подст.монтаж 1-чаш 560*430 beige scuro арт.BK-50 beige scuro | C68: 18164 | D68: beige scuro | H68: ='Общий прайс'!E89 -> 25500 | I68: =H68*(1-$I$2) -> 15300
B69: ='Общий прайс'!C90 -> RIVELATO Мойка BERKANA 50 подст.монтаж 1-чаш 560*430 brina арт.BK-50 brina | C69: 18165 | D69: brina | H69: ='Общий прайс'!E90 -> 25500 | I69: =H69*(1-$I$2) -> 15300
B70: ='Общий прайс'!C91 -> RIVELATO Мойка BERKANA 50 подст.монтаж 1-чаш 560*430 grigio metallizzato арт.BK-50 grigio metallizzato | C70: 18166 | D70: grigio metallizzato | H70: ='Общий прайс'!E91 -> 25500 | I70: =H70*(1-$I$2) -> 15300
B71: ='Общий прайс'!C92 -> RIVELATO Мойка BERKANA 50 подст.монтаж 1-чаш 560*430 nero арт.BK-50 nero | C71: 18167 | D71: nero | H71: ='Общий прайс'!E92 -> 25500 | I71: =H71*(1-$I$2) -> 15300
B72: ='Общий прайс'!C93 -> RIVELATO Мойка BERKANA 50 подст.монтаж 1-чаш 560*430 topazio арт.BK-50 topazio | C72: 18168 | D72: topazio | H72: ='Общий прайс'!E93 -> 25500 | I72: =H72*(1-$I$2) -> 15300
A73: TESORO 605-L | C73: Рендер с интерьером | E73: Схема с размерами | G73: Объём упаковки: 0,11 м³ • Вес нетто: 10,0 кг • Вес брутто: 14,2 кг
B74: ='Общий прайс'!C220 -> RIVELATO Мойка TESORO 605-L 1-чаш 600*510 antracite арт.TR-605-L antracite | C74: 19260 | D74: antracite | E74: 600*510 | F74: 550*370*200 | G74: • Врезной | H74: ='Общий прайс'!E220 -> 19990 | I74: =H74*(1-$I$2) -> 11994 | J74: • Сливное отверстие слева • Прямоугольный перелив • Фальц-ступенька для доски и ролл-мата • В площадке подготовлены насечки для монтажа смесителя или аксессуаров | K74: • Разделочная доска HPL Код товара № 19440, 19441 • Ролл-мат Код товара № 19450
B75: ='Общий прайс'!C221 -> RIVELATO Мойка TESORO 605-L 1-чаш 600*510 beige scuro арт.TR-605-L beige scuro | C75: 19268 | D75: beige scuro | H75: ='Общий прайс'!E221 -> 19990 | I75: =H75*(1-$I$2) -> 11994
B76: ='Общий прайс'!C222 -> RIVELATO Мойка TESORO 605-L 1-чаш 600*510 brina арт.TR-605-L brina | C76: 19280 | D76: brina | H76: ='Общий прайс'!E222 -> 19990 | I76: =H76*(1-$I$2) -> 11994
B77: ='Общий прайс'!C223 -> RIVELATO Мойка TESORO 605-L 1-чаш 600*510 grigio metallizzato арт.TR-605-L grigio metallizzato | C77: 19291 | D77: grigio metallizzato | H77: ='Общий прайс'!E223 -> 19990 | I77: =H77*(1-$I$2) -> 11994
B78: ='Общий прайс'!C224 -> RIVELATO Мойка TESORO 605-L 1-чаш 600*510 nero арт.TR-605-L nero | C78: 19303 | D78: nero | H78: ='Общий прайс'!E224 -> 19990 | I78: =H78*(1-$I$2) -> 11994
B79: ='Общий прайс'!C225 -> RIVELATO Мойка TESORO 605-L 1-чаш 600*510 topazio арт.TR-605-L topazio | C79: 19314 | D79: topazio | H79: ='Общий прайс'!E225 -> 19990 | I79: =H79*(1-$I$2) -> 11994
A80: TESORO 605-R | C80: Рендер с интерьером | E80: Схема с размерами | G80: Объём упаковки: 0,11 м³ • Вес нетто: 10,0 кг • Вес брутто: 14,2 кг
B81: ='Общий прайс'!C226 -> RIVELATO Мойка TESORO 605-R 1-чаш 600*510 antracite арт.TR-605-R antracite | C81: 19259 | D81: antracite | E81: 600*510 | F81: 550*370*200 | G81: • Врезной | H81: ='Общий прайс'!E226 -> 19990 | I81: =H81*(1-$I$2) -> 11994 | J81: • Сливное отверстие справа • Прямоугольный перелив • Фальц-ступенька для доски и ролл-мата • В площадке подготовлены насечки для монтажа смесителя или аксессуаров | K81: • Разделочная доска HPL Код товара № 19440, 19441 • Ролл-мат Код товара № 19450
B82: ='Общий прайс'!C227 -> RIVELATO Мойка TESORO 605-R 1-чаш 600*510 beige scuro арт.TR-605-R beige scuro | C82: 19269 | D82: beige scuro | H82: ='Общий прайс'!E227 -> 19990 | I82: =H82*(1-$I$2) -> 11994
B83: ='Общий прайс'!C228 -> RIVELATO Мойка TESORO 605-R 1-чаш 600*510 brina арт.TR-605-R brina | C83: 19281 | D83: brina | H83: ='Общий прайс'!E228 -> 19990 | I83: =H83*(1-$I$2) -> 11994
B84: ='Общий прайс'!C229 -> RIVELATO Мойка TESORO 605-R 1-чаш 600*510 grigio metallizzato арт.TR-605-R grigio metallizzato | C84: 19292 | D84: grigio metallizzato | H84: ='Общий прайс'!E229 -> 19990 | I84: =H84*(1-$I$2) -> 11994
B85: ='Общий прайс'!C230 -> RIVELATO Мойка TESORO 605-R 1-чаш 600*510 nero арт.TR-605-R nero | C85: 19304 | D85: nero | H85: ='Общий прайс'!E230 -> 19990 | I85: =H85*(1-$I$2) -> 11994
B86: ='Общий прайс'!C231 -> RIVELATO Мойка TESORO 605-R 1-чаш 600*510 topazio арт.TR-605-R topazio | C86: 19315 | D86: topazio | H86: ='Общий прайс'!E231 -> 19990 | I86: =H86*(1-$I$2) -> 11994
A87: RAUM 78 | C87: Рендер с интерьером | E87: Схема с размерами | G87: Объём упаковки: 0,153 м³ • Вес нетто: 12,70 кг • Вес брутто: 19,35 кг
B88: ='Общий прайс'!C184 -> RIVELATO Мойка RAUM 78 1-чаша 780*500мм antracite арт.RM-78 antracite | C88: 18091 | D88: antracite | E88: 780*500 | F88: 400*440*200 | G88: • Врезной | H88: ='Общий прайс'!E184 -> 23990 | I88: =H88*(1-$I$2) -> 14394 | J88: • Дизайн от немецкой команды • Перелив скрыт под оригинальным L-образным шильдом из медицинской стали • Вместительная чаша • Смещенное сливное отверстие к боковой стенке чаши | K88: • Ролл-мат Код товара № 18651 • Столик-доска из массива бука. Код товара № 18357
B89: ='Общий прайс'!C185 -> RIVELATO Мойка RAUM 78 1-чаша 780*500мм beige scuro арт.RM-78 beige scuro | C89: 18092 | D89: beige scuro | H89: ='Общий прайс'!E185 -> 23990 | I89: =H89*(1-$I$2) -> 14394
B90: ='Общий прайс'!C186 -> RIVELATO Мойка RAUM 78 1-чаша 780*500мм brina арт.RM-78 brina | C90: 18093 | D90: brina | H90: ='Общий прайс'!E186 -> 23990 | I90: =H90*(1-$I$2) -> 14394
B91: ='Общий прайс'!C187 -> RIVELATO Мойка RAUM 78 1-чаша 780*500мм grigio metallizzato арт.RM-78 grigio metallizzato | C91: 18094 | D91: grigio metallizzato | H91: ='Общий прайс'!E187 -> 23990 | I91: =H91*(1-$I$2) -> 14394
B92: ='Общий прайс'!C188 -> RIVELATO Мойка RAUM 78 1-чаша 780*500мм nero арт.RM-78 nero | C92: 18095 | D92: nero | H92: ='Общий прайс'!E188 -> 23990 | I92: =H92*(1-$I$2) -> 14394
B93: ='Общий прайс'!C189 -> RIVELATO Мойка RAUM 78 1-чаша 780*500мм topazio арт.RM-78 topazio | C93: 18096 | D93: topazio | H93: ='Общий прайс'!E189 -> 23990 | I93: =H93*(1-$I$2) -> 14394
A94: LOCUS 50 | C94: Рендер с интерьером | E94: Схема с размерами | G94: Объём упаковки: 0,111 м³ • Вес нетто: 8,90 кг • Вес брутто: 14,14 кг
B95: ='Общий прайс'!C136 -> RIVELATO Мойка LOCUS 50 1-чаш 500*500 antracite арт.LS-50 antracite | C95: 18097 | D95: antracite | E95: 500*500 | F95: 460*460*200 | G95: • Врезной | H95: ='Общий прайс'!E137 -> 21990 | I95: =H95*(1-$I$2) -> 13194 | J95: • Дизан-студия Артемия Лебедева • Запатентованный Г-образный шильд • Перелив скрытого типа размещен под щильдом • Чаша формы Якутского бриллианта | K95: • Ролл-мат Код товара № 18651 • Столик-доска из массива бука. Код товара № 18358
B96: ='Общий прайс'!C137 -> RIVELATO Мойка LOCUS 50 1-чаш 500*500 beige scuro арт.LS-50 beige scuro | C96: 18098 | D96: beige scuro | H96: ='Общий прайс'!E137 -> 21990 | I96: =H96*(1-$I$2) -> 13194
B97: ='Общий прайс'!C138 -> RIVELATO Мойка LOCUS 50 1-чаш 500*500 brina арт.LS-50 brina | C97: 18099 | D97: brina | H97: ='Общий прайс'!E138 -> 21990 | I97: =H97*(1-$I$2) -> 13194
B98: ='Общий прайс'!C139 -> RIVELATO Мойка LOCUS 50 1-чаш 500*500 grigio metallizzato арт.LS-50 grigio metallizzato | C98: 18100 | D98: grigio metallizzato | H98: ='Общий прайс'!E139 -> 21990 | I98: =H98*(1-$I$2) -> 13194
B99: ='Общий прайс'!C140 -> RIVELATO Мойка LOCUS 50 1-чаш 500*500 nero арт.LS-50 nero | C99: 18101 | D99: nero | H99: ='Общий прайс'!E140 -> 21990 | I99: =H99*(1-$I$2) -> 13194
B100: ='Общий прайс'!C141 -> RIVELATO Мойка LOCUS 50 1-чаш 500*500 topazio арт.LS-50 topazio | C100: 18102 | D100: topazio | H100: ='Общий прайс'!E141 -> 21990 | I100: =H100*(1-$I$2) -> 13194
A101: LOCUS 65 | C101: Рендер с интерьером | E101: Схема с размерами | G101: Объём упаковки: 0,133 м³ • Вес нетто: 10,50 кг • Вес брутто: 16,45 кг
B102: ='Общий прайс'!C142 -> RIVELATO Мойка LOCUS 65 1-чаш 650*500 antracite арт.LS-65 antracite | C102: 18103 | D102: antracite | E102: 650*500 | F102: 470*460*200 | G102: • Врезной | H102: ='Общий прайс'!E142 -> 26990 | I102: =H102*(1-$I$2) -> 16194 | J102: • Дизан-студия Артемия Лебедева • Запатентованный Г-образный шильд • Перелив скрытого типа размещен под щильдом • Чаша формы Якутского бриллианта | K102: • Ролл-мат Код товара № 18651 • Столик-доска из массива бука. Код товара № 18358
B103: ='Общий прайс'!C143 -> RIVELATO Мойка LOCUS 65 1-чаш 650*500 beige scuro арт.LS-65 beige scuro | C103: 18104 | D103: beige scuro | H103: ='Общий прайс'!E143 -> 26990 | I103: =H103*(1-$I$2) -> 16194
B104: ='Общий прайс'!C144 -> RIVELATO Мойка LOCUS 65 1-чаш 650*500 brina арт.LS-65 brina | C104: 18105 | D104: brina | H104: ='Общий прайс'!E144 -> 26990 | I104: =H104*(1-$I$2) -> 16194
...

Sheet Гранит 800
G1: Скидка
G2: Холодное литье | I2: ='Общий прайс'!$F$2 -> 0.4
G3: Горячее литье | I3: ='Общий прайс'!$F$3 -> 0.4
N4: Навигация по каталогу цен
A5: Изображение | B5: Модель | C5: Код товара | D5: Цвет | E5: Размер в mm | G5: Тип | H5: Цена в ₽ с НДС | J5: Особенности | K5: Рекоендованные | L5: Общие характеристики | N5: Описание | O5: Ссылки
E6: Общий | F6: Чаша | G6: Монтажа | H6: РРЦ | I6: Закуп | K6: аксессуары | O6: Гранит | P6: Нерж. Сталь
A8: Материал: Terigranit (технология хлодного литья) Гарантия 15 лет | N8: Смесители | O8: Смесители
A9: SCALINO-553-L | C9: Рендер с интерьером | E9: Схема с размерами | G9: Объём упаковки: 0,11 м³ • Вес нетто: 10,0 кг • Вес брутто: 14,2 кг | N9: Дозаторы | O9: Дозаторы
B10: ='Общий прайс'!C58 -> RIVELATO Мойка SCALINO SL-553-L 1-чаш 445*600 antracite | C10: ='Общий прайс'!A58 -> 19686 | D10: antracite | E10: 600*445 | F10: 550*370*200 | G10: • Подстольный | H10: ='Общий прайс'!E58 -> 18990 | I10: =H10*(1-$I$2) -> 11394 | J10: • Монтаж ПОДСТОЛЬНЫЙ • На дне направляющие воду лучи • Наличие фальц-ступени для доски или ролл-мата • Прямоугольный перелив • Сливное отверстие слева • Комплектация U-образный сифон с выводом д/ПММ, комплект крепежа | K10: • Разделочная доска HPL • Ролл-мат | L10: • Гарантия 15 лет • Terigranit (Теригранит): В основе материала — наноструктура кристаллов натурального кварца высшей очистки, армирующее полиэфирное волокно Terital (Теритал): ✓ Сверхпрочность — ударопрочность, термостойкость от −50 °C до +280 °C, на 70% прочнее аналогов. ✓ Гигиена — антибактериальная защита в материале, не впитывает запахи и красители. ✓ Лёгкий уход — гидрофобная поверхность: вода скатывается. ✓ Тишина — максимальное шумопоглощение, без «барабанного» эффекта стали. ✓ Долговечный дизайн — цвет не выгорает. ✓ Безопасность — сертифицированное европейское сырьё, допуск к пищевым продуктам. • Комплектация: сифон с доп.выводом для ПММ, крепеж, паспорт изделия, монтажный шаблон. • Упаковка капсульного типа: целлюлозный пятислойный влагостойкий картон, ребра жесткости. | N10: Аксессуары | O10: Аксессуары
B11: ='Общий прайс'!C59 -> RIVELATO Мойка SCALINO SL-553-L 1-чаш 445*600 beige scuro | C11: ='Общий прайс'!A59 -> 19687 | D11: beige scuro | H11: ='Общий прайс'!E59 -> 18990 | I11: =H11*(1-$I$2) -> 11394 | N11: База 400 mm | O11: 400 | P11: 400
B12: ='Общий прайс'!C60 -> RIVELATO Мойка SCALINO SL-553-L 1-чаш 445*600 brina | C12: ='Общий прайс'!A60 -> 19688 | D12: brina | H12: ='Общий прайс'!E60 -> 18990 | I12: =H12*(1-$I$2) -> 11394 | N12: База 450 mm | O12: 450 | P12: 450
B13: ='Общий прайс'!C61 -> RIVELATO Мойка SCALINO SL-553-L 1-чаш 445*600 grigio metallizzato | C13: ='Общий прайс'!A61 -> 19689 | D13: grigio metallizzato | H13: ='Общий прайс'!E61 -> 18990 | I13: =H13*(1-$I$2) -> 11394 | N13: База 500 mm | O13: 500 | P13: 500
N14: База 600 mm | O14: 600 | P14: 600
N15: База 900 mm | O15: 900 | P15: 900
A16: SCALINO-553-R | C16: Рендер с интерьером | E16: Схема с размерами | G16: Объём упаковки: 0,11 м³ • Вес нетто: 10,0 кг • Вес брутто: 14,2 кг | N16: Содержание
B17: ='Общий прайс'!C64 -> RIVELATO Мойка SCALINO SL-553-R 1-чаш 445*600 antracite | C17: ='Общий прайс'!A64 -> 19692 | D17: antracite | E17: 600*445 | F17: 550*370*010 | G17: • Подстольный | H17: ='Общий прайс'!E64 -> 18990 | I17: =H17*(1-$I$2) -> 11394 | J17: • Монтаж ПОДСТОЛЬНЫЙ • На дне направляющие воду лучи • Наличие фальц-ступени для доски или ролл-мата • Прямоугольный перелив • Сливное отверстие справа • Комплектация U-образный сифон с выводом д/ПММ, комплект крепежа | K17: • Разделочная доска HPL • Ролл-мат
B18: ='Общий прайс'!C65 -> RIVELATO Мойка SCALINO SL-553-R 1-чаш 445*600 beige scuro | C18: ='Общий прайс'!A65 -> 19693 | D18: beige scuro | H18: ='Общий прайс'!E65 -> 18990 | I18: =H18*(1-$I$2) -> 11394
B19: ='Общий прайс'!C66 -> RIVELATO Мойка SCALINO SL-553-R 1-чаш 445*600 brina | C19: ='Общий прайс'!A66 -> 19694 | D19: brina | H19: ='Общий прайс'!E66 -> 18990 | I19: =H19*(1-$I$2) -> 11394
B20: ='Общий прайс'!C67 -> RIVELATO Мойка SCALINO SL-553-R 1-чаш 445*600 grigio metallizzato | C20: ='Общий прайс'!A67 -> 19695 | D20: grigio metallizzato | H20: ='Общий прайс'!E67 -> 18990 | I20: =H20*(1-$I$2) -> 11394
A23: LINO 654-L | C23: Рендер с интерьером | E23: Схема с размерами | G23: Объём упаковки: 0,13 м³ • Вес нетто: 11,1 кг • Вес брутто: 16,62 кг
B24: ='Общий прайс'!C124 -> RIVELATO Мойка LINO 654-L 1-чаш 650*440 antracite арт.LN-654-L antracite | C24: 19216 | D24: antracite | E24: 650*440 | F24: 600*360*210 | G24: • Универсальный | H24: ='Общий прайс'!E124 -> 20990 | I24: =H24*(1-$I$2) -> 12594 | J24: • Монтаж в Базу от 700 mm • Сливное отверстие справа • На дне лучи направляющие воду • Прямоугольный перелив • Фальц-ступень для аксессуаров | K24: • Разделочная доска HPL Код товара № 19438, 19439 • Ролл-мат Код товара № 19449
B25: ='Общий прайс'!C125 -> RIVELATO Мойка LINO 654-L 1-чаш 650*440 beige scuro арт.LN-654-L beige scuro | C25: 19201 | D25: beige scuro | H25: ='Общий прайс'!E125 -> 20990 | I25: =H25*(1-$I$2) -> 12594
B26: ='Общий прайс'!C126 -> RIVELATO Мойка LINO 654-L 1-чаш 650*440 brina арт.LN-654-L brina | C26: 19224 | D26: brina | H26: ='Общий прайс'!E126 -> 20990 | I26: =H26*(1-$I$2) -> 12594
B27: ='Общий прайс'!C127 -> RIVELATO Мойка LINO 654-L 1-чаш 650*440 grigio metallizzato арт.LN-654-L grigio metallizzato | C27: 19230 | D27: grigio metallizzato | H27: ='Общий прайс'!E127 -> 20990 | I27: =H27*(1-$I$2) -> 12594
B28: ='Общий прайс'!C128 -> RIVELATO Мойка LINO 654-L 1-чаш 650*440 nero арт.LN-654-L nero | C28: 19238 | D28: nero | H28: ='Общий прайс'!E128 -> 20990 | I28: =H28*(1-$I$2) -> 12594
B29: ='Общий прайс'!C129 -> RIVELATO Мойка LINO 654-L 1-чаш 650*440 topazio арт.LN-654-L topazio | C29: 19246 | D29: topazio | H29: ='Общий прайс'!E129 -> 20990 | I29: =H29*(1-$I$2) -> 12594
A30: LINO 654-R | C30: Рендер с интерьером | E30: Схема с размерами | G30: Объём упаковки: 0,13 м³ • Вес нетто: 11,1 кг • Вес брутто: 16,62 кг
B31: ='Общий прайс'!C130 -> RIVELATO Мойка LINO 654-R 1-чаш 650*440 antracite арт.LN-654-R antracite | C31: 19217 | D31: antracite | E31: 650*440 | F31: 600*360*210 | G31: • Универсальный | H31: ='Общий прайс'!E130 -> 20990 | I31: =H31*(1-$I$2) -> 12594 | J31: • Монтаж в Базу от 700 mm • Сливное отверстие справа • На дне лучи направляющие воду • Прямоугольный перелив • Фальц-ступень для аксессуаров | K31: • Разделочная доска HPL Код товара № 19438, 19439 • Ролл-мат Код товара № 19449
B32: ='Общий прайс'!C131 -> RIVELATO Мойка LINO 654-R 1-чаш 650*440 beige scuro арт.LN-654-R beige scuro | C32: 19202 | D32: beige scuro | H32: ='Общий прайс'!E131 -> 20990 | I32: =H32*(1-$I$2) -> 12594
B33: ='Общий прайс'!C132 -> RIVELATO Мойка LINO 654-R 1-чаш 650*440 brina арт.LN-654-R brina | C33: 19225 | D33: brina | H33: ='Общий прайс'!E132 -> 20990 | I33: =H33*(1-$I$2) -> 12594
B34: ='Общий прайс'!C133 -> RIVELATO Мойка LINO 654-R 1-чаш 650*440 grigio metallizzato арт.LN-654-R grigio metallizzato | C34: 19231 | D34: grigio metallizzato | H34: ='Общий прайс'!E133 -> 20990 | I34: =H34*(1-$I$2) -> 12594
B35: ='Общий прайс'!C134 -> RIVELATO Мойка LINO 654-R 1-чаш 650*440 nero арт.LN-654-R nero | C35: 19239 | D35: nero | H35: ='Общий прайс'!E134 -> 20990 | I35: =H35*(1-$I$2) -> 12594
B36: ='Общий прайс'!C135 -> RIVELATO Мойка LINO 654-R 1-чаш 650*440 topazio арт.LN-654-R topazio | C36: 19247 | D36: topazio | H36: ='Общий прайс'!E135 -> 20990 | I36: =H36*(1-$I$2) -> 12594
A37: AXEL 60 | C37: Рендер с интерьером | E37: Схема с размерами | G37: Объём упаковки: 0,133 м³ • Вес нетто: 12,91 кг • Вес брутто: 18,80 кг
B38: ='Общий прайс'!C244 -> RIVELATO Мойка AXEL 60 1-чаша 630*520мм antracite арт.Х-60 antracite | C38: 17222 | D38: antracite | E38: 630*520 | F38: 540*400*200 | G38: • Врезной | H38: ='Общий прайс'!E244 -> 20500 | I38: =H38*(1-$I$2) -> 12300 | J38: • Сливное отверстие смещено к задней стенке • Классический перелив круглый • Дизайн студия Алессандро Росси • Насечки для монтажа смесителя и аксессуаров | K38: • Ролл-мат Код товара № 18651 • Черный сифон Код товара № 18425, 18424 • Коландер. Код товара № 18187
B39: ='Общий прайс'!C245 -> RIVELATO Мойка AXEL 60 1-чаша 630*520мм beige scuro арт.Х-60 beige scuro | C39: 17226 | D39: beige scuro | H39: ='Общий прайс'!E245 -> 20500 | I39: =H39*(1-$I$2) -> 12300
B40: ='Общий прайс'!C246 -> RIVELATO Мойка AXEL 60 1-чаша 630*520мм brina арт.Х-60 brina | C40: 17223 | D40: brina | H40: ='Общий прайс'!E246 -> 20500 | I40: =H40*(1-$I$2) -> 12300
B41: ='Общий прайс'!C247 -> RIVELATO Мойка AXEL 60 1-чаша 630*520мм grigio metallizzato арт.Х-60 grigio metallizzato | C41: 17225 | D41: grigio metallizzato | H41: ='Общий прайс'!E247 -> 20500 | I41: =H41*(1-$I$2) -> 12300
B42: ='Общий прайс'!C248 -> RIVELATO Мойка AXEL 60 1-чаша 630*520мм nero арт.Х-60 nero | C42: 17228 | D42: nero | H42: ='Общий прайс'!E248 -> 20500 | I42: =H42*(1-$I$2) -> 12300
B43: ='Общий прайс'!C249 -> RIVELATO Мойка AXEL 60 1-чаша 630*520мм topazio арт.Х-60 topazio | C43: 17227 | D43: topazio | H43: ='Общий прайс'!E249 -> 20500 | I43: =H43*(1-$I$2) -> 12300
A44: AXEL 70 | C44: Рендер с интерьером | E44: Схема с размерами | G44: Объём упаковки: 0,133 м³ • Вес нетто: 13,72 кг • Вес брутто: 19,56 кг
B45: ='Общий прайс'!C250 -> RIVELATO Мойка AXEL 70 1-чаша 730*520мм antracite арт.Х-70 antracite | C45: 17230 | D45: antracite | E45: 730*520 | F45: 640*400*200 | G45: • Врезной | H45: ='Общий прайс'!E250 -> 23500 | I45: =H45*(1-$I$2) -> 14100 | J45: • Сливное отверстие смещено к задней стенке • Классический перелив круглый • Дизайн студия Алессандро Росси • Насечки для монтажа смесителя и аксессуаров | K45: • Ролл-мат Код товара № 18651 • Черный сифон Код товара № 18425, 18424 • Коландер. Код товара № 18187
B46: ='Общий прайс'!C251 -> RIVELATO Мойка AXEL 70 1-чаша 730*520мм beige scuro арт.Х-70 beige scuro | C46: 17235 | D46: beige scuro | H46: ='Общий прайс'!E251 -> 23500 | I46: =H46*(1-$I$2) -> 14100
B47: ='Общий прайс'!C252 -> RIVELATO Мойка AXEL 70 1-чаша 730*520мм brina арт.Х-70 brina | C47: 17232 | D47: brina | H47: ='Общий прайс'!E252 -> 23500 | I47: =H47*(1-$I$2) -> 14100
B48: ='Общий прайс'!C253 -> RIVELATO Мойка AXEL 70 1-чаша 730*520мм grigio metallizzato арт.Х-70 grigio metallizzato | C48: 17234 | D48: grigio metallizzato | H48: ='Общий прайс'!E253 -> 23500 | I48: =H48*(1-$I$2) -> 14100
B49: ='Общий прайс'!C254 -> RIVELATO Мойка AXEL 70 1-чаша 730*520мм nero арт.Х-70 nero | C49: 17237 | D49: nero | H49: ='Общий прайс'!E254 -> 23500 | I49: =H49*(1-$I$2) -> 14100
B50: ='Общий прайс'!C255 -> RIVELATO Мойка AXEL 70 1-чаша 730*520мм topazio арт.Х-70 topazio | C50: 17236 | D50: topazio | H50: ='Общий прайс'!E255 -> 23500 | I50: =H50*(1-$I$2) -> 14100
A51: Материал: Granoceramic (технология горячего литья) Гарантия 20 лет
A52: STRIA 6053 | C52: Рендер с интерьером | E52: Схема с размерами | G52: Объём упаковки: 0,11 м³ • Вес нетто: 8,31 кг • Вес брутто: 12,01 кг | L52: • Гарантия 20 лет • Granoceramic — премиум-материал с керамической душой ✓ Состав премиум-класса — кварц, смолы PMMA и керамическая глина. Твёрдость камня, глубина цвета. ✓ Технология SPR — итальянское горячее литьё. Монолитная структура без микропор, цвет по всей толщине. ✓ Антивандальность — устойчивость к царапинам, сколам и ударам тяжёлой посудой. ✓ Термостойкость — кипятком без ограничений. ✓ Гигиена 100% — нулевая пористость, антибактериальные свойства, не впитывает запахи и красители. ✓ Вечный дизайн — гладкая поверхность, насыщенный цвет не выгорает десятилетиями. • Комплектация: Сифон U-образный, паспорт изделия, крепеж, монтажный шаблон, мойка в полиэтиленовом пакете. • Упаковка: Короб из целлюлозного картона пятислойный влагостойки с ребрами жесткости внутри.
B53: ='Общий прайс'!C304 -> RIVELATO Мойка STRIA 6053 1-чаш 600*440 Bianco latte арт.SR-6053 Bianco latte | C53: 19152 | D53: Bianco latte | E53: 600*440 | F53: 530*405*210 | G53: • Подстольный | H53: ='Общий прайс'!E304 -> 39990 | I53: =H53*(1-$I$3) -> 23994 | J53: • Монтаж в Базу от 700 mm • Перелив прямоугольный • Сливное отверстие смещено к задней стенке | K53: • Ролл-мат Код товара № 18651
B54: ='Общий прайс'!C306 -> RIVELATO Мойка STRIA 6053 1-чаш 600*440 Grigio puro арт.SR-6053 Grigio puro | C54: 19346 | D54: Grigio puro | H54: ='Общий прайс'!E306 -> 39990 | I54: =H54*(1-$I$3) -> 23994
B55: ='Общий прайс'!C307 -> RIVELATO Мойка STRIA 6053 1-чаш 600*440 Nero profondo арт.SR-6053 Nero profondo | C55: 19347 | D55: Nero profondo | H55: ='Общий прайс'!E307 -> 39990 | I55: =H55*(1-$I$3) -> 23994
B56: ='Общий прайс'!C308 -> RIVELATO Мойка STRIA 6053 1-чаш 600*440 Sabbia арт.SR-6053 Sabbia | C56: 19345 | D56: Sabbia | H56: ='Общий прайс'!E308 -> 39990 | I56: =H56*(1-$I$3) -> 23994
A57: STRIA 6963 | C57: Рендер с интерьером | E57: Схема с размерами | G57: Объём упаковки: 0,133 м³ • Вес нетто: 9,19 кг • Вес брутто: 13,21 кг
B58: ='Общий прайс'!C310 -> RIVELATO Мойка STRIA 6963 1-чаш 690*443 Bianco latte арт.SR-6963 Bianco latte | C58: 19150 | D58: Bianco latte | E58: 690*443 | F58: 630*400*210 | G58: • Подстольный | H58: ='Общий прайс'!E310 -> 40990 | I58: =H58*(1-$I$3) -> 24594 | J58: • Перелив прямоугольный • Сливное отверстие смещено к задней стенке | K58: • Ролл-мат Код товара № 18651
B59: ='Общий прайс'!C312 -> RIVELATO Мойка STRIA 6963 1-чаш 690*443 Nero profondo арт.SR-6963 Nero profondo | C59: 19350 | D59: Nero profondo | H59: ='Общий прайс'!E312 -> 40990 | I59: =H59*(1-$I$3) -> 24594
A60: STRIA 7669 | C60: Рендер с интерьером | E60: Схема с размерами | G60: Объём упаковки: 0,133 м³ • Вес нетто: 9,89 кг • Вес брутто: 13,93 кг
B61: ='Общий прайс'!C313 -> RIVELATO Мойка STRIA 7669 1-чаш 760*435 Bianco latte арт.SR-7669 Bianco latte | C61: 19151 | D61: Bianco latte | E61: 760*435 | F61: 690*400*210 | G61: • Подстольный | H61: ='Общий прайс'!E313 -> 41990 | I61: =H61*(1-$I$3) -> 25194 | J61: • Перелив прямоугольный • Сливное отверстие смещено к задней стенке • Итальянский завод | K61: • Ролл-мат Код товара № 18651
B62: ='Общий прайс'!C314 -> RIVELATO Мойка STRIA 7669 1-чаш 760*435 Grigio puro арт.SR-7669 Grigio puro | C62: 19353 | D62: Grigio puro | H62: ='Общий прайс'!E314 -> 41990 | I62: =H62*(1-$I$3) -> 25194
B63: ='Общий прайс'!C315 -> RIVELATO Мойка STRIA 7669 1-чаш 760*435 Nero profondo арт.SR-7669 Nero profondo | C63: 19354 | D63: Nero profondo | H63: ='Общий прайс'!E315 -> 41990 | I63: =H63*(1-$I$3) -> 25194
B64: ='Общий прайс'!C316 -> RIVELATO Мойка STRIA 7669 1-чаш 760*435 Sabbia арт.SR-7669 Sabbia | C64: 19352 | D64: Sabbia | H64: ='Общий прайс'!E316 -> 41990 | I64: =H64*(1-$I$3) -> 25194
A65: ZENO 6950 | C65: Рендер с интерьером | E65: Схема с размерами | G65: Объём упаковки: 0,133 м³ • Вес нетто: 10,02 кг • Вес брутто: 14,13 кг
B66: ='Общий прайс'!C333 -> RIVELATO Мойка ZENO 6950 1-чаш 690*500 Bianco latte арт.ZN-6950 Bianco latte | C66: 19143 | D66: Bianco latte | E66: 690*500 | F66: 630*395*200 | G66: • Врезной | H66: ='Общий прайс'!E333 -> 38990 | I66: =H66*(1-$I$3) -> 23394 | J66: • Итальянский завод • Прямоугольный перелив • Сливное отверстие смещено к задней стенке • Предподготовка насечек для монтажа смесителя и аксессуаров • Итальянский завод | K66: • Ролл-мат Код товара № 18651
B67: ='Общий прайс'!C335 -> RIVELATO Мойка ZENO 6950 1-чаш 690*500 Nero profondo арт.ZN-6950 Nero profondo | C67: 19368 | D67: Nero profondo | H67: ='Общий прайс'!E335 -> 38990 | I67: =H67*(1-$I$3) -> 23394
B68: ='Общий прайс'!C336 -> RIVELATO Мойка ZENO 6950 1-чаш 690*500 Sabbia арт.ZN-6950 Sabbia | C68: 19367 | D68: Sabbia | H68: ='Общий прайс'!E336 -> 38990 | I68: =H68*(1-$I$3) -> 23394
A69: ZENO 7650 | C69: Рендер с интерьером | E69: Схема с размерами | G69: Объём упаковки: 0,133 м³ • Вес нетто: 10,98 кг • Вес брутто: 15,44 кг
B70: ='Общий прайс'!C337 -> RIVELATO Мойка ZENO 7650 1-чаш 760*500 Bianco latte арт.ZN-7650 Bianco latte | C70: 19144 | D70: Bianco latte | E70: 760*500 | F70: 690*395*200 | G70: • Врезной | H70: ='Общий прайс'!E337 -> 39990 | I70: =H70*(1-$I$3) -> 23994 | J70: • Итальянский завод • Прямоугольный перелив • Сливное отверстие смещено к задней стенке • Предподготовка насечек для монтажа смесителя и аксессуаров • Итальянский завод | K70: • Ролл-мат Код товара № 18651
B71: ='Общий прайс'!C338 -> RIVELATO Мойка ZENO 7650 1-чаш 760*500 Grigio puro арт.ZN-7650 Grigio puro | C71: 19371 | D71: Grigio puro | H71: ='Общий прайс'!E338 -> 39990 | I71: =H71*(1-$I$3) -> 23994
B72: ='Общий прайс'!C339 -> RIVELATO Мойка ZENO 7650 1-чаш 760*500 Nero profondo арт.ZN-7650 Nero profondo | C72: 19372 | D72: Nero profondo | H72: ='Общий прайс'!E339 -> 39990 | I72: =H72*(1-$I$3) -> 23994
B73: ='Общий прайс'!C340 -> RIVELATO Мойка ZENO 7650 1-чаш 760*500 Sabbia арт.ZN-7650 Sabbia | C73: 19370 | D73: Sabbia | H73: ='Общий прайс'!E340 -> 39990 | I73: =H73*(1-$I$3) -> 23994
A74: Материал: Lumigranit (технология горячего литья) Гарантия 20 лет
A75: ZENO 6950 | C75: Рендер с интерьером | E75: Схема с размерами | G75: Объём упаковки: 0,133 м³ • Вес нетто: 10,02 кг • Вес брутто: 14,13 кг | L75: • Гарантия 20 лет Lumigranit — материал с металлизированным характером ✓ Уникальный эффект — глубокий металлический оттенок в структуре, играет на свету. ✓ Итальянская технология — полимеризация, монолитная структура, нулевая пористость. ✓ Гигиена и уход — «невидимый щит» от грязи и налёта, легко очищается. ✓ Надёжность — стойкость к царапинам, химии, температуре и выцветанию. ✓ Премиум-тактильность — бархатисто-гладкая поверхность, роскошный вид. ✓ Безопасность — европейское сырьё, контакт с пищевыми продуктами. • Комплектация: Сифон U-образный, паспорт изделия, крепеж, монтажный шаблон, мойка в полиэтиленовом пакете. • Упаковка: Короб из целлюлозного картона пятислойный влагостойки с ребрами жесткости внутри.
B76: ='Общий прайс'!C334 -> RIVELATO Мойка ZENO 6950 1-чаш 690*500 Calcestruzzo арт.ZN-6950 Calcestruzzo | C76: 19369 | D76: Calcestruzzo | E76: 690*500 | F76: 630*395*200 | G76: • Врезной | H76: ='Общий прайс'!E334 -> 38990 | I76: =H76*(1-$I$3) -> 23394 | J76: • Итальянский завод • Прямоугольный перелив • Сливное отверстие смещено к задней стенке • Предподготовка насечек для монтажа смесителя и аксессуаров • Итальянский завод | K76: • Ролл-мат Код товара № 18651
A77: STRIA 6053 | C77: Рендер с интерьером | E77: Схема с размерами | G77: Объём упаковки: 0,11 м³ • Вес нетто: 8,31 кг • Вес брутто: 12,01 кг
B78: ='Общий прайс'!C305 -> RIVELATO Мойка STRIA 6053 1-чаш 600*440 Calcestruzzo арт.SR-6053 Calcestruzzo | C78: 19349 | D78: Calcestruzzo | E78: 600*440 | F78: 530*405*210 | G78: • Подстольный | H78: ='Общий прайс'!E305 -> 37990 | I78: =H78*(1-$I$3) -> 22794 | J78: • Перелив прямоугольный • Сливное отверстие смещено к задней стенке • Итальянский завод | K78: • Ролл-мат Код товара № 18651
B79: ='Общий прайс'!C309 -> RIVELATO Мойка STRIA 6053 1-чаш 600*440 Titanio арт.SR-6053 Titanio | C79: 19348 | D79: Titanio | H79: ='Общий прайс'!E309 -> 37990 | I79: =H79*(1-$I$3) -> 22794
A80: STRIA 6963 | C80: Рендер с интерьером | E80: Схема с размерами | G80: Объём упаковки: 0,133 м³ • Вес нетто: 9,19 кг • Вес брутто: 13,21 кг
B81: ='Общий прайс'!C311 -> RIVELATO Мойка STRIA 6963 1-чаш 690*443 Calcestruzzo арт.SR-6963 Calcestruzzo | C81: 19351 | D81: Calcestruzzo | E81: 690*443 | F81: 630*400*210 | G81: • Подстольный | H81: ='Общий прайс'!E311 -> 38990 | I81: =H81*(1-$I$3) -> 23394 | J81: • Перелив прямоугольный • Сливное отверстие смещено к задней стенке • Итальянский завод | K81: • Ролл-мат Код товара № 18651

Sheet Гранит 900
H1: Скидка
H2: Холодное литье | J2: ='Общий прайс'!$F$2 -> 0.4
H3: Горячее литье | J3: ='Общий прайс'!$F$3 -> 0.4
N5: Навигация по каталогу цен
A6: Изображение | B6: Модель, Артикул | C6: Код товара | D6: Цвет | E6: Размер в mm | G6: Тип | H6: Цена в ₽ с НДС | J6: Особенности | K6: Рекомендованные | L6: Общие характеристики | N6: Описание | O6: Ссылки
E7: Общий | F7: Чаша | G7: Монтажа | H7: РРЦ | I7: Закуп | K7: аксессуары | O7: Гранит | P7: Нерж. Сталь
A9: Материал: Terigranit (технология хлодного литья) Гарантия 15 лет | N9: Смесители | O9: Смесители
A10: AXEL 90 | C10: Рендер с интерьером | E10: Схема с размерами | G10: Объём упаковки: 0,153 м³ • Вес нетто: 16,59 кг • Вес брутто: 23,17 кг | L10: • Гарантия 15 лет • Terigranit (Теригранит): В основе материала — наноструктура кристаллов натурального кварца высшей очистки, армирующее полиэфирное волокно Terital (Теритал): ✓ Сверхпрочность — ударопрочность, термостойкость от −50 °C до +280 °C, на 70% прочнее аналогов. ✓ Гигиена — антибактериальная защита в материале, не впитывает запахи и красители. ✓ Лёгкий уход — гидрофобная поверхность: вода скатывается. ✓ Тишина — максимальное шумопоглощение, без «барабанного» эффекта стали. ✓ Долговечный дизайн — цвет не выгорает. ✓ Безопасность — сертифицированное европейское сырьё, допуск к пищевым продуктам. • Комплектация: сифон с доп.выводом для ПММ, крепеж, паспорт изделия, монтажный шаблон. • Упаковка капсульного типа: целлюлозный пятислойный влагостойкий картон, ребра жесткости. | N10: Дозаторы | O10: Дозаторы
B11: AXEL 90 | C11: 17240 | D11: antracite | E11: 870*520 | F11: 780*400*200 | G11: • Врезной | H11: ='Общий прайс'!E256 -> 27500 | I11: =H11*(1-$J$2) -> 16500 | J11: • Дизайн от Алессандро Росси • Функциональная местительная чаша • Предподготовка отверстий для смесителя и аксессуаров | K11: • Столик-доска разделочная. Код товара № 18359 • Ролл-мат армир-ый термостойкий силикон Код товара № 18651 • Черный сифон станд./полуавт. Код товара № 18424, 18425 • Коландер. Код товара № 18187 | N11: Аксессуары | O11: Аксессуары
C12: 17244 | D12: beige scuro | H12: ='Общий прайс'!E257 -> 27500 | I12: =H12*(1-$J$2) -> 16500 | N12: База 400 mm | O12: 400 | P12: 400
C13: 17242 | D13: brina | H13: ='Общий прайс'!E258 -> 27500 | I13: =H13*(1-$J$2) -> 16500 | N13: База 450 mm | O13: 450 | P13: 450
C14: 17243 | D14: grigio metallizzatoato | H14: ='Общий прайс'!E259 -> 27500 | I14: =H14*(1-$J$2) -> 16500 | N14: База 500 mm | O14: 500 | P14: 500
C15: 17246 | D15: nero | H15: ='Общий прайс'!E260 -> 27500 | I15: =H15*(1-$J$2) -> 16500 | N15: База 600 mm | O15: 600 | P15: 600
C16: 17245 | D16: topazio | H16: ='Общий прайс'!E261 -> 27500 | I16: =H16*(1-$J$2) -> 16500 | N16: База 800 mm | O16: 800 | P16: 800
A17: AXEL 90D | C17: Рендер с интерьером | E17: Схема с размерами | G17: Объём упаковки: 0,153 м³ • Вес нетто: 18,19 кг • Вес брутто: 24,77 кг | N17: Общий прайс | O17: Общий прайс
B18: AXEL 90D | C18: 17248 | D18: antracite | E18: 870*520 | F18: 440*450*200 305*400*200 | G18: • Врезной | H18: ='Общий прайс'!E238 -> 38500 | I18: =H18*(1-$J$2) -> 23100 | J18: • Дизайн от Алессандро Росси • Функциональная основная местительная чаша + дополнительная • Предподготовка отверстий для смесителя и аксессуаров | K18: • Столик-доска разделочная. Код товара № 18359 • Ролл-мат армир-ый термостойкий силикон Код товара № 18651 • Черный сифон станд./полуавт. Код товара № 18424, 18425 • Коландер. Код товара № 18187 | N18: Содержание
C19: 17253 | D19: beige scuro | H19: ='Общий прайс'!E239 -> 38500 | I19: =H19*(1-$J$2) -> 23100
C20: 17250 | D20: brina | H20: ='Общий прайс'!E240 -> 38500 | I20: =H20*(1-$J$2) -> 23100
C21: 17252 | D21: grigio metallizzato | H21: ='Общий прайс'!E241 -> 38500 | I21: =H21*(1-$J$2) -> 23100
C22: 17256 | D22: nero | H22: ='Общий прайс'!E242 -> 38500 | I22: =H22*(1-$J$2) -> 23100
C23: 17254 | D23: topazio | H23: ='Общий прайс'!E243 -> 38500 | I23: =H23*(1-$J$2) -> 23100
A24: AXEL 90-2D | C24: Рендер с интерьером | E24: Схема с размерами | G24: Объём упаковки: 0,153 м³ • Вес нетто: 18,43 кг • Вес брутто: 25,00 кг
B25: AXEL 90-2D | C25: 17760 | D25: antracite | E25: 870*520 | F25: 375*400*200 375*400*200 | G25: • Врезной | H25: ='Общий прайс'!E232 -> 39500 | I25: =H25*(1-$J$2) -> 23700 | J25: • Дизайн от Алессандро Росси • Функциональные местительные чаши • Предподготовка отверстий для смесителя и аксессуаров | K25: • Столик-доска разделочная. Код товара № 18359 • Ролл-мат армир-ый термостойкий силикон Код товара № 18651 • Черный сифон станд./полуавт. Код товара № 18424, 18425 • Коландер. Код товара № 18187
C26: 17763 | D26: beige scuro | H26: ='Общий прайс'!E233 -> 39500 | I26: =H26*(1-$J$2) -> 23700
C27: 17761 | D27: brina | H27: ='Общий прайс'!E234 -> 39500 | I27: =H27*(1-$J$2) -> 23700
C28: 17762 | D28: grigio metallizzato | H28: ='Общий прайс'!E235 -> 39500 | I28: =H28*(1-$J$2) -> 23700
C29: 17765 | D29: nero | H29: ='Общий прайс'!E236 -> 39500 | I29: =H29*(1-$J$2) -> 23700
C30: 17764 | D30: topazio | H30: ='Общий прайс'!E237 -> 39500 | I30: =H30*(1-$J$2) -> 23700
A31: Материал: Granoceramic (технология горячего литья) Гарантия 20 лет
A32: STRIA 8679 | C32: Рендер с интерьером | E32: Схема с размерами | G32: Объём упаковки: 0,153 м³ • Вес нетто: 12,6 кг • Вес брутто: 17,8 кг | L32: • Гарантия 20 лет • Granoceramic — премиум-материал с керамической душой ✓ Состав премиум-класса — кварц, смолы PMMA и керамическая глина. Твёрдость камня, глубина цвета. ✓ Технология SPR — итальянское горячее литьё. Монолитная структура без микропор, цвет по всей толщине. ✓ Антивандальность — устойчивость к царапинам, сколам и ударам тяжёлой посудой. ✓ Термостойкость — кипятком без ограничений. ✓ Гигиена 100% — нулевая пористость, антибактериальные свойства, не впитывает запахи и красители. ✓ Вечный дизайн — гладкая поверхность, насыщенный цвет не выгорает десятилетиями. • Комплектация: Сифон U-образный, паспорт изделия, крепеж, монтажный шаблон, мойка в полиэтиленовом пакете. • Упаковка: Короб из целлюлозного картона пятислойный влагостойки с ребрами жесткости внутри.
B33: ='Общий прайс'!C317 -> RIVELATO Мойка STRIA 8679 1-чаш 860*460 Bianco latte арт.SR-8679 Bianco latte | C33: 19355 | D33: Bianco latte | E33: 860*465 | F33: 785*385*210 | G33: • Подстольный | H33: ='Общий прайс'!E317 -> 49990 | I33: =H33*(1-$J$3) -> 29994 | J33: • Итальянский завод • Прямоугольный перелив • Вместительная чаша • Смеситель и аксессуары устанавливаются в столешницу | K33: • Ролл-мат армир-ый термостойкий силикон Код товара № 18651
B34: ='Общий прайс'!C319 -> RIVELATO Мойка STRIA 8679 1-чаш 860*460 Sabbia арт.SR-8679 Sabbia | C34: 19147 | D34: Sabbia | H34: ='Общий прайс'!E319 -> 49990 | I34: =H34*(1-$J$3) -> 29994
A35: FONDE 8638-2 | C35: Рендер с интерьером | E35: Схема с размерами | G35: Объём упаковки: 0,153 м³ • Вес нетто: 13,88 кг • Вес брутто: 18,62 кг
B36: ='Общий прайс'!C267 -> RIVELATO Мойка FONDE 8638-2 2-чаш 860*510 Bianco latte арт.FN-8638-2 Bianco latte | C36: 19336 | D36: Bianco latte | E36: 860*510 | F36: 379*371*235 379*371*235 | G36: • Врезной | H36: ='Общий прайс'!E267 -> 49990 | I36: =H36*(1-$J$3) -> 29994 | J36: • Итальянский завод • Прямоугольный перелив • Двухчашевая мойка • Предподготовка отверстий для смесителя и аксессуаров | K36: • Ролл-мат Код товара № 18651 • Доска разделочная из за коленного стекла Код товара № 19381, 19378
A37: FONDE 8638 | C37: Рендер с интерьером | E37: Схема с размерами | G37: Объём упаковки: 0,153 м³ • Вес нетто: 13,3 кг • Вес брутто: 17,7 кг
B38: ='Общий прайс'!C263 -> RIVELATO Мойка FONDE 8638 1-чаш 860*510 Bianco latte арт.FN-8638 Bianco latte | C38: 19145 | D38: Bianco latte | E38: 860*510 | F38: 790*388*225 | G38: • Врезной | H38: ='Общий прайс'!E263 -> 48990 | I38: =H38*(1-$J$3) -> 29394 | J38: • Итальянский завод • Прямоугольный перелив • Двухчашевая мойка • Предподготовка отверстий для смесителя и аксессуаров | K38: • Ролл-мат Код товара № 18651 • Доска разделочная из за коленного стекла Код товара № 19381, 19378 • Коландер Код товара № 19380
B39: ='Общий прайс'!C264 -> RIVELATO Мойка FONDE 8638 1-чаш 860*510 Grigio puro арт.FN-8638 Grigio puro | C39: 19333 | D39: Grigio puro | H39: ='Общий прайс'!E264 -> 48990 | I39: =H39*(1-$J$3) -> 29394
B40: ='Общий прайс'!C265 -> RIVELATO Мойка FONDE 8638 1-чаш 860*510 Nero profondo арт.FN-8638 Nero profondo | C40: 19334 | D40: Nero profondo | H40: ='Общий прайс'!E265 -> 48990 | I40: =H40*(1-$J$3) -> 29394
B41: ='Общий прайс'!C266 -> RIVELATO Мойка FONDE 8638 1-чаш 860*510 Sabbia арт.FN-8638 Sabbia | C41: 19149 | D41: Sabbia | H41: ='Общий прайс'!E266 -> 48990 | I41: =H41*(1-$J$3) -> 29394
A42: MODULIX 9082 | C42: Рендер с интерьером | E42: Схема с размерами | G42: Объём упаковки: 0,153 м³ • Вес нетто: 24,73 кг • Вес брутто: 32,26 кг
B43: ='Общий прайс'!C288 -> RIVELATO Мойка MODULIX 9082 1-чаш 899*679 Nero profondo арт.MD-9082 Nero profondo | C43: 19375 | D43: Nero profondo | G43: • Модульная | H43: ='Общий прайс'!E288 -> 89990 | I43: =H43*(1-$J$3) -> 53994 | J43: • Модульный способ монтажа (фермерская) • Итальянский завод • Функциональная площадка для смесителя и аксессуаров • Предподготовка отверстий для смесителя и аксессуаров | K43: • Ролл-мат армир-ый термостойкий силикон Код товара № 18651
B44: ='Общий прайс'!C289 -> RIVELATO Мойка MODULIX 9082 1-чаш 899*679 Bianco latte арт.MD-9082 Bianco latte | C44: 19148 | D44: Bianco latte | H44: ='Общий прайс'!E289 -> 89990 | I44: =H44*(1-$J$3) -> 53994
B45: ='Общий прайс'!C290 -> RIVELATO Мойка MODULIX 9082 1-чаш 899*679 Grigio puro арт.MD-9082 Grigio puro | C45: 19374 | D45: Grigio puro | H45: ='Общий прайс'!E290 -> 89990 | I45: =H45*(1-$J$3) -> 53994
B46: ='Общий прайс'!C291 -> RIVELATO Мойка MODULIX 9082 1-чаш 899*679 Sabbia арт.MD-9082 Sabbia | C46: 19373 | D46: Sabbia | H46: ='Общий прайс'!E291 -> 89990 | I46: =H46*(1-$J$3) -> 53994
A47: Материал: Lumigranit (технология горячего литья) Гарантия 20 лет
A48: FONDE 8638-2 | C48: Рендер с интерьером | E48: Схема с размерами | G48: Объём упаковки: 0,153 м³ • Вес нетто: 13,88 кг • Вес брутто: 18,62 кг | L48: • Гарантия 20 лет Lumigranit — материал с металлизированным характером ✓ Уникальный эффект — глубокий металлический оттенок в структуре, играет на свету. ✓ Итальянская технология — полимеризация, монолитная структура, нулевая пористость. ✓ Гигиена и уход — «невидимый щит» от грязи и налёта, легко очищается. ✓ Надёжность — стойкость к царапинам, химии, температуре и выцветанию. ✓ Премиум-тактильность — бархатисто-гладкая поверхность, роскошный вид. ✓ Безопасность — европейское сырьё, контакт с пищевыми продуктами. • Комплектация: Сифон U-образный, паспорт изделия, крепеж, монтажный шаблон, мойка в полиэтиленовом пакете. • Упаковка: Короб из целлюлозного картона пятислойный влагостойки с ребрами жесткости внутри.
B49: ='Общий прайс'!C269 -> RIVELATO Мойка FONDE 8638-2 2-чаш 860*510 Titanio арт.FN-8638-2 Titanio | C49: 19394 | D49: Titanio | E49: 860*510 | F49: 379*371*235 379*371*235 | G49: • Врезной | H49: ='Общий прайс'!E269 -> 46990 | I49: =H49*(1-$J$3) -> 28194 | J49: • Итальянский завод • Прямоугольный перелив • Двухчашевая мойка • Предподготовка отверстий для смесителя и аксессуаров • Прямоугольный перелив | K49: • Ролл-мат Код товара № 18651 • Доска разделочная из за коленного стекла Код товара № 19381, 19378 • Коландер Код товара № 19380
A50: LUMO 8650 | C50: Рендер с интерьером | E50: Схема с размерами | G50: Объём упаковки: 0,153 м³ • Вес нетто: 11,98 кг • Вес брутто: 16,66 кг
B51: ='Общий прайс'!C284 -> RIVELATO Мойка LUMO 8650 1-чаш 860*500 Nero арт.LM-8650 Nero | C51: 19332 | D51: Nero | E51: 860*500 | F51: 450*430*200 | G51: • Врезной | H51: ='Общий прайс'!E284 -> 36990 | I51: =H51*(1-$J$3) -> 22194 | J51: • Итальянский завод • Функциональное крыло для размещения посуды • Предподготовка отверстий для монтажа смесителя и аксессуаров | K51: • Ролл-мат армир-ый термостойкий силикон Код товара № 18651
B52: ='Общий прайс'!C287 -> RIVELATO Мойка LUMO 8650 1-чаш 860*500 Titanio арт.LM-8650 Titanio | C52: 19331 | D52: Titanio | H52: ='Общий прайс'!E287 -> 36990 | I52: =H52*(1-$J$3) -> 22194
A53: STRIA 8679 | C53: Рендер с интерьером | E53: Схема с размерами | G53: Объём упаковки: 0,153 м³ • Вес нетто: 12,6 кг • Вес брутто: 17,8 кг
B54: ='Общий прайс'!C318 -> RIVELATO Мойка STRIA 8679 1-чаш 860*460 Calcestruzzo арт.SR-8679 Calcestruzzo | C54: 19357 | D54: Calcestruzzo | E54: 860*465 | F54: 785*385*210 | G54: • Врезной | H54: ='Общий прайс'!E318 -> 44990 | I54: =H54*(1-$J$3) -> 26994 | J54: • Итальянский завод • Прямоугольный перелив • Вместительная чаша | K54: • Ролл-мат армир-ый термостойкий силикон Код товара № 18651
B55: ='Общий прайс'!C320 -> RIVELATO Мойка STRIA 8679 1-чаш 860*460 Titanio арт.SR-8679 Titanio | C55: 19356 | D55: Titanio | H55: ='Общий прайс'!E320 -> 44990 | I55: =H55*(1-$J$3) -> 26994
A56: Материал: Technogranit (технология горячего литья) Гарантия 15 лет
A57: FONDE 8638-2 | C57: Рендер с интерьером | E57: Схема с размерами | G57: Объём упаковки: 0,153 м³ • Вес нетто: 13,88 кг • Вес брутто: 18,62 кг | L57: • Гарантия 15 лет Technogranit — премиум-композит, проверенный временем ✓ Состав премиум-класса — европейский кварц и акриловые смолы. Сдержанная роскошь и надёжность. ✓ Технология SPR — горячее литьё с термообработкой. Монолитная структура, нулевая пористость. ✓ Термостойкость — от −50 °C до +280 °C. Кипяток и раскалённая посуда без риска трещин. ✓ Благородный мат — глубокая матовая поверхность без бликов и отпечатков пальцев. ✓ Надёжность — устойчивость к царапинам, химии и выцветанию. Цвет однородный по всей толщине. ✓ Гигиена — не впитывает запахи и загрязнения, предельно лёгкий уход. Rivelato Technogranit — эталон совершенства для требовательных интерьеров.
B58: ='Общий прайс'!C268 -> RIVELATO Мойка FONDE 8638-2 2-чаш 860*510 Nero opaco арт.FN-8638-2 Nero opaco | C58: 19395 | D58: Nero opaco | E58: 860*510 | F58: 379*371*235 379*371*235 | G58: • Врезной | H58: ='Общий прайс'!E268 -> 44990 | I58: =H58*(1-$J$3) -> 26994 | J58: • Итальянский завод • Прямоугольный перелив • Двухчашевая мойка • Предподготовка отверстий для смесителя и аксессуаров • Прямоугольный перелив | K58: • Ролл-мат Код товара № 18651 • Доска разделочная из за коленного стекла Код товара № 19381, 19378 • Коландер Код товара № 19380
A59: LUMO 8650 | C59: Рендер с интерьером | E59: Схема с размерами | G59: Объём упаковки: 0,153 м³ • Вес нетто: 11,98 кг • Вес брутто: 16,66 кг
B60: ='Общий прайс'!C282 -> RIVELATO Мойка LUMO 8650 1-чаш 860*500 Bianca арт.LM-8650 Bianca | C60: 19330 | D60: Bianca | E60: 860*500 | F60: 450*430*200 | G60: • Врезной | H60: ='Общий прайс'!E282 -> 34990 | I60: =H60*(1-$J$3) -> 20994 | J60: • Итальянский завод • Функциональное крыло для размещения посуды • Предподготовка отверстий для монтажа смесителя и аксессуаров • Прямоугольный перелив | K60: • Ролл-мат армир-ый термостойкий силикон Код товара № 18651
B61: ='Общий прайс'!C283 -> RIVELATO Мойка LUMO 8650 1-чаш 860*500 Gelsomino арт.LM-8650 Gelsomino | C61: 19157 | D61: Gelsomino | H61: ='Общий прайс'!E283 -> 34990 | I61: =H61*(1-$J$3) -> 20994
B62: ='Общий прайс'!C285 -> RIVELATO Мойка LUMO 8650 1-чаш 860*500 Nero opaco арт.LM-8650 Nero opaco | C62: 19328 | D62: Nero opaco | H62: ='Общий прайс'!E285 -> 34990 | I62: =H62*(1-$J$3) -> 20994
B63: ='Общий прайс'!C286 -> RIVELATO Мойка LUMO 8650 1-чаш 860*500 Tartufo арт.LM-8650 Tartufo | C63: 19329 | D63: Tartufo | H63: ='Общий прайс'!E286 -> 34990 | I63: =H63*(1-$J$3) -> 20994

Sheet нерж. сталь 400
B1: RINOX HAND MADE гарантия 15 лет
H3: Скидка | I3: ='Общий прайс'!$F$1 -> 0.4 | M3: Навигация по каталогу цен
A4: Изображение | B4: Модель | C4: Код товара | D4: Цвет | E4: Тип | F4: Размер в mm | H4: Цена в ₽ с НДС | J4: Особенности | K4: Общие характеристики | M4: Описание | N4: Ссылки
E5: Монтажа | F5: Общий | G5: Чаша | H5: РРЦ | I5: Закупка | N5: Гранит | O5: Нерж. Сталь
B7: ='Общий прайс'!C9 -> Rivelato RINOX 3844 UN Мойка нерж.сталь подстольный монтаж 1 чаша 380*440*200 мм арт.3844 UN | C7: 18614 | D7: Нержавеющая сталь | F7: 380*440 | G7: 340*400*200 | H7: ='Общий прайс'!E9 -> 19990 | I7: =H7*(1-$I$3) -> 11994 | J7: • Монтаж вровень со столешницей • Монтаж подстольный • На дне чаши направляющие воду лучи • Сливное отверстие смещено к задней стенке • Толщина площадки 1.2 mm • Толщина чаши 1 mm | K7: • Гарантия 15 лет • Гарантия на PVD-покрытие 2 года RINOX — премиальная нержавеющая сталь SUS 304 ✓ Сталь премиум-класса — марка SUS 304 (18/10): максимум хрома и никеля для защиты от коррозии и царапин. ✓ Вечный внешний вид — сохраняет идеальное состояние 15–20 лет даже при интенсивной эксплуатации. ✓ Минималистичный дизайн — чистая геометрия, строгая симметрия, лаконичные пропорции без лишних деталей. ✓ PVD-покрытие — опциональное покрытие (в том числе глубокий чёрный) для премиального акцента. ✓ Гигиена и уход — гладкая поверхность не впитывает запахи, легко очищается. ✓ Эргономика — продуманная глубина чаш, удобные борта, комплектации с досками и коландерами. Rivelato RINOX — классика нержавеющей стали в современном премиальном исполнении • В комплекте сифон с оригинальной корзинкой • Технология сварная • Ручная работа - интелегентная обработка сварных швов • Толщина чаши моек Rinox Врезного монтажа 3 mm; Подстольного 1 mm, площадки Врезного монтажа 3 mm; Подстольного 1,2 mm • Шумоизоляция по принципу 5 сторон (5D) | M7: Смесители | N7: Смесители
M8: Дозаторы | N8: Дозаторы
M9: Аксессуары | N9: Аксессуары
M10: База 400 mm | N10: 400 | O10: 400
M11: База 450 mm | N11: 450 | O11: 450
M12: База 500 mm | N12: 500 | O12: 500
M13: База 600 mm | N13: 600 | O13: 600
M14: База 800 mm | N14: 800 | O14: 800
M15: База 900 mm | N15: 900 | O15: 900
M16: Общий прайс | N16: Общий прайс
B17: ='Общий прайс'!C8 -> Rivelato RINOX 3844 UN PVD black Мойка нерж.сталь подстольный монтаж 1 чаша 380*440*200 мм арт.3844 UN PVD black | C17: 18615 | D17: PVD black | F17: 380*440 | G17: 340*400*200 | H17: ='Общий прайс'!E8 -> 24990 | I17: =H17*(1-$I$3) -> 14994 | J17: • Монтаж вровень со столешницей • Монтаж подстольный • На дне чаши направляющие воду лучи • Сливное отверстие смещено к задней стенке • Толщина площадки 1.2 mm • Толщина чаши 1 mm | M17: Содержание
B18: ='Общий прайс'!C11 -> Rivelato RINOX 3850 Мойка нерж.сталь 1 чаша 380*500*200 мм арт.3850 | C18: 18621 | D18: Нержавеющая сталь | F18: 380*500 | G18: 340*400*200 | H18: ='Общий прайс'!E11 -> 33850 | I18: =H18*(1-$I$3) -> 20310 | J18: • Монтаж врезной • Монтаж подстольный • На дне чаши направляющие воду лучи • Сливное отверстие смещено к задней стенке • Толщина площадки 3 mm • Толщина чаши 0,8 mm
B19: ='Общий прайс'!C10 -> Rivelato RINOX 3850 PVD black Мойка нерж.сталь 1 чаша 380*500*200 мм арт.3850 PVD black | C19: 18622 | D19: PVD black | F19: 380*500 | G19: 340*400*200 | H19: ='Общий прайс'!E10 -> 43280 | I19: =H19*(1-$I$3) -> 25968 | J19: • Монтаж врезной • Монтаж подстольный • На дне чаши направляющие воду лучи • Сливное отверстие смещено к задней стенке • Толщина площадки 3 mm • Толщина чаши 0,8 mm

Sheet нерж. сталь 450
B1: RINOX HAND MADE гарантия 15 лет
H3: Скидка | I3: ='Общий прайс'!$F$1 -> 0.4 | M3: Навигация по каталогу цен
A4: Изображение | B4: Модель | C4: Код товара | D4: Цвет | E4: Тип | F4: Размер в mm | H4: Цена в ₽ с НДС | J4: Особенности | K4: Общие характеристики | M4: Описание | N4: Ссылки
E5: Монтажа | F5: Общий | G5: Чаша | H5: РРЦ | I5: Закупка | N5: Гранит | O5: Нерж. Сталь
B7: ='Общий прайс'!C9 -> Rivelato RINOX 3844 UN Мойка нерж.сталь подстольный монтаж 1 чаша 380*440*200 мм арт.3844 UN | C7: 18614 | D7: Нержавеющая сталь | F7: 380*440 | G7: 340*400*200 | H7: ='Общий прайс'!E9 -> 19990 | I7: =H7*(1-$I$3) -> 11994 | J7: • Монтаж вровень со столешницей или подстол. • Монтаж подстольный • На дне чаши направляющие воду лучи • Сливное отверстие смещено к задней стенке • Толщина площадки 1.2 mm • Толщина чаши 1 mm | K7: • Гарантия 15 лет • Гарантия на PVD-покрытие 2 года RINOX — премиальная нержавеющая сталь SUS 304 ✓ Сталь премиум-класса — марка SUS 304 (18/10): максимум хрома и никеля для защиты от коррозии и царапин. ✓ Вечный внешний вид — сохраняет идеальное состояние 15–20 лет даже при интенсивной эксплуатации. ✓ Минималистичный дизайн — чистая геометрия, строгая симметрия, лаконичные пропорции без лишних деталей. ✓ PVD-покрытие — опциональное покрытие (в том числе глубокий чёрный) для премиального акцента. ✓ Гигиена и уход — гладкая поверхность не впитывает запахи, легко очищается. ✓ Эргономика — продуманная глубина чаш, удобные борта, комплектации с досками и коландерами. Rivelato RINOX — классика нержавеющей стали в современном премиальном исполнении • В комплекте сифон с оригинальной корзинкой • Технология сварная • Ручная работа - интелегентная обработка сварных швов • Толщина чаши моек Rinox Врезного монтажа 3 mm; Подстольного 1 mm, площадки Врезного монтажа 3 mm; Подстольного 1,2 mm • Шумоизоляция по принципу 5 сторон (5D) | M7: Смесители | N7: Смесители
M8: Дозаторы | N8: Дозаторы
M9: Аксессуары | N9: Аксессуары
M10: База 400 mm | N10: 400 | O10: 400
M11: База 450 mm | N11: 450 | O11: 450
M12: База 500 mm | N12: 500 | O12: 500
M13: База 600 mm | N13: 600 | O13: 600
M14: База 800 mm | N14: 800 | O14: 800
M15: База 900 mm | N15: 900 | O15: 900
M16: Общий прайс | N16: Общий прайс
M17: Содержание
B19: ='Общий прайс'!C8 -> Rivelato RINOX 3844 UN PVD black Мойка нерж.сталь подстольный монтаж 1 чаша 380*440*200 мм арт.3844 UN PVD black | C19: 18615 | D19: PVD black | F19: 380*440 | G19: 340*400*200 | H19: ='Общий прайс'!E8 -> 24990 | I19: =H19*(1-$I$3) -> 14994 | J19: • Монтаж вровень со столешницей или подстол. • Монтаж подстольный • На дне чаши направляющие воду лучи • Сливное отверстие смещено к задней стенке • Толщина площадки 1.2 mm • Толщина чаши 1 mm
B20: ='Общий прайс'!C13 -> Rivelato RINOX 4444 UN Мойка нерж.сталь 1 чаша 440*440*200 мм арт.4444 UN | C20: 18617 | D20: Нержавеющая сталь | F20: 440*440 | G20: 390*390*200 | H20: ='Общий прайс'!E13 -> 30700 | I20: =H20*(1-$I$3) -> 18420 | J20: • Монтаж вровень со столешницей или подстол. • Монтаж подстольный • На дне чаши направляющие воду лучи • Сливное отверстие смещено к задней стенке • Толщина площадки 1.2 mm • Толщина чаши 1 mm
B21: ='Общий прайс'!C12 -> Rivelato RINOX 4444 UN PVD black Мойка нерж.стал подстольный монтаж 1 чаша 440*440*200 мм арт.4444 UN PVD black | C21: 18618 | D21: PVD black | F21: 440*440 | G21: 390*390*200 | H21: ='Общий прайс'!E12 -> 40140 | I21: =H21*(1-$I$3) -> 24084 | J21: • Монтаж вровень со столешницей или подстол. • Монтаж подстольный • На дне чаши направляющие воду лучи • Сливное отверстие смещено к задней стенке • Толщина площадки 1.2 mm • Толщина чаши 1 mm
B22: ='Общий прайс'!C15 -> Rivelato RINOX 4450 Мойка нерж.сталь 1 чаша 440*500*200 мм арт.4450 | C22: 18634 | D22: Нержавеющая сталь | F22: 440*500 | G22: 400*400*200 | H22: ='Общий прайс'!E15 -> 35420 | I22: =H22*(1-$I$3) -> 21252 | J22: • Монтаж врезной • Монтаж подстольный • На дне чаши направляющие воду лучи • Сливное отверстие смещено к задней стенке • Толщина площадки 3 mm • Толщина чаши 0,8 mm
B23: ='Общий прайс'!C14 -> Rivelato RINOX 4450 PVD black Мойка нерж.сталь 1 чаша 440*500*200 мм арт.4450 PVD black | C23: 18623 | D23: PVD black | F23: 440*500 | G23: 400*400*200 | H23: ='Общий прайс'!E14 -> 45560 | I23: =H23*(1-$I$3) -> 27336 | J23: • Монтаж врезной • Монтаж подстольный • На дне чаши направляющие воду лучи • Сливное отверстие смещено к задней стенке • Толщина площадки 3 mm • Толщина чаши 0,8 mm
B24: ='нерж. сталь 400'!B18 -> Rivelato RINOX 3850 Мойка нерж.сталь 1 чаша 380*500*200 мм арт.3850 | C24: 18621 | D24: Нержавеющая сталь | F24: 380*500 | G24: 340*400*200 | H24: ='нерж. сталь 400'!H18 -> 33850 | I24: =H24*(1-$I$3) -> 20310 | J24: • Монтаж подстольный • Монтаж подстольный • На дне чаши направляющие воду лучи • Сливное отверстие смещено к задней стенке • Толщина площадки 3 mm • Толщина чаши 0,8 mm
B25: ='нерж. сталь 400'!B19 -> Rivelato RINOX 3850 PVD black Мойка нерж.сталь 1 чаша 380*500*200 мм арт.3850 PVD black | C25: 18622 | D25: PVD black | F25: 380*500 | G25: 340*400*200 | H25: ='нерж. сталь 400'!H19 -> 43280 | I25: =H25*(1-$I$3) -> 25968 | J25: • Монтаж подстольный • Монтаж подстольный • На дне чаши направляющие воду лучи • Сливное отверстие смещено к задней стенке • Толщина площадки 3 mm • Толщина чаши 0,8 mm

Sheet нерж. сталь 500
B1: RINOX HAND MADE гарантия 15 лет
H3: Скидка | I3: ='Общий прайс'!$F$1 -> 0.4 | M3: Навигация по каталогу цен
A4: Изображение | B4: Модель | C4: Код товара | D4: Цвет | E4: Тип | F4: Размер в mm | H4: Цена в ₽ с НДС | J4: Особенности | K4: Общие характеристики | M4: Описание | N4: Ссылки
E5: Монтажа | F5: Общий | G5: Чаша | H5: РРЦ | I5: Закупка | N5: Гранит | O5: Нерж. Сталь
B7: ='Общий прайс'!C12 -> Rivelato RINOX 4444 UN PVD black Мойка нерж.стал подстольный монтаж 1 чаша 440*440*200 мм арт.4444 UN PVD black | C7: 18618 | D7: PVD black | F7: 440*440 | G7: 390*390*200 | H7: ='Общий прайс'!E12 -> 40140 | I7: =H7*(1-$I$3) -> 24084 | J7: • Монтаж вровень со столешницей или подстол. • Монтаж подстольный • На дне чаши направляющие воду лучи • Сливное отверстие смещено к задней стенке • Толщина площадки 1.2 mm • Толщина чаши 1 mm | K7: • Гарантия 15 лет • Гарантия на PVD-покрытие 2 года RINOX — премиальная нержавеющая сталь SUS 304 ✓ Сталь премиум-класса — марка SUS 304 (18/10): максимум хрома и никеля для защиты от коррозии и царапин. ✓ Вечный внешний вид — сохраняет идеальное состояние 15–20 лет даже при интенсивной эксплуатации. ✓ Минималистичный дизайн — чистая геометрия, строгая симметрия, лаконичные пропорции без лишних деталей. ✓ PVD-покрытие — опциональное покрытие (в том числе глубокий чёрный) для премиального акцента. ✓ Гигиена и уход — гладкая поверхность не впитывает запахи, легко очищается. ✓ Эргономика — продуманная глубина чаш, удобные борта, комплектации с досками и коландерами. Rivelato RINOX — классика нержавеющей стали в современном премиальном исполнении • В комплекте сифон с оригинальной корзинкой • Технология сварная • Ручная работа - интелегентная обработка сварных швов • Толщина чаши моек Rinox Врезного монтажа 3 mm; Подстольного 1 mm, площадки Врезного монтажа 3 mm; Подстольного 1,2 mm • Шумоизоляция по принципу 5 сторон (5D) | M7: Смесители | N7: Смесители
M8: Дозаторы | N8: Дозаторы
M9: Аксессуары | N9: Аксессуары
M10: База 400 mm | N10: 400 | O10: 400
M11: База 450 mm | N11: 450 | O11: 450
M12: База 500 mm | N12: 500 | O12: 500
M13: База 600 mm | N13: 600 | O13: 600
M14: База 800 mm | N14: 800 | O14: 800
M15: База 900 mm | N15: 900 | O15: 900
M16: Общий прайс | N16: Общий прайс
M17: Содержание
B19: ='Общий прайс'!C13 -> Rivelato RINOX 4444 UN Мойка нерж.сталь 1 чаша 440*440*200 мм арт.4444 UN | C19: 18617 | D19: Нержавеющая сталь | F19: 440*440 | G19: 390*390*200 | H19: ='Общий прайс'!E13 -> 30700 | I19: =H19*(1-$I$3) -> 18420 | J19: • Монтаж вровень со столешницей или подстол. • Монтаж подстольный • На дне чаши направляющие воду лучи • Сливное отверстие смещено к задней стенке • Толщина площадки 1.2 mm • Толщина чаши 0,8 mm

Sheet нерж. сталь 600
B1: RINOX HAND MADE гарантия 15 лет
H3: Скидка | I3: ='Общий прайс'!$F$1 -> 0.4 | M3: Навигация по каталогу цен
A4: Изображение | B4: Модель | C4: Код товара | D4: Цвет | E4: Тип | F4: Размер в mm | H4: Цена в ₽ с НДС | J4: Особенности | K4: Общие характеристики | M4: Описание | N4: Ссылки
E5: Монтажа | F5: Общий | G5: Чаша | H5: РРЦ | I5: Закупка | N5: Гранит | O5: Нерж. Сталь
B7: ='Общий прайс'!C17 -> Rivelato RINOX 5444 UN Мойка нерж.сталь 1 чаша 540*440*200 мм арт.5444 UN | C7: 18619 | D7: Нержавеющая сталь | F7: 540*440 | G7: 500*400*200 | H7: ='Общий прайс'!E17 -> 33000 | I7: =H7*(1-$I$3) -> 19800 | J7: • Монтаж вровень со столешницей или подстол. • Монтаж подстольный • На дне чаши направляющие воду лучи • Сливное отверстие смещено к задней стенке • Толщина площадки 1,2 mm • Толщина чаши 1 mm | K7: • Гарантия 15 лет • Гарантия на PVD-покрытие 2 года RINOX — премиальная нержавеющая сталь SUS 304 ✓ Сталь премиум-класса — марка SUS 304 (18/10): максимум хрома и никеля для защиты от коррозии и царапин. ✓ Вечный внешний вид — сохраняет идеальное состояние 15–20 лет даже при интенсивной эксплуатации. ✓ Минималистичный дизайн — чистая геометрия, строгая симметрия, лаконичные пропорции без лишних деталей. ✓ PVD-покрытие — опциональное покрытие (в том числе глубокий чёрный) для премиального акцента. ✓ Гигиена и уход — гладкая поверхность не впитывает запахи, легко очищается. ✓ Эргономика — продуманная глубина чаш, удобные борта, комплектации с досками и коландерами. Rivelato RINOX — классика нержавеющей стали в современном премиальном исполнении • В комплекте сифон с оригинальной корзинкой • Технология сварная • Ручная работа - интелегентная обработка сварных швов • • Толщина чаши моек Rinox Врезного монтажа 3 mm; Подстольного 1 mm, площадки Врезного монтажа 3 mm; Подстольного 1,2 mm • Шумоизоляция по принципу 5 сторон (5D) | M7: Смесители | N7: Смесители
M8: Дозаторы | N8: Дозаторы
M9: Аксессуары | N9: Аксессуары
M10: База 400 mm | N10: 400 | O10: 400
M11: База 450 mm | N11: 450 | O11: 450
M12: База 500 mm | N12: 500 | O12: 500
M13: База 600 mm | N13: 600 | O13: 600
M14: База 800 mm | N14: 800 | O14: 800
M15: База 900 mm | N15: 900 | O15: 900
M16: Общий прайс | N16: Общий прайс
M17: Содержание
B20: ='Общий прайс'!C16 -> Rivelato RINOX 5444 UN PVD black Мойка нерж.сталь 1 чаша 540*440*200 мм арт.5444 UN PVD black | C20: 18620 | D20: PVD black | F20: 540*440 | G20: 500*400*200 | H20: ='Общий прайс'!E16 -> 43280 | I20: =H20*(1-$I$3) -> 25968 | J20: • Монтаж врезной • Монтаж подстольный • На дне чаши направляющие воду лучи • Сливное отверстие смещено к задней стенке • Толщина площадки1,2 mm • Толщина чаши 1 mm
B21: ='Общий прайс'!C18 -> Rivelato RINOX 5450 PVD black Мойка нерж.сталь 1 чаша 540*500*200 мм арт.5450 PVD black | C21: 18636 | D21: PVD black | F21: 540*500 | G21: 500*400*200 | H21: ='Общий прайс'!E18 -> 50270 | I21: =H21*(1-$I$3) -> 30162 | J21: • Монтаж врезной • На дне чаши направляющие воду лучи • Сливное отверстие смещено к задней стенке • Толщина площадки 3 mm • Толщина чаши 0,8 mm
B22: ='Общий прайс'!C19 -> Rivelato RINOX 5450 Мойка нерж.сталь 1 чаша 540*500*200 мм арт.5450 | C22: 18635 | D22: Нержавеющая сталь | F22: 540*500 | G22: 500*400*200 | H22: ='Общий прайс'!E19 -> 38560 | I22: =H22*(1-$I$3) -> 23136 | J22: • Монтаж вровень со столешницей или подстол. • На дне чаши направляющие воду лучи • Сливное отверстие смещено к задней стенке • Толщина площадки 3 mm • Толщина чаши 0,8 mm

Sheet нерж. сталь 800
B1: RINOX HAND MADE гарантия 15 лет
H4: Скидка | I4: ='Общий прайс'!$F$1 -> 0.4 | M4: Навигация по каталогу цен
A5: Изображение | B5: Модель | C5: Код товара | D5: Цвет | E5: Тип | F5: Размер в mm | H5: Цена в ₽ с НДС | J5: Особенности | K5: Общие характеристики | M5: Описание | N5: Ссылки
E6: Монтажа | F6: Общий | G6: Чаша | H6: РРЦ | I6: Закупка | N6: Гранит | O6: Нерж. Сталь
B7: ='Общий прайс'!C20 -> Rivelato RINOX 7444 U2 Мойка нерж.сталь 2 чаши 740*440*200 мм арт.7444 U2 | C7: 18616 | D7: Нержавеющая сталь | F7: 740*440 | G7: 340*400*200 340*400*200 | H7: ='Общий прайс'!E20 -> 25990 | I7: =H7*(1-$I$4) -> 15594 | J7: • Монтаж вровень со столешницей или подстол. • Монтаж подстольный • На дне чаши направляющие воду лучи • Сливное отверстие смещено к задней стенке • Толщина площадки 1.2 mm • Толщина чаши 1 mm | K7: • Гарантия 15 лет • Гарантия на PVD-покрытие 2 года RINOX — премиальная нержавеющая сталь SUS 304 ✓ Сталь премиум-класса — марка SUS 304 (18/10): максимум хрома и никеля для защиты от коррозии и царапин. ✓ Вечный внешний вид — сохраняет идеальное состояние 15–20 лет даже при интенсивной эксплуатации. ✓ Минималистичный дизайн — чистая геометрия, строгая симметрия, лаконичные пропорции без лишних деталей. ✓ PVD-покрытие — опциональное покрытие (в том числе глубокий чёрный) для премиального акцента. ✓ Гигиена и уход — гладкая поверхность не впитывает запахи, легко очищается. ✓ Эргономика — продуманная глубина чаш, удобные борта, комплектации с досками и коландерами. Rivelato RINOX — классика нержавеющей стали в современном премиальном исполнении • В комплекте сифон с оригинальной корзинкой • Технология сварная • Ручная работа - интелегентная обработка сварных швов • Толщина чаши моек Rinox - Врезного монтажа 3 mm; Подстольного 1 mm, площадки Врезного монтажа 3 mm; Подстольного 1,2 mm • Шумоизоляция по принципу 5 сторон (5D)
M8: Смесители | N8: Смесители
M9: Дозаторы | N9: Дозаторы
M10: Аксессуары | N10: Аксессуары
M11: База 400 mm | N11: 400 | O11: 400
M12: База 450 mm | N12: 450 | O12: 450
M13: База 500 mm | N13: 500 | O13: 500
M14: База 600 mm | N14: 600 | O14: 600
M15: База 800 mm | N15: 800 | O15: 800
M16: База 900 mm | N16: 900 | O16: 900
B17: ='Общий прайс'!C22 -> Rivelato RINOX 7450 2В Мойка нерж.сталь 2 чаши 740*500*200 мм арт.7450 2В | C17: 18624 | D17: Нержавеющая сталь | F17: 740*500 | G17: 340*400*200 340*400*200 | H17: ='Общий прайс'!E22 -> 57410 | I17: =H17*(1-$I$4) -> 34446 | J17: • Монтаж врезной • На дне чаши направляющие воду лучи • Сливное отверстие смещено к задней стенке • Толщина площадки 3 mm • Толщина чаши 0,8 mm | M17: Общий прайс | N17: Общий прайс
B18: ='Общий прайс'!C21 -> Rivelato RINOX 7450 2В PVD black Мойка нерж.сталь 2 чаши 740*500*200 мм арт.7450 2В PVD black | C18: 18625 | D18: PVD black | F18: 740*500 | G18: 340*400*200 340*400*200 | H18: ='Общий прайс'!E21 -> 71560 | I18: =H18*(1-$I$4) -> 42936 | J18: • Монтаж врезной • На дне чаши направляющие воду лучи • Сливное отверстие смещено к задней стенке • Толщина площадки 3 mm • Толщина чаши 0,8 mm | M18: Содержание
B19: ='Общий прайс'!C26 -> Rivelato RINOX 8050 Мойка нерж.сталь 1 чаши 800*500*200 мм в комплекте (доска, коландер, рол мат) арт.8050 | C19: 18629 | D19: Нержавеющая сталь | F19: 800*500 | G19: 760*400*205 | H19: ='Общий прайс'!E26 -> 94250 | I19: =H19*(1-$I$4) -> 56550 | J19: • Монтаж врезной • На дне чаши направляющие воду лучи • Сливное отверстие смещено к задней стенке • Толщина площадки 3 mm • Толщина чаши 0,8 mm •

Sheet нерж. сталь 900
B1: RINOX HAND MADE гарантия 15 лет
H3: Скидка | I3: ='Общий прайс'!$F$1 -> 0.4 | M3: Навигация по каталогу цен
A4: Изображение | B4: Модель | C4: Код товара | D4: Цвет | E4: Тип | F4: Размер в mm | H4: Цена в ₽ с НДС | J4: Особенности | K4: Общие характеристики | M4: Описание | N4: Ссылки
E5: Монтажа | F5: Общий | G5: Чаша | H5: РРЦ | I5: Закупка | N5: Гранит | O5: Нерж. Сталь
B7: ='Общий прайс'!C23 -> Rivelato RINOX 8044 UN Мойка нерж.сталь 1 чаши 800*440*200 в комплекте (доска, коландер, рол мат) арт.8044 UN | C7: 18628 | D7: Нержавеющая сталь | F7: 800*440 | G7: 760*400*206 | H7: ='Общий прайс'!E23 -> 83260 | I7: =H7*(1-$I$3) -> 49956 | J7: • Монтаж вровень со столешницей или подстол. • Монтаж подстольный • На дне чаши направляющие воду лучи • Сливное отверстие смещено к задней стенке • Толщина площадки 1.2 mm • Толщина чаши 1 mm | K7: • Гарантия 15 лет • Гарантия на PVD-покрытие 2 года RINOX — премиальная нержавеющая сталь SUS 304 ✓ Сталь премиум-класса — марка SUS 304 (18/10): максимум хрома и никеля для защиты от коррозии и царапин. ✓ Вечный внешний вид — сохраняет идеальное состояние 15–20 лет даже при интенсивной эксплуатации. ✓ Минималистичный дизайн — чистая геометрия, строгая симметрия, лаконичные пропорции без лишних деталей. ✓ PVD-покрытие — опциональное покрытие (в том числе глубокий чёрный) для премиального акцента. ✓ Гигиена и уход — гладкая поверхность не впитывает запахи, легко очищается. ✓ Эргономика — продуманная глубина чаш, удобные борта, комплектации с досками и коландерами. Rivelato RINOX — классика нержавеющей стали в современном премиальном исполнении • В комплекте сифон с оригинальной корзинкой • Технология сварная • Ручная работа - интелегентная обработка сварных швов • Толщина чаши моек Rinox Врезного монтажа 3 mm; Подстольного 1 mm, площадки Врезного монтажа 3 mm; Подстольного 1,2 mm • Шумоизоляция по принципу 5 сторон (5D) | M7: Смесители | N7: Смесители
M8: Дозаторы | N8: Дозаторы
M9: Аксессуары | N9: Аксессуары
M10: База 400 mm | N10: 400 | O10: 400
M11: База 450 mm | N11: 450 | O11: 450
M12: База 500 mm | N12: 500 | O12: 500
M13: База 600 mm | N13: 600 | O13: 600
M14: База 800 mm | N14: 800 | O14: 800
M15: База 900 mm | N15: 900 | O15: 900
M16: Общий прайс | N16: Общий прайс
M17: Содержание
B22: ='Общий прайс'!C26 -> Rivelato RINOX 8050 Мойка нерж.сталь 1 чаши 800*500*200 мм в комплекте (доска, коландер, рол мат) арт.8050 | C22: ='Общий прайс'!A26 -> 18629 | D22: Нержавеющая сталь | F22: 800*500 | G22: 760*400*205 | H22: ='Общий прайс'!E26 -> 94250 | I22: =H22*(1-I3) -> 56550 | J22: • Монтаж врезной • На дне чаши направляющие воду лучи • Сливное отверстие смещено к задней стенке • Толщина площадки 3 mm • Толщина чаши 0,8 mm •
B23: ='Общий прайс'!C25 -> Rivelato RINOX 8050 B2 Мойка нерж.сталь 2 чаши 800*500*200 мм арт.8050 B2 | C23: 18626 | D23: Нержавеющая сталь | F23: 800*500 | G23: 340*400*200 400*400*200 | H23: ='Общий прайс'!E25 -> 59700 | I23: =H23*(1-$I$3) -> 35820 | J23: • Монтаж врезной • На дне чаши направляющие воду лучи • Сливное отверстие смещено к задней стенке • Толщина площадки 3 mm • Толщина чаши 0,8 mm
B24: ='Общий прайс'!C24 -> Rivelato RINOX 8050 B2 PVD black Мойка нерж.сталь 2 чаши 800*500*200 мм арт.8050 B2 PVD black | C24: 18627 | D24: PVD black | F24: 800*500 | G24: 340*400*200 400*400*200 | H24: ='Общий прайс'!E24 -> 73120 | I24: =H24*(1-$I$3) -> 43872 | J24: • Монтаж врезной • На дне чаши направляющие воду лучи • Сливное отверстие смещено к задней стенке • Толщина площадки 3 mm • Толщина чаши 0,8 mm
